Workbook
Name Azua: Prov!$C$3:$C$12
Name Bahoruco: Prov!$C$13:$C$17
Name Barahona: Prov!$C$18:$C$28
Name CodigoActividad: 'Formulario PPGR2'!$H$109:$H$276
Name Dajabon: Prov!$C$29:$C$33
Name Dajabón: Prov!$C$29:$C$33
Name Distrito_Nacional: Prov!$C$2
Name Duarte: Prov!$C$34:$C$40
Name El_Seibo: Prov!$C$41:$C$42
Name Elias_Pina: Prov!$C$43:$C$48
Name Elías_Piña: Prov!$C$43:$C$48
Name Espaillat: Prov!$C$49:$C$52
Name Hato_Mayor: Prov!$C$53:$C$55
Name Hermanas_Mirabal: Prov!$C$56:$C$58
Name Independencia: Prov!$C$59:$C$64
Name La_Altagracia: Prov!$C$65:$C$66
Name La_Romana: Prov!$C$67:$C$69
Name La_Vega: Prov!$C$70:$C$73
Name Le.1: Obj!$D$122:$D$124
Name Le.2: Obj!$D$125:$D$127
Name Le.3: Obj!$D$128:$D$134
Name Le.4: Obj!$D$134
Name ls_ComprayAlquiler: Catalogo!$G$34:$G$42
Name ls_Departamento: Catalogo!$D$37:$D$97
Name Ls_DepartamentosSRS: Catalogo!$G$170:$G$182
Name Ls_DependenciasSRS: Catalogo!$B$137:$B$142
Name ls_Direccion: Catalogo!$D$33:$D$34
Name Ls_DivisionesSRS: Catalogo!$E$145:$E$161
Name Ls_Estructura: Catalogo!$B$24:$B$29
Name Ls_GerenciasSRS: Catalogo!$E$164:$E$166
Name Ls_LinesEstategica: [1]Obj!$B$6:$B$8
Name Ls_LinesEstategica: [1]Obj!$B$6:$B$8
Name Ls_LinesEstategica: [1]Obj!$B$6:$B$8
Name Ls_LinesEstategica: Obj!$B$6:$B$8
Name Ls_Medio_Verificacion: [1]Catalogo!$B$188:$B$207
Name Ls_Medio_Verificacion: [1]Catalogo!$B$188:$B$207
Name Ls_Medio_Verificacion: [1]Catalogo!$B$188:$B$207
Name Ls_Medio_Verificacion: Catalogo!$B$188:$B$207
Name Ls_ObjEstrategico: Obj!$G$6:$G$21
Name Ls_Oficina: Catalogo!$D$127:$D$130
Name Ls_OficinasSRS: Catalogo!$E$179:$E$181
Name ls_Regiones: [1]Catalogo!$B$10:$B$20
Name ls_Regiones: [1]Catalogo!$B$10:$B$20
Name ls_Regiones: [1]Catalogo!$B$10:$B$20
Name ls_Regiones: Catalogo!$B$10:$B$20
Name ls_SubDireccion: Catalogo!$D$100:$D$120
Name ls_TiposAcciones: [1]Catalogo!$G$11:$G$14
Name ls_TiposAcciones: [1]Catalogo!$G$11:$G$14
Name ls_TiposAcciones: [1]Catalogo!$G$11:$G$14
Name ls_TiposAcciones: Catalogo!$G$11:$G$14
Name ls_UnidadesSRS: Catalogo!$B$145:$B$173
Name lsAcabadosTextiles: Insumos!$C$2:$C$3
Name lsAireAcondicionado: Insumos!$C$333:$C$334
Name lsAlimentosyBebidas: Insumos!$C$4:$C$23
Name lsArticulosdePlastico: Insumos!$C$24:$C$30
Name lsElectrodomesticos: Insumos!$C$31:$C$35
Name lsEquiposComputos: Insumos!$C$132:$C$136
Name lsEquiposMedicos: Insumos!$C$44:$C$131
Name lsEquiposSeguridad: Insumos!$C$137:$C$138
Name lsEquiposTransporte: Insumos!$C$526:$C$528

Sheet Resumen
I1: Siglas Dependencias DC-SNS
A2: Servicio Nacional de Salud | I2: Dirección Ejecutiva (DE)
A3: Dirección de Planificación y Desarrollo | I3: Atención a Usuarios (DAU)
I4: Laboratorio e Imágenes (LCI)
A5: Cantidad acciones/actividades/trimestre | I5: Cooperación Internacional (COP)
A6: Primer Trimestre | B6: =+'Formulario PPGR2'!$J$279+'Formulario PPGR2'!$K$279+'Formulario PPGR2'!$L$279 -> 2 | I6: Calidad Institucional (DCG)
A7: Segundo Trimestre | B7: =+'Formulario PPGR2'!$M$279+'Formulario PPGR2'!$N$279+'Formulario PPGR2'!$O$279 -> 7 | I7: Administración (ADM)
A8: Tercer Trimestre | B8: =+'Formulario PPGR2'!$P$279+'Formulario PPGR2'!$Q$279+'Formulario PPGR2'!$R$279 -> 5 | I8: Dirección Centros Hospitalarios (DCH)
A9: Cuarto Trimestre | B9: =+'Formulario PPGR2'!$S$279+'Formulario PPGR2'!$T$279+'Formulario PPGR2'!$U$279 -> 6 | I9: Servicios de Atención Emergencias Extrahospitalaria (DAEH)
A10: Total actividades del año | B10: =SUM(B6:B9) -> 20 | I10: Comunicaciones (DCE)
I11: Financiero (DFI)
I12: Gestión Clínica (DGC)
I13: Proyectos Institucionales (DPI)
I14: Cuidados de Enfermería (ENF)
I15: Desarrollo Institucional (DDI)
I16: Seguimiento, Evaluación y Calidad de los Servicios de Salud (GCSS)
A17: Tabla Resumen POA | B17: {=+'Formulario PPGR1'!M2:O2} -> 2025 | C17: 0 | D17: 0 | I17: Oficina Equidad Género (OEG)
A18: Área Organizacional | B18: Presupuesto | C18: Nº Productos | D18: Nº Actividades | E18: % (Productos) | F18: % (Actividades) | G18: % (Presupuesto) | I18: Recursos Humanos (DRH)
E19: =+C19/$C$37 -> #DIV/0! | F19: =+D19/$D$37 -> #DIV/0! | G19: =+B19/$B$37 -> #DIV/0! | I19: Infraestructura y Equipos (DIE)
E20: =+C20/$C$37 -> #DIV/0! | F20: =+D20/$D$37 -> #DIV/0! | G20: =+B20/$B$37 -> #DIV/0! | I20: Jurídica (DCJ)
E21: =+C21/$C$37 -> #DIV/0! | F21: =+D21/$D$37 -> #DIV/0! | G21: =+B21/$B$37 -> #DIV/0! | I21: Formulación, Monitoreo y Evaluación de PPP (FME)
E22: =+C22/$C$37 -> #DIV/0! | F22: =+D22/$D$37 -> #DIV/0! | G22: =+B22/$B$37 -> #DIV/0! | I22: Planificación (DPD)
E23: =+C23/$C$37 -> #DIV/0! | F23: =+D23/$D$37 -> #DIV/0! | G23: =+B23/$B$37 -> #DIV/0! | I23: Dirección Primer Nivel (DPN)
E24: =+C24/$C$37 -> #DIV/0! | F24: =+D24/$D$37 -> #DIV/0! | G24: =+B24/$B$37 -> #DIV/0! | I24: Asistencia a la Red (DAR)
E25: =+C25/$C$37 -> #DIV/0! | F25: =+D25/$D$37 -> #DIV/0! | G25: =+B25/$B$37 -> #DIV/0! | I25: Seguridad Física (DSF)
E26: =+C26/$C$37 -> #DIV/0! | F26: =+D26/$D$37 -> #DIV/0! | G26: =+B26/$B$37 -> #DIV/0! | I26: Sistema de Información (DGI)
E27: =+C27/$C$37 -> #DIV/0! | F27: =+D27/$D$37 -> #DIV/0! | G27: =+B27/$B$37 -> #DIV/0! | I27: Tecnología de la Información (DTI)
E28: =+C28/$C$37 -> #DIV/0! | F28: =+D28/$D$37 -> #DIV/0! | G28: =+B28/$B$37 -> #DIV/0! | I28: Monitoreo Calidad de los Servicios de Salud (MCS)
E29: =+C29/$C$37 -> #DIV/0! | F29: =+D29/$D$37 -> #DIV/0! | G29: =+B29/$B$37 -> #DIV/0! | I29: Materno-Infantil (MIA)
E30: =+C30/$C$37 -> #DIV/0! | F30: =+D30/$D$37 -> #DIV/0! | G30: =+B30/$B$37 -> #DIV/0! | I30: Oficina de Acceso a la Información (OAI)
... E36: =+C36/$C$37 -> #DIV/0! | F36: =+D36/$D$37 -> #DIV/0! | G36: =+B36/$B$37 -> #DIV/0! | I36: Salud Mental (DSM)
A37: Total | B37: =SUM(B19:B36) -> 0 | C37: =SUM(C19:C36) -> 0 | D37: =SUM(D19:D36) -> 0 | E37: =SUM(E19:E36) -> #DIV/0! | F37: =SUM(F19:F36) -> #DIV/0! | G37: =SUM(G19:G36) -> #DIV/0! | I37: Compras y Contrataciones (DCC)
I38: Archivo y Correspondencia (DAC)
I39: Servicios Generales (DSG)
I40: Activo Fijo (DAF)
I41: Almacén y Suministros (DAS)
I42: Litigios (LIT)
I43: Elaboración de Documentos Legales (EDL)
I44: Gestión de Servicios de Laboratorio y Sangre (GLS)
I45: Gestión Servicios de Imágenes (GSI)
I46: Desarrollo Laboratorios e Imágenes (DLI)
I47: Desarrollo Servicios de Emergencias Médicas (DSE)
I48: Prevención y Gestión de Riesgos y Desastres (GRD-DAEH)
I49: Operaciones de Emergencias de Centros de Salud (OEC)
... I70: Prevención y Control de Riesgo Biológico (PCR)

Sheet Formulario PPGR1
G2: Servicio Nacional de Salud | L2: Año del POA: | M2: 2025
G3: Dirección de Planificación y Desarrollo | L3: Servicio Regional de Salud: | M3: SNS - Dirección Central | Q3: =VLOOKUP(M3,Catalogo!$B$10:$C$20,2,FALSE) -> Ls_Estructura
G4: Plan Operativo Anual | L4: Estructura: | M4: Dirección | Q4: =IF(Q3="Ls_Estructura",VLOOKUP(M4,Catalogo!B24:C28,2,FALSE),VLOOKUP(M4,Catalogo!$B$137:$C$141,2,FALSE)) -> Ls_Direccion
G5: Identificación de Productos/Resultados | L5: =IF(Q3="Ls_Estructura",VLOOKUP($M$4,Catalogo!$B$24:$D$29,3,FALSE),VLOOKUP($M$4,Catalogo!$B$137:$D$141,3,FALSE)) -> Dirección: | M5: SNS - Dirección Central
B8: ID_Dependendencia | C8: POA | D8: SRS | E8: AREA | F8: Eje Estratégico | G8: Cod_LE | H8: Objetivo | I8: Cod_Obj | J8: Resultado esperado | K8: Productos | L8: Indicador | M8: Unidad de medida | N8: Línea Base | O8: Meta | P8: Supuestos | Q8: Dependencia responsable
B9: =IF('Formulario PPGR1'!$F9="","",CONCATENATE('Formulario PPGR1'!$C9,".",'Formulario PPGR1'!$D9,".",'Formulario PPGR1'!$E9,".",#REF!)) -> #REF! | C9: =IF('Formulario PPGR1'!$F9="","",#REF!) -> #REF! | D9: =IF('Formulario PPGR1'!$F9="","",#REF!) -> #REF! | E9: =IF('Formulario PPGR1'!$F9="","",#REF!) -> #REF! | F9: LE.1 - Desarrollo y fortalecimiento de las redes integradas de servicios de salud fundamentada en el Modelo de Atención | G9: {=_xlfn.XLOOKUP($F9,LE_tbl[[#All],[Ls_LinesEstategica]],LE_tbl[[#All],[Le_code]],"",0)} -> LE.1 | H9: 1.1 Fortalecer los niveles de atención priorizando el Primer Nivel de Atención, incrementando su capacidad de resolución para satisfacer eficientemente las necesidades de salud de la población. | I9: =_xlfn.XLOOKUP($H9,Obj!$D$122:$D$134,Obj!$E$122:$E$134,"",0) -> Obj1.1 | J9: 1.1.1 Primer Nivel de Atención fortalecido y con alta resolución para garantizar la prestación de servicios integrales de promoción de la salud, prevención de la enfermedad, diagnóstico, tratamiento, rehabilitación y cuidados paliativos; condicionada a la necesidades de salud y características de la población | K9: 1.1.1.1 Aumento de la cobertura de Adscripción en el PNA | Q9: Primer Nivel
B10: =IF('Formulario PPGR1'!$F10="","",CONCATENATE('Formulario PPGR1'!$C10,".",'Formulario PPGR1'!$D10,".",'Formulario PPGR1'!$E10,".",#REF!)) | C10: =IF('Formulario PPGR1'!$F10="","",#REF!) | D10: =IF('Formulario PPGR1'!$F10="","",#REF!) | E10: =IF('Formulario PPGR1'!$F10="","",#REF!) | G10: {=_xlfn.XLOOKUP($F10,LE_tbl[[#All],[Ls_LinesEstategica]],LE_tbl[[#All],[Le_code]],"",0)} | I10: =_xlfn.XLOOKUP($H10,Obj!$D$122:$D$134,Obj!$E$122:$E$134,"",0) | K10: 1.1.1.2 Fortalecimiento del Primer Nivel de Atención sustentado en la implementación del Modelo de Atención | Q10: Primer Nivel
B11: =IF('Formulario PPGR1'!$F11="","",CONCATENATE('Formulario PPGR1'!$C11,".",'Formulario PPGR1'!$D11,".",'Formulario PPGR1'!$E11,".",#REF!)) | C11: =IF('Formulario PPGR1'!$F11="","",#REF!) | D11: =IF('Formulario PPGR1'!$F11="","",#REF!) | E11: =IF('Formulario PPGR1'!$F11="","",#REF!) | G11: {=_xlfn.XLOOKUP($F11,LE_tbl[[#All],[Ls_LinesEstategica]],LE_tbl[[#All],[Le_code]],"",0)} | I11: =_xlfn.XLOOKUP($H11,Obj!$D$122:$D$134,Obj!$E$122:$E$134,"",0) | K11: 1.1.1.3 Despliegue del programa salud escolar | Q11: Primer Nivel
B12: =IF('Formulario PPGR1'!$F12="","",CONCATENATE('Formulario PPGR1'!$C12,".",'Formulario PPGR1'!$D12,".",'Formulario PPGR1'!$E12,".",#REF!)) -> #REF! | C12: =IF('Formulario PPGR1'!$F12="","",#REF!) -> #REF! | D12: =IF('Formulario PPGR1'!$F12="","",#REF!) -> #REF! | E12: =IF('Formulario PPGR1'!$F12="","",#REF!) -> #REF! | F12: LE.1 - Desarrollo y fortalecimiento de las redes integradas de servicios de salud fundamentada en el Modelo de Atención | G12: {=_xlfn.XLOOKUP($F12,LE_tbl[[#All],[Ls_LinesEstategica]],LE_tbl[[#All],[Le_code]],"",0)} -> LE.1 | H12: 1.1 Fortalecer los niveles de atención priorizando el Primer Nivel de Atención, incrementando su capacidad de resolución para satisfacer eficientemente las necesidades de salud de la población. | I12: =_xlfn.XLOOKUP($H12,Obj!$D$122:$D$134,Obj!$E$122:$E$134,"",0) -> Obj1.1 | J12: 1.1.2 Reducida la carga de las enfermedades crónicas incluidos los diferentes tipos de cáncer, los trastornos de salud mental, así como ante discapacidad, violencia y traumatismos, a través de servicios de atención que faciliten la detección temprana y la continuidad de la atención, eliminando las brechas en el acceso y utilización de los servicios de salud. | K12: 1.1.2.1 Programa de Fortalecimiento del Nivel Especializado | Q12: Centros Hospitalarios
B13: =IF('Formulario PPGR1'!$F13="","",CONCATENATE('Formulario PPGR1'!$C13,".",'Formulario PPGR1'!$D13,".",'Formulario PPGR1'!$E13,".",#REF!)) | C13: =IF('Formulario PPGR1'!$F13="","",#REF!) | D13: =IF('Formulario PPGR1'!$F13="","",#REF!) | E13: =IF('Formulario PPGR1'!$F13="","",#REF!) | G13: {=_xlfn.XLOOKUP($F13,LE_tbl[[#All],[Ls_LinesEstategica]],LE_tbl[[#All],[Le_code]],"",0)} | I13: =_xlfn.XLOOKUP($H13,Obj!$D$122:$D$134,Obj!$E$122:$E$134,"",0) | K13: 1.1.2.2 Operaciones de emergencias y gestión de riesgos | Q13: Centros Hospitalarios
B14: =IF('Formulario PPGR1'!$F14="","",CONCATENATE('Formulario PPGR1'!$C14,".",'Formulario PPGR1'!$D14,".",'Formulario PPGR1'!$E14,".",#REF!)) | C14: =IF('Formulario PPGR1'!$F14="","",#REF!) | D14: =IF('Formulario PPGR1'!$F14="","",#REF!) | E14: =IF('Formulario PPGR1'!$F14="","",#REF!) | G14: {=_xlfn.XLOOKUP($F14,LE_tbl[[#All],[Ls_LinesEstategica]],LE_tbl[[#All],[Le_code]],"",0)} | I14: =_xlfn.XLOOKUP($H14,Obj!$D$122:$D$134,Obj!$E$122:$E$134,"",0) | K14: 1.1.2.3 Implementación de la estrategia HEARTS para la prevención y control de las enfermedades crónicas no transmisibles (ECNT) implementada. | Q14: Primer Nivel
B15: =IF('Formulario PPGR1'!$F15="","",CONCATENATE('Formulario PPGR1'!$C15,".",'Formulario PPGR1'!$D15,".",'Formulario PPGR1'!$E15,".",#REF!)) | C15: =IF('Formulario PPGR1'!$F15="","",#REF!) | D15: =IF('Formulario PPGR1'!$F15="","",#REF!) | E15: =IF('Formulario PPGR1'!$F15="","",#REF!) | G15: {=_xlfn.XLOOKUP($F15,LE_tbl[[#All],[Ls_LinesEstategica]],LE_tbl[[#All],[Le_code]],"",0)} | I15: =_xlfn.XLOOKUP($H15,Obj!$D$122:$D$134,Obj!$E$122:$E$134,"",0) | K15: 1.1.2.4 Fortalecimiento de la atención integral a menores de 5 años | Q15: Primer Nivel Materno Infantil
B16: =IF('Formulario PPGR1'!$F16="","",CONCATENATE('Formulario PPGR1'!$C16,".",'Formulario PPGR1'!$D16,".",'Formulario PPGR1'!$E16,".",#REF!)) | C16: =IF('Formulario PPGR1'!$F16="","",#REF!) | D16: =IF('Formulario PPGR1'!$F16="","",#REF!) | E16: =IF('Formulario PPGR1'!$F16="","",#REF!) | G16: {=_xlfn.XLOOKUP($F16,LE_tbl[[#All],[Ls_LinesEstategica]],LE_tbl[[#All],[Le_code]],"",0)} | I16: =_xlfn.XLOOKUP($H16,Obj!$D$122:$D$134,Obj!$E$122:$E$134,"",0) | K16: 1.1.2.5 Fotalecimiento de los servicios de la red de servicios de Salud Mental | Q16: Gestión Clínica
B17: =IF('Formulario PPGR1'!$F17="","",CONCATENATE('Formulario PPGR1'!$C17,".",'Formulario PPGR1'!$D17,".",'Formulario PPGR1'!$E17,".",#REF!)) | C17: =IF('Formulario PPGR1'!$F17="","",#REF!) | D17: =IF('Formulario PPGR1'!$F17="","",#REF!) | E17: =IF('Formulario PPGR1'!$F17="","",#REF!) | G17: {=_xlfn.XLOOKUP($F17,LE_tbl[[#All],[Ls_LinesEstategica]],LE_tbl[[#All],[Le_code]],"",0)} | I17: =_xlfn.XLOOKUP($H17,Obj!$D$122:$D$134,Obj!$E$122:$E$134,"",0) | K17: 1.1.2.6 Seguimiento a la aplicación de los protocolos de las enfermedades zoonóticas | Q17: Gestión Clínica
B18: =IF('Formulario PPGR1'!$F18="","",CONCATENATE('Formulario PPGR1'!$C18,".",'Formulario PPGR1'!$D18,".",'Formulario PPGR1'!$E18,".",#REF!)) -> #REF! | C18: =IF('Formulario PPGR1'!$F18="","",#REF!) -> #REF! | D18: =IF('Formulario PPGR1'!$F18="","",#REF!) -> #REF! | E18: =IF('Formulario PPGR1'!$F18="","",#REF!) -> #REF! | F18: LE.1 - Desarrollo y fortalecimiento de las redes integradas de servicios de salud fundamentada en el Modelo de Atención | G18: {=_xlfn.XLOOKUP($F18,LE_tbl[[#All],[Ls_LinesEstategica]],LE_tbl[[#All],[Le_code]],"",0)} -> LE.1 | H18: 1.1 Fortalecer los niveles de atención priorizando el Primer Nivel de Atención, incrementando su capacidad de resolución para satisfacer eficientemente las necesidades de salud de la población. | I18: =_xlfn.XLOOKUP($H18,Obj!$D$122:$D$134,Obj!$E$122:$E$134,"",0) -> Obj1.1 | J18: 1.1.3 Reducida la morbi-mortalidad de las enfermedades transmisibles, incluidas la infección por el VIH/SIDA, la Tuberculosis, las infecciones de transmisión sexual, las hepatitis virales, enfermedades transmitidas por vectores, enfermedades desatendidas, tropicales y zoonóticas, y las enfermedades prevenibles mediante vacunación; con especial atención en las poblaciones vulnerables | K18: 1.1.3.1 Aumento de la provisión de servicios de salud sexual y reproductiva en la Red SNS | Q18: Primer Nivel Materno Infantil Gestión Clínica
B19: =IF('Formulario PPGR1'!$F19="","",CONCATENATE('Formulario PPGR1'!$C19,".",'Formulario PPGR1'!$D19,".",'Formulario PPGR1'!$E19,".",#REF!)) | C19: =IF('Formulario PPGR1'!$F19="","",#REF!) | D19: =IF('Formulario PPGR1'!$F19="","",#REF!) | E19: =IF('Formulario PPGR1'!$F19="","",#REF!) | G19: {=_xlfn.XLOOKUP($F19,LE_tbl[[#All],[Ls_LinesEstategica]],LE_tbl[[#All],[Le_code]],"",0)} | I19: =_xlfn.XLOOKUP($H19,Obj!$D$122:$D$134,Obj!$E$122:$E$134,"",0) | K19: 1.1.3.2 Mejorar la atención de enfermedades transmisibles | Q19: Primer Nivel Gestión Clínica
B20: =IF('Formulario PPGR1'!$F20="","",CONCATENATE('Formulario PPGR1'!$C20,".",'Formulario PPGR1'!$D20,".",'Formulario PPGR1'!$E20,".",#REF!)) | C20: =IF('Formulario PPGR1'!$F20="","",#REF!) | D20: =IF('Formulario PPGR1'!$F20="","",#REF!) | E20: =IF('Formulario PPGR1'!$F20="","",#REF!) | G20: {=_xlfn.XLOOKUP($F20,LE_tbl[[#All],[Ls_LinesEstategica]],LE_tbl[[#All],[Le_code]],"",0)} | I20: =_xlfn.XLOOKUP($H20,Obj!$D$122:$D$134,Obj!$E$122:$E$134,"",0) | K20: 1.1.3.3 Fortalecimiento de la capacidad de los servicios de salud de VIH para garantizar la atencion integral y de calidad centrada en el paciente de VIH para cumplir las metas 95-95-95 al 2030 y el PoR 42 | Q20: Gestión Clínica
B21: =IF('Formulario PPGR1'!$F21="","",CONCATENATE('Formulario PPGR1'!$C21,".",'Formulario PPGR1'!$D21,".",'Formulario PPGR1'!$E21,".",#REF!)) | C21: =IF('Formulario PPGR1'!$F21="","",#REF!) | D21: =IF('Formulario PPGR1'!$F21="","",#REF!) | E21: =IF('Formulario PPGR1'!$F21="","",#REF!) | G21: {=_xlfn.XLOOKUP($F21,LE_tbl[[#All],[Ls_LinesEstategica]],LE_tbl[[#All],[Le_code]],"",0)} | I21: =_xlfn.XLOOKUP($H21,Obj!$D$122:$D$134,Obj!$E$122:$E$134,"",0) | K21: 1.1.3.4 Fortalecimiento de la capacidad de respuesta para brindar atencion integral centrada en el paciente de Tb en todas sus fases para garantizar el cumplimiento de las metas de fin de la TB al 2030 y PoR 41 | Q21: Gestión Clínica
B22: =IF('Formulario PPGR1'!$F22="","",CONCATENATE('Formulario PPGR1'!$C22,".",'Formulario PPGR1'!$D22,".",'Formulario PPGR1'!$E22,".",#REF!)) -> #REF! | C22: =IF('Formulario PPGR1'!$F22="","",#REF!) -> #REF! | D22: =IF('Formulario PPGR1'!$F22="","",#REF!) -> #REF! | E22: =IF('Formulario PPGR1'!$F22="","",#REF!) -> #REF! | F22: LE.1 - Desarrollo y fortalecimiento de las redes integradas de servicios de salud fundamentada en el Modelo de Atención | G22: {=_xlfn.XLOOKUP($F22,LE_tbl[[#All],[Ls_LinesEstategica]],LE_tbl[[#All],[Le_code]],"",0)} -> LE.1 | H22: 1.2 Avanzar en la articulación de las redes de servicios, asegurando que la atención sea integral y acorde con las necesidades territoriales de la población. | I22: =_xlfn.XLOOKUP($H22,Obj!$D$122:$D$134,Obj!$E$122:$E$134,"",0) -> Obj1.2 | J22: 1.2.1 Redes de servicios integradas y con mayor resolución para coordinar la prestación de servicios integrales de promoción de la salud, prevención de la enfermedad, diagnóstico, tratamiento, rehabilitación y cuidados paliativos; condicionada a la necesidades de salud y características de la población, con miras hacia la consecución progresiva del acceso universal a la salud y la cobertura universal de salud | K22: 1.2.1.1 Desarrollo del Programa de Salud Bucal | Q22: Odontología
B23: =IF('Formulario PPGR1'!$F23="","",CONCATENATE('Formulario PPGR1'!$C23,".",'Formulario PPGR1'!$D23,".",'Formulario PPGR1'!$E23,".",#REF!)) | C23: =IF('Formulario PPGR1'!$F23="","",#REF!) | D23: =IF('Formulario PPGR1'!$F23="","",#REF!) | E23: =IF('Formulario PPGR1'!$F23="","",#REF!) | G23: {=_xlfn.XLOOKUP($F23,LE_tbl[[#All],[Ls_LinesEstategica]],LE_tbl[[#All],[Le_code]],"",0)} | I23: =_xlfn.XLOOKUP($H23,Obj!$D$122:$D$134,Obj!$E$122:$E$134,"",0) | K23: 1.2.1.2 Mejora del suministro y abastecimiento de medicamentos | Q23: Medicamentos e Insumos
B24: =IF('Formulario PPGR1'!$F24="","",CONCATENATE('Formulario PPGR1'!$C24,".",'Formulario PPGR1'!$D24,".",'Formulario PPGR1'!$E24,".",#REF!)) | C24: =IF('Formulario PPGR1'!$F24="","",#REF!) | D24: =IF('Formulario PPGR1'!$F24="","",#REF!) | E24: =IF('Formulario PPGR1'!$F24="","",#REF!) | G24: {=_xlfn.XLOOKUP($F24,LE_tbl[[#All],[Ls_LinesEstategica]],LE_tbl[[#All],[Le_code]],"",0)} | I24: =_xlfn.XLOOKUP($H24,Obj!$D$122:$D$134,Obj!$E$122:$E$134,"",0) | K24: 1.2.1.3 Ampliación y mejora de la provisión de servicios de apoyo diagnóstico y laboratorio | Q24: Laboratorios e Imágenes
B25: =IF('Formulario PPGR1'!$F25="","",CONCATENATE('Formulario PPGR1'!$C25,".",'Formulario PPGR1'!$D25,".",'Formulario PPGR1'!$E25,".",#REF!)) -> #REF! | C25: =IF('Formulario PPGR1'!$F25="","",#REF!) -> #REF! | D25: =IF('Formulario PPGR1'!$F25="","",#REF!) -> #REF! | E25: =IF('Formulario PPGR1'!$F25="","",#REF!) -> #REF! | F25: LE.1 - Desarrollo y fortalecimiento de las redes integradas de servicios de salud fundamentada en el Modelo de Atención | G25: {=_xlfn.XLOOKUP($F25,LE_tbl[[#All],[Ls_LinesEstategica]],LE_tbl[[#All],[Le_code]],"",0)} -> LE.1 | H25: 1.2 Avanzar en la articulación de las redes de servicios, asegurando que la atención sea integral y acorde con las necesidades territoriales de la población. | I25: =_xlfn.XLOOKUP($H25,Obj!$D$122:$D$134,Obj!$E$122:$E$134,"",0) -> Obj1.2 | J25: 1.2.5 Aumentada la eficacia, eficiencia y equidad de la prestación de los servicios de salud a través de la reorganización y transformación de las estructuras de redes de servicios | K25: 1.2.5.1 Implementación de la Metodología de la Gestión Productiva de Servicios de Salud | Q25: Centros Hospitalarios
B26: =IF('Formulario PPGR1'!$F26="","",CONCATENATE('Formulario PPGR1'!$C26,".",'Formulario PPGR1'!$D26,".",'Formulario PPGR1'!$E26,".",#REF!)) | C26: =IF('Formulario PPGR1'!$F26="","",#REF!) | D26: =IF('Formulario PPGR1'!$F26="","",#REF!) | E26: =IF('Formulario PPGR1'!$F26="","",#REF!) | G26: {=_xlfn.XLOOKUP($F26,LE_tbl[[#All],[Ls_LinesEstategica]],LE_tbl[[#All],[Le_code]],"",0)} | I26: =_xlfn.XLOOKUP($H26,Obj!$D$122:$D$134,Obj!$E$122:$E$134,"",0) | K26: 1.2.5.2 Despliegue de la Cartera de Servicios en la Red de Servicio Nacional de Salud | Q26: Gestión Clínica
B27: =IF('Formulario PPGR1'!$F27="","",CONCATENATE('Formulario PPGR1'!$C27,".",'Formulario PPGR1'!$D27,".",'Formulario PPGR1'!$E27,".",#REF!)) -> #REF! | C27: =IF('Formulario PPGR1'!$F27="","",#REF!) -> #REF! | D27: =IF('Formulario PPGR1'!$F27="","",#REF!) -> #REF! | E27: =IF('Formulario PPGR1'!$F27="","",#REF!) -> #REF! | F27: LE.1 - Desarrollo y fortalecimiento de las redes integradas de servicios de salud fundamentada en el Modelo de Atención | G27: {=_xlfn.XLOOKUP($F27,LE_tbl[[#All],[Ls_LinesEstategica]],LE_tbl[[#All],[Le_code]],"",0)} -> LE.1 | H27: 1.2 Avanzar en la articulación de las redes de servicios, asegurando que la atención sea integral y acorde con las necesidades territoriales de la población. | I27: =_xlfn.XLOOKUP($H27,Obj!$D$122:$D$134,Obj!$E$122:$E$134,"",0) -> Obj1.2 | J27: 1.2.2 Garantizada la atención integral con calidad y oportunidad, mediante la coordinación clínica y asistencial de los servicios de salud | K27: 1.2.2.1 Articulación de la Red SNS | Q27: Atención a los Usuarios
B28: =IF('Formulario PPGR1'!$F28="","",CONCATENATE('Formulario PPGR1'!$C28,".",'Formulario PPGR1'!$D28,".",'Formulario PPGR1'!$E28,".",#REF!)) | C28: =IF('Formulario PPGR1'!$F28="","",#REF!) | D28: =IF('Formulario PPGR1'!$F28="","",#REF!) | E28: =IF('Formulario PPGR1'!$F28="","",#REF!) | G28: {=_xlfn.XLOOKUP($F28,LE_tbl[[#All],[Ls_LinesEstategica]],LE_tbl[[#All],[Le_code]],"",0)} | I28: =_xlfn.XLOOKUP($H28,Obj!$D$122:$D$134,Obj!$E$122:$E$134,"",0) | K28: 1.2.2.2 Provisión de servicios de Salud Materno, Infantil y Adolescentes de Calidad
B29: =IF('Formulario PPGR1'!$F29="","",CONCATENATE('Formulario PPGR1'!$C29,".",'Formulario PPGR1'!$D29,".",'Formulario PPGR1'!$E29,".",#REF!)) -> #REF! | C29: =IF('Formulario PPGR1'!$F29="","",#REF!) -> #REF! | D29: =IF('Formulario PPGR1'!$F29="","",#REF!) -> #REF! | E29: =IF('Formulario PPGR1'!$F29="","",#REF!) -> #REF! | F29: LE.1 - Desarrollo y fortalecimiento de las redes integradas de servicios de salud fundamentada en el Modelo de Atención | G29: {=_xlfn.XLOOKUP($F29,LE_tbl[[#All],[Ls_LinesEstategica]],LE_tbl[[#All],[Le_code]],"",0)} -> LE.1 | H29: 1.2 Avanzar en la articulación de las redes de servicios, asegurando que la atención sea integral y acorde con las necesidades territoriales de la población. | I29: =_xlfn.XLOOKUP($H29,Obj!$D$122:$D$134,Obj!$E$122:$E$134,"",0) -> Obj1.2 | J29: 1.2.3 Gestión integrada y articulada de las redes públicas de servicios de salud, con actores involucrados en la organización, gestión y atención de servicios de salud con enfoque y participación intra e intersectorial y participación social y de comités de salud, que promueva un ambiente favorable para la cobertura y acceso a los servicios de salud | K29: 1.2.3.1 Comités de Salud del Primer Nivel y Hospitalarios (priorizados según Reglamento Hospitalario 434-07) | Q29: Servicios de Salud
B30: =IF('Formulario PPGR1'!$F30="","",CONCATENATE('Formulario PPGR1'!$C30,".",'Formulario PPGR1'!$D30,".",'Formulario PPGR1'!$E30,".",#REF!)) -> #REF! | C30: =IF('Formulario PPGR1'!$F30="","",#REF!) -> #REF! | D30: =IF('Formulario PPGR1'!$F30="","",#REF!) -> #REF! | E30: =IF('Formulario PPGR1'!$F30="","",#REF!) -> #REF! | F30: LE.1 - Desarrollo y fortalecimiento de las redes integradas de servicios de salud fundamentada en el Modelo de Atención | G30: {=_xlfn.XLOOKUP($F30,LE_tbl[[#All],[Ls_LinesEstategica]],LE_tbl[[#All],[Le_code]],"",0)} -> LE.1 | H30: 1.3 Asegurar la calidad de la atención y la seguridad del paciente, en el marco de los derechos de las personas, con el fin de aumentar la confianza y satisfacción de los usuarios de los servicios de salud. | I30: =_xlfn.XLOOKUP($H30,Obj!$D$122:$D$134,Obj!$E$122:$E$134,"",0) -> Obj1.3 | J30: 1.3.3 Desarrollo y mantenimiento de un modelo de evaluación de la entrega de servicios sanitarios con carácter igualitario y libre de discriminación, que promueva mediante la continua retroalimentación, la generación de mejores resultados en materia de salud lo que se traduzca en el aumento de la satisfacción de las personas con respecto a los servicios públicos de salud | K30: 1.3.3.1 Gestión de la Experiencia del Paciente | Q30: Atención a los Usuarios | V30: Gestión Integral de Información
B31: =IF('Formulario PPGR1'!$F31="","",CONCATENATE('Formulario PPGR1'!$C31,".",'Formulario PPGR1'!$D31,".",'Formulario PPGR1'!$E31,".",#REF!)) | C31: =IF('Formulario PPGR1'!$F31="","",#REF!) | D31: =IF('Formulario PPGR1'!$F31="","",#REF!) | E31: =IF('Formulario PPGR1'!$F31="","",#REF!) | G31: {=_xlfn.XLOOKUP($F31,LE_tbl[[#All],[Ls_LinesEstategica]],LE_tbl[[#All],[Le_code]],"",0)} | I31: =_xlfn.XLOOKUP($H31,Obj!$D$122:$D$134,Obj!$E$122:$E$134,"",0) | K31: 1.3.3.2 Plan de Hostelería Hospitalaria | Q31: Servicios de Salud
B32: =IF('Formulario PPGR1'!$F32="","",CONCATENATE('Formulario PPGR1'!$C32,".",'Formulario PPGR1'!$D32,".",'Formulario PPGR1'!$E32,".",#REF!)) | C32: =IF('Formulario PPGR1'!$F32="","",#REF!) | D32: =IF('Formulario PPGR1'!$F32="","",#REF!) | E32: =IF('Formulario PPGR1'!$F32="","",#REF!) | G32: {=_xlfn.XLOOKUP($F32,LE_tbl[[#All],[Ls_LinesEstategica]],LE_tbl[[#All],[Le_code]],"",0)} | I32: =_xlfn.XLOOKUP($H32,Obj!$D$122:$D$134,Obj!$E$122:$E$134,"",0) | K32: 1.3.3.3 Garantizar el acceso y el seguimiento a los servicios de salud para personas victimas de violencia de género e intrafamiliar | Q32: Gestión Clínica
B33: =IF('Formulario PPGR1'!$F33="","",CONCATENATE('Formulario PPGR1'!$C33,".",'Formulario PPGR1'!$D33,".",'Formulario PPGR1'!$E33,".",#REF!)) | C33: =IF('Formulario PPGR1'!$F33="","",#REF!) | D33: =IF('Formulario PPGR1'!$F33="","",#REF!) | E33: =IF('Formulario PPGR1'!$F33="","",#REF!) | G33: {=_xlfn.XLOOKUP($F33,LE_tbl[[#All],[Ls_LinesEstategica]],LE_tbl[[#All],[Le_code]],"",0)} | I33: =_xlfn.XLOOKUP($H33,Obj!$D$122:$D$134,Obj!$E$122:$E$134,"",0) | K33: 1.3.3.4 Incremento Cobertura de Registro Oportuno de Nacimientos
B34: =IF('Formulario PPGR1'!$F34="","",CONCATENATE('Formulario PPGR1'!$C34,".",'Formulario PPGR1'!$D34,".",'Formulario PPGR1'!$E34,".",#REF!)) -> #REF! | C34: =IF('Formulario PPGR1'!$F34="","",#REF!) -> #REF! | D34: =IF('Formulario PPGR1'!$F34="","",#REF!) -> #REF! | E34: =IF('Formulario PPGR1'!$F34="","",#REF!) -> #REF! | F34: LE.1 - Desarrollo y fortalecimiento de las redes integradas de servicios de salud fundamentada en el Modelo de Atención | G34: {=_xlfn.XLOOKUP($F34,LE_tbl[[#All],[Ls_LinesEstategica]],LE_tbl[[#All],[Le_code]],"",0)} -> LE.1 | H34: 1.3 Asegurar la calidad de la atención y la seguridad del paciente, en el marco de los derechos de las personas, con el fin de aumentar la confianza y satisfacción de los usuarios de los servicios de salud. | I34: =_xlfn.XLOOKUP($H34,Obj!$D$122:$D$134,Obj!$E$122:$E$134,"",0) -> Obj1.3 | J34: 1.3.4 Fortalecida la calidad de la atención en salud como resultado del seguimiento a los aspectos técnicos y no técnicos de la atención, que disminuya el riesgo de la seguridad del paciente y de los resultados esperados de salud | K34: 1.3.4.1 Monitoreo de la Calidad en los Servicios de Salud | Q34: Calidad de los Servicios de Salud
B35: =IF('Formulario PPGR1'!$F35="","",CONCATENATE('Formulario PPGR1'!$C35,".",'Formulario PPGR1'!$D35,".",'Formulario PPGR1'!$E35,".",#REF!)) | C35: =IF('Formulario PPGR1'!$F35="","",#REF!) | D35: =IF('Formulario PPGR1'!$F35="","",#REF!) | E35: =IF('Formulario PPGR1'!$F35="","",#REF!) | G35: {=_xlfn.XLOOKUP($F35,LE_tbl[[#All],[Ls_LinesEstategica]],LE_tbl[[#All],[Le_code]],"",0)} | I35: =_xlfn.XLOOKUP($H35,Obj!$D$122:$D$134,Obj!$E$122:$E$134,"",0) | K35: 1.3.4.2 Prevención y Control del Riesgo Biológico | Q35: Calidad de los Servicios de Salud | V35: Gestión y Control de la Planificación Institucional
B36: =IF('Formulario PPGR1'!$F36="","",CONCATENATE('Formulario PPGR1'!$C36,".",'Formulario PPGR1'!$D36,".",'Formulario PPGR1'!$E36,".",#REF!)) | C36: =IF('Formulario PPGR1'!$F36="","",#REF!) | D36: =IF('Formulario PPGR1'!$F36="","",#REF!) | E36: =IF('Formulario PPGR1'!$F36="","",#REF!) | G36: {=_xlfn.XLOOKUP($F36,LE_tbl[[#All],[Ls_LinesEstategica]],LE_tbl[[#All],[Le_code]],"",0)} | I36: =_xlfn.XLOOKUP($H36,Obj!$D$122:$D$134,Obj!$E$122:$E$134,"",0) | K36: 1.3.4.3 Seguimiento a la Habilitación de los Servicios de Salud | Q36: Calidad de los Servicios de Salud
B37: =IF('Formulario PPGR1'!$F37="","",CONCATENATE('Formulario PPGR1'!$C37,".",'Formulario PPGR1'!$D37,".",'Formulario PPGR1'!$E37,".",#REF!)) | C37: =IF('Formulario PPGR1'!$F37="","",#REF!) | D37: =IF('Formulario PPGR1'!$F37="","",#REF!) | E37: =IF('Formulario PPGR1'!$F37="","",#REF!) | G37: {=_xlfn.XLOOKUP($F37,LE_tbl[[#All],[Ls_LinesEstategica]],LE_tbl[[#All],[Le_code]],"",0)} | I37: =_xlfn.XLOOKUP($H37,Obj!$D$122:$D$134,Obj!$E$122:$E$134,"",0) | K37: 1.3.4.4 Continuidad implementacion de la Politica de estandar de los cuidados de enfemeria como indicadores de calidad | Q37: Enfermería
B38: =IF('Formulario PPGR1'!$F38="","",CONCATENATE('Formulario PPGR1'!$C38,".",'Formulario PPGR1'!$D38,".",'Formulario PPGR1'!$E38,".",#REF!)) | C38: =IF('Formulario PPGR1'!$F38="","",#REF!) | D38: =IF('Formulario PPGR1'!$F38="","",#REF!) | E38: =IF('Formulario PPGR1'!$F38="","",#REF!) | G38: {=_xlfn.XLOOKUP($F38,LE_tbl[[#All],[Ls_LinesEstategica]],LE_tbl[[#All],[Le_code]],"",0)} | I38: =_xlfn.XLOOKUP($H38,Obj!$D$122:$D$134,Obj!$E$122:$E$134,"",0) | K38: 1.3.4.5 Vigilancia de las Infecciones Asociadas a la Atención | Q38: Calidad de los Servicios de Salud Materno-Infantil y Adolescentes
B39: =IF('Formulario PPGR1'!$F39="","",CONCATENATE('Formulario PPGR1'!$C39,".",'Formulario PPGR1'!$D39,".",'Formulario PPGR1'!$E39,".",#REF!)) -> #REF! | C39: =IF('Formulario PPGR1'!$F39="","",#REF!) -> #REF! | D39: =IF('Formulario PPGR1'!$F39="","",#REF!) -> #REF! | E39: =IF('Formulario PPGR1'!$F39="","",#REF!) -> #REF! | F39: LE.2 - Fortalecimiento de la gestión y desarrollo de los recursos humanos. | G39: {=_xlfn.XLOOKUP($F39,LE_tbl[[#All],[Ls_LinesEstategica]],LE_tbl[[#All],[Le_code]],"",0)} -> LE.2 | H39: 2.1 Desarrollar capacidades en los colaboradores de la red de salud, mediante la formación continua, para mejorar el desempeño laboral y alinearlo con las necesidades identificadas en cada nivel de atención. | I39: =_xlfn.XLOOKUP($H39,Obj!$D$122:$D$134,Obj!$E$122:$E$134,"",0) -> Obj2.1 | J39: 2.1.1 Incrementada las competencias y resolutividad de los colaboradores, de acuerdo a la complejidad de sus funciones, las necesidades de salud de la población y los compromisos del sector | K39: 2.1.1.1 Programa Cuidados de enfermería en plataforma de capacitación | Q39: Enfermería
B40: =IF('Formulario PPGR1'!$F40="","",CONCATENATE('Formulario PPGR1'!$C40,".",'Formulario PPGR1'!$D40,".",'Formulario PPGR1'!$E40,".",#REF!)) -> #REF! | C40: =IF('Formulario PPGR1'!$F40="","",#REF!) -> #REF! | D40: =IF('Formulario PPGR1'!$F40="","",#REF!) -> #REF! | E40: =IF('Formulario PPGR1'!$F40="","",#REF!) -> #REF! | F40: LE.3 - Fortalecimiento Institucional | G40: {=_xlfn.XLOOKUP($F40,LE_tbl[[#All],[Ls_LinesEstategica]],LE_tbl[[#All],[Le_code]],"",0)} -> LE.3 | H40: 3.1 Fortalecer los procesos de gestión institucional para mejorar la eficiencia, transparencia y efectividad en la administración de los recursos y servicios. | I40: =_xlfn.XLOOKUP($H40,Obj!$D$122:$D$134,Obj!$E$122:$E$134,"",0) -> Obj3.1 | J40: 3.1.1 Fortalecida la gestión institucional y productiva mediante la mejora de la transparencia, efectividad de la administración de recursos y servicios. | K40: 3.1.1.1 Transparencia de la Gestión y Participación Ciudadana | Q40: Oficina Acceso a la Información
B41: =IF('Formulario PPGR1'!$F41="","",CONCATENATE('Formulario PPGR1'!$C41,".",'Formulario PPGR1'!$D41,".",'Formulario PPGR1'!$E41,".",#REF!)) | C41: =IF('Formulario PPGR1'!$F41="","",#REF!) | D41: =IF('Formulario PPGR1'!$F41="","",#REF!) | E41: =IF('Formulario PPGR1'!$F41="","",#REF!) | G41: {=_xlfn.XLOOKUP($F41,LE_tbl[[#All],[Ls_LinesEstategica]],LE_tbl[[#All],[Le_code]],"",0)} | I41: =_xlfn.XLOOKUP($H41,Obj!$D$122:$D$134,Obj!$E$122:$E$134,"",0) | K41: 3.1.1.2 Programa de Seguridad Física de los establecimientos de la Red SNS | Q41: Seguridad | V41: Promoción y Cultura de Innovación
B42: =IF('Formulario PPGR1'!$F42="","",CONCATENATE('Formulario PPGR1'!$C42,".",'Formulario PPGR1'!$D42,".",'Formulario PPGR1'!$E42,".",#REF!)) | C42: =IF('Formulario PPGR1'!$F42="","",#REF!) | D42: =IF('Formulario PPGR1'!$F42="","",#REF!) | E42: =IF('Formulario PPGR1'!$F42="","",#REF!) | G42: {=_xlfn.XLOOKUP($F42,LE_tbl[[#All],[Ls_LinesEstategica]],LE_tbl[[#All],[Le_code]],"",0)} | I42: =_xlfn.XLOOKUP($H42,Obj!$D$122:$D$134,Obj!$E$122:$E$134,"",0) | K42: 3.1.1.3 Fortalecimiento del sistema de control interno y auditoria de la gestión | Q42: Control y Fiscalización
B43: =IF('Formulario PPGR1'!$F43="","",CONCATENATE('Formulario PPGR1'!$C43,".",'Formulario PPGR1'!$D43,".",'Formulario PPGR1'!$E43,".",#REF!)) | C43: =IF('Formulario PPGR1'!$F43="","",#REF!) | D43: =IF('Formulario PPGR1'!$F43="","",#REF!) | E43: =IF('Formulario PPGR1'!$F43="","",#REF!) | G43: {=_xlfn.XLOOKUP($F43,LE_tbl[[#All],[Ls_LinesEstategica]],LE_tbl[[#All],[Le_code]],"",0)} | I43: =_xlfn.XLOOKUP($H43,Obj!$D$122:$D$134,Obj!$E$122:$E$134,"",0) | K43: 3.1.1.4 Fortalecimiento del Sistema de Administración de Bienes | Q43: Administrativo
B44: =IF('Formulario PPGR1'!$F44="","",CONCATENATE('Formulario PPGR1'!$C44,".",'Formulario PPGR1'!$D44,".",'Formulario PPGR1'!$E44,".",#REF!)) | C44: =IF('Formulario PPGR1'!$F44="","",#REF!) | D44: =IF('Formulario PPGR1'!$F44="","",#REF!) | E44: =IF('Formulario PPGR1'!$F44="","",#REF!) | G44: {=_xlfn.XLOOKUP($F44,LE_tbl[[#All],[Ls_LinesEstategica]],LE_tbl[[#All],[Le_code]],"",0)} | I44: =_xlfn.XLOOKUP($H44,Obj!$D$122:$D$134,Obj!$E$122:$E$134,"",0) | K44: 3.1.1.5 Implementación Normas Básicas de Control Interno en la Red SNS | Q44: Planificación y Desarrollo
B45: =IF('Formulario PPGR1'!$F45="","",CONCATENATE('Formulario PPGR1'!$C45,".",'Formulario PPGR1'!$D45,".",'Formulario PPGR1'!$E45,".",#REF!)) | C45: =IF('Formulario PPGR1'!$F45="","",#REF!) | D45: =IF('Formulario PPGR1'!$F45="","",#REF!) | E45: =IF('Formulario PPGR1'!$F45="","",#REF!) | G45: {=_xlfn.XLOOKUP($F45,LE_tbl[[#All],[Ls_LinesEstategica]],LE_tbl[[#All],[Le_code]],"",0)} | I45: =_xlfn.XLOOKUP($H45,Obj!$D$122:$D$134,Obj!$E$122:$E$134,"",0) | K45: 3.1.1.6 Plan de Inversión para el desarrollo del PNA | Q45: Primer Nivel
B46: =IF('Formulario PPGR1'!$F46="","",CONCATENATE('Formulario PPGR1'!$C46,".",'Formulario PPGR1'!$D46,".",'Formulario PPGR1'!$E46,".",#REF!)) -> #REF! | C46: =IF('Formulario PPGR1'!$F46="","",#REF!) -> #REF! | D46: =IF('Formulario PPGR1'!$F46="","",#REF!) -> #REF! | E46: =IF('Formulario PPGR1'!$F46="","",#REF!) -> #REF! | F46: LE.3 - Fortalecimiento Institucional | G46: {=_xlfn.XLOOKUP($F46,LE_tbl[[#All],[Ls_LinesEstategica]],LE_tbl[[#All],[Le_code]],"",0)} -> LE.3 | H46: 3.2 Aumentar la sostenibilidad financiera de la institución, mediante la optimización de recursos y la implementación de estrategias de financiamiento a mediano y largo plazo. | I46: =_xlfn.XLOOKUP($H46,Obj!$D$122:$D$134,Obj!$E$122:$E$134,"",0) -> Obj3.2 | J46: 3.2.1 Mejorada la sostenibilidad financiera del SNS mediante el control de gastos, saneamiento de las deudas e incremento de las distintas fuentes de financiamiento con el fin de garantizar la prestación de servicios en salud con oportunidad y eficiencia | K46: 3.2.1.1 Ejecución de los procesos de compra en tiempo oportuno | Q46: Administrativo
B47: =IF('Formulario PPGR1'!$F47="","",CONCATENATE('Formulario PPGR1'!$C47,".",'Formulario PPGR1'!$D47,".",'Formulario PPGR1'!$E47,".",#REF!)) -> #REF! | C47: =IF('Formulario PPGR1'!$F47="","",#REF!) -> #REF! | D47: =IF('Formulario PPGR1'!$F47="","",#REF!) -> #REF! | E47: =IF('Formulario PPGR1'!$F47="","",#REF!) -> #REF! | F47: LE.3 - Fortalecimiento Institucional | G47: {=_xlfn.XLOOKUP($F47,LE_tbl[[#All],[Ls_LinesEstategica]],LE_tbl[[#All],[Le_code]],"",0)} -> LE.3 | H47: 3.3 Mejorar el posicionamiento institucional, con el objetivo de aumentar su visibilidad, reputación y liderazgo en el sector salud. | I47: =_xlfn.XLOOKUP($H47,Obj!$D$122:$D$134,Obj!$E$122:$E$134,"",0) -> Obj3.3 | J47: 3.3.1 Aumentada la conexión del SNS con los medios informativos y la población, manteniendo con ellos una comunicación ágil, fluida y de calidad; que nos permita satisfacer con rapidez las peticiones y necesidades de información sobre la institución y los servicios ofrecidos | K47: 3.3.1.1 Implementación del Manual de Señalética e Identidad de la Red SNS (Comunicación estratégica y posicionamiento institucional) | Q47: Comunicaciones
B48: =IF('Formulario PPGR1'!$F48="","",CONCATENATE('Formulario PPGR1'!$C48,".",'Formulario PPGR1'!$D48,".",'Formulario PPGR1'!$E48,".",#REF!)) | C48: =IF('Formulario PPGR1'!$F48="","",#REF!) | D48: =IF('Formulario PPGR1'!$F48="","",#REF!) | E48: =IF('Formulario PPGR1'!$F48="","",#REF!) | G48: {=_xlfn.XLOOKUP($F48,LE_tbl[[#All],[Ls_LinesEstategica]],LE_tbl[[#All],[Le_code]],"",0)} | I48: =_xlfn.XLOOKUP($H48,Obj!$D$122:$D$134,Obj!$E$122:$E$134,"",0) | K48: 3.3.1.2 Despliegue Plan Interconexión Red Pública de Servicios de Salud (Educación en Salud) | Q48: Comunicaciones
B49: =IF('Formulario PPGR1'!$F49="","",CONCATENATE('Formulario PPGR1'!$C49,".",'Formulario PPGR1'!$D49,".",'Formulario PPGR1'!$E49,".",#REF!)) | C49: =IF('Formulario PPGR1'!$F49="","",#REF!) | D49: =IF('Formulario PPGR1'!$F49="","",#REF!) | E49: =IF('Formulario PPGR1'!$F49="","",#REF!) | G49: {=_xlfn.XLOOKUP($F49,LE_tbl[[#All],[Ls_LinesEstategica]],LE_tbl[[#All],[Le_code]],"",0)} | I49: =_xlfn.XLOOKUP($H49,Obj!$D$122:$D$134,Obj!$E$122:$E$134,"",0) | K49: 3.3.1.3 Despliegue Plan de Gestión Ambiental / Responsabilidad Social Institucional | Q49: Comunicaciones
B50: =IF('Formulario PPGR1'!$F50="","",CONCATENATE('Formulario PPGR1'!$C50,".",'Formulario PPGR1'!$D50,".",'Formulario PPGR1'!$E50,".",#REF!)) -> #REF! | C50: =IF('Formulario PPGR1'!$F50="","",#REF!) -> #REF! | D50: =IF('Formulario PPGR1'!$F50="","",#REF!) -> #REF! | E50: =IF('Formulario PPGR1'!$F50="","",#REF!) -> #REF! | F50: LE.3 - Fortalecimiento Institucional | G50: {=_xlfn.XLOOKUP($F50,LE_tbl[[#All],[Ls_LinesEstategica]],LE_tbl[[#All],[Le_code]],"",0)} -> LE.3 | H50: 3.4 Fomentar alianzas interinstitucionales con actores clave, para maximizar los recursos y mejorar la calidad de los servicios de salud a través de la colaboración y el intercambio de conocimientos. | I50: =_xlfn.XLOOKUP($H50,Obj!$D$122:$D$134,Obj!$E$122:$E$134,"",0) -> Obj3.4 | J50: 3.4.1 Fomentadas las alianzas nacionales e internacionales para captación y optimización de recursos que favorezcan el fortalecimiento y calidad de los servicios | K50: 3.4.1.1 Levantamiento de Necesidades de Cooperación no Reembolsable | Q50: Planificación y Desarrollo
B51: =IF('Formulario PPGR1'!$F51="","",CONCATENATE('Formulario PPGR1'!$C51,".",'Formulario PPGR1'!$D51,".",'Formulario PPGR1'!$E51,".",#REF!)) -> #REF! | C51: =IF('Formulario PPGR1'!$F51="","",#REF!) -> #REF! | D51: =IF('Formulario PPGR1'!$F51="","",#REF!) -> #REF! | E51: =IF('Formulario PPGR1'!$F51="","",#REF!) -> #REF! | F51: LE.3 - Fortalecimiento Institucional | G51: {=_xlfn.XLOOKUP($F51,LE_tbl[[#All],[Ls_LinesEstategica]],LE_tbl[[#All],[Le_code]],"",0)} -> LE.3 | H51: 3.5 Fortalecer el uso de tecnologías y sistemas de información en la gestión institucional, para mejorar la calidad y eficiencia operativa. | I51: =_xlfn.XLOOKUP($H51,Obj!$D$122:$D$134,Obj!$E$122:$E$134,"",0) -> Obj3.5 | J51: 3.5.1 Fortalecido el desarrollo y uso de tecnologías y sistemas de información para mejorar la calidad y eficiencia de la gestión operativa | K51: 3.5.1.1 Mejora de la infraestructura tecnológica de la Red SNS | Q51: Tecnología de la Información
B52: =IF('Formulario PPGR1'!$F52="","",CONCATENATE('Formulario PPGR1'!$C52,".",'Formulario PPGR1'!$D52,".",'Formulario PPGR1'!$E52,".",#REF!)) | C52: =IF('Formulario PPGR1'!$F52="","",#REF!) | D52: =IF('Formulario PPGR1'!$F52="","",#REF!) | E52: =IF('Formulario PPGR1'!$F52="","",#REF!) | G52: {=_xlfn.XLOOKUP($F52,LE_tbl[[#All],[Ls_LinesEstategica]],LE_tbl[[#All],[Le_code]],"",0)} | I52: =_xlfn.XLOOKUP($H52,Obj!$D$122:$D$134,Obj!$E$122:$E$134,"",0) | K52: 3.5.1.2 Proyecto de implementación del Sistema de Administración y Logística de Medicamentos e Insumos (SALMI) | Q52: Medicamentos e Insumos
B53: =IF('Formulario PPGR1'!$F53="","",CONCATENATE('Formulario PPGR1'!$C53,".",'Formulario PPGR1'!$D53,".",'Formulario PPGR1'!$E53,".",#REF!)) | C53: =IF('Formulario PPGR1'!$F53="","",#REF!) | D53: =IF('Formulario PPGR1'!$F53="","",#REF!) | E53: =IF('Formulario PPGR1'!$F53="","",#REF!) | G53: {=_xlfn.XLOOKUP($F53,LE_tbl[[#All],[Ls_LinesEstategica]],LE_tbl[[#All],[Le_code]],"",0)} | I53: =_xlfn.XLOOKUP($H53,Obj!$D$122:$D$134,Obj!$E$122:$E$134,"",0) | K53: 3.5.1.3 Gestión de la Calidad del dato en los EES (CPN y CEAS) | Q53: Gestión de la Información
B54: =IF('Formulario PPGR1'!$F54="","",CONCATENATE('Formulario PPGR1'!$C54,".",'Formulario PPGR1'!$D54,".",'Formulario PPGR1'!$E54,".",#REF!)) -> #REF! | C54: =IF('Formulario PPGR1'!$F54="","",#REF!) -> #REF! | D54: =IF('Formulario PPGR1'!$F54="","",#REF!) -> #REF! | E54: =IF('Formulario PPGR1'!$F54="","",#REF!) -> #REF! | F54: LE.3 - Fortalecimiento Institucional | G54: {=_xlfn.XLOOKUP($F54,LE_tbl[[#All],[Ls_LinesEstategica]],LE_tbl[[#All],[Le_code]],"",0)} -> LE.3 | H54: 3.6 Fortalecer la infraestructura física y el equipamiento médico, asegurando que los centros de salud cuenten con recursos adecuados para ofrecer atención de calidad. | I54: =_xlfn.XLOOKUP($H54,Obj!$D$122:$D$134,Obj!$E$122:$E$134,"",0) -> Obj3.6 | J54: 3.6.1 Readecuada la infraestructura física y dotación de equipamiento médico de los establecimientos de salud acorde al nivel de atención | K54: 3.6.1.1 Programa de Mantenimiento Preventivo de Equipos Médicos e Infraestuctura | Q54: Infraestructura y Equipos
B55: =IF('Formulario PPGR1'!$F55="","",CONCATENATE('Formulario PPGR1'!$C55,".",'Formulario PPGR1'!$D55,".",'Formulario PPGR1'!$E55,".",#REF!)) -> #REF! | C55: =IF('Formulario PPGR1'!$F55="","",#REF!) -> #REF! | D55: =IF('Formulario PPGR1'!$F55="","",#REF!) -> #REF! | E55: =IF('Formulario PPGR1'!$F55="","",#REF!) -> #REF! | F55: LE.3 - Fortalecimiento Institucional | G55: {=_xlfn.XLOOKUP($F55,LE_tbl[[#All],[Ls_LinesEstategica]],LE_tbl[[#All],[Le_code]],"",0)} -> LE.3 | H55: 3.7 Fortalecer las capacidades de planificación institucional para optimizar los procesos estratégicos, asegurando que los resultados esperados y el presupuesto se alineen de manera efectiva, contribuyendo a la mejora continua de la gestión institucional. | I55: =_xlfn.XLOOKUP($H55,Obj!$D$122:$D$134,Obj!$E$122:$E$134,"",0) -> Obj3.7 | J55: 3.7.1 Fortalecida la capacidad institucional mediante la optimización de los procesos, empoderamiento del talento humano y articulación interna contribuyendo a la mejora continua de la gestión institucional | K55: 3.7.1.1 Gestión de litigios y seguimiento casos litigiosos en los SRS | Q55: Jurídica
B56: =IF('Formulario PPGR1'!$F56="","",CONCATENATE('Formulario PPGR1'!$C56,".",'Formulario PPGR1'!$D56,".",'Formulario PPGR1'!$E56,".",#REF!)) | C56: =IF('Formulario PPGR1'!$F56="","",#REF!) | D56: =IF('Formulario PPGR1'!$F56="","",#REF!) | E56: =IF('Formulario PPGR1'!$F56="","",#REF!) | G56: {=_xlfn.XLOOKUP($F56,LE_tbl[[#All],[Ls_LinesEstategica]],LE_tbl[[#All],[Le_code]],"",0)} | I56: =_xlfn.XLOOKUP($H56,Obj!$D$122:$D$134,Obj!$E$122:$E$134,"",0) | K56: 3.7.1.2 Fortalecimiento del modelo de gestión y monitoreo de la calidad institucional | Q56: Planificación y Desarrollo
B57: =IF('Formulario PPGR1'!$F57="","",CONCATENATE('Formulario PPGR1'!$C57,".",'Formulario PPGR1'!$D57,".",'Formulario PPGR1'!$E57,".",#REF!)) | C57: =IF('Formulario PPGR1'!$F57="","",#REF!) | D57: =IF('Formulario PPGR1'!$F57="","",#REF!) | E57: =IF('Formulario PPGR1'!$F57="","",#REF!) | G57: {=_xlfn.XLOOKUP($F57,LE_tbl[[#All],[Ls_LinesEstategica]],LE_tbl[[#All],[Le_code]],"",0)} | I57: =_xlfn.XLOOKUP($H57,Obj!$D$122:$D$134,Obj!$E$122:$E$134,"",0) | K57: 3.7.1.3 Despliegue nueva estructura organizativa Red SNS por nivel de complejidad | Q57: Planificación y Desarrollo
B58: =IF('Formulario PPGR1'!$F58="","",CONCATENATE('Formulario PPGR1'!$C58,".",'Formulario PPGR1'!$D58,".",'Formulario PPGR1'!$E58,".",#REF!)) | C58: =IF('Formulario PPGR1'!$F58="","",#REF!) | D58: =IF('Formulario PPGR1'!$F58="","",#REF!) | E58: =IF('Formulario PPGR1'!$F58="","",#REF!) | G58: {=_xlfn.XLOOKUP($F58,LE_tbl[[#All],[Ls_LinesEstategica]],LE_tbl[[#All],[Le_code]],"",0)} | I58: =_xlfn.XLOOKUP($H58,Obj!$D$122:$D$134,Obj!$E$122:$E$134,"",0) | K58: 3.7.1.4 Ejecución del plan de innovación institucional para promoción de la mejora continua | Q58: Planificación y Desarrollo
B59: =IF('Formulario PPGR1'!$F59="","",CONCATENATE('Formulario PPGR1'!$C59,".",'Formulario PPGR1'!$D59,".",'Formulario PPGR1'!$E59,".",#REF!)) | C59: =IF('Formulario PPGR1'!$F59="","",#REF!) | D59: =IF('Formulario PPGR1'!$F59="","",#REF!) | E59: =IF('Formulario PPGR1'!$F59="","",#REF!) | G59: {=_xlfn.XLOOKUP($F59,LE_tbl[[#All],[Ls_LinesEstategica]],LE_tbl[[#All],[Le_code]],"",0)} | I59: =_xlfn.XLOOKUP($H59,Obj!$D$122:$D$134,Obj!$E$122:$E$134,"",0) | K59: 3.7.1.4 Ejecución del plan de innovación institucional para promoción de la mejora continua | Q59: Planificación y Desarrollo
B60: =IF('Formulario PPGR1'!$F60="","",CONCATENATE('Formulario PPGR1'!$C60,".",'Formulario PPGR1'!$D60,".",'Formulario PPGR1'!$E60,".",#REF!)) | C60: =IF('Formulario PPGR1'!$F60="","",#REF!) | D60: =IF('Formulario PPGR1'!$F60="","",#REF!) | E60: =IF('Formulario PPGR1'!$F60="","",#REF!) | G60: {=_xlfn.XLOOKUP($F60,LE_tbl[[#All],[Ls_LinesEstategica]],LE_tbl[[#All],[Le_code]],"",0)} | I60: =_xlfn.XLOOKUP($H60,Obj!$D$122:$D$134,Obj!$E$122:$E$134,"",0) | K60: 3.7.1.5 Ampliación del sistema de monitoreo de la gestión pública | Q60: Planificación y Desarrollo
B61: =IF('Formulario PPGR1'!$F61="","",CONCATENATE('Formulario PPGR1'!$C61,".",'Formulario PPGR1'!$D61,".",'Formulario PPGR1'!$E61,".",#REF!)) | C61: =IF('Formulario PPGR1'!$F61="","",#REF!) | D61: =IF('Formulario PPGR1'!$F61="","",#REF!) | E61: =IF('Formulario PPGR1'!$F61="","",#REF!) | G61: {=_xlfn.XLOOKUP($F61,LE_tbl[[#All],[Ls_LinesEstategica]],LE_tbl[[#All],[Le_code]],"",0)} | I61: =_xlfn.XLOOKUP($H61,Obj!$D$122:$D$134,Obj!$E$122:$E$134,"",0)
B62: =IF('Formulario PPGR1'!$F62="","",CONCATENATE('Formulario PPGR1'!$C62,".",'Formulario PPGR1'!$D62,".",'Formulario PPGR1'!$E62,".",#REF!)) | C62: =IF('Formulario PPGR1'!$F62="","",#REF!) | D62: =IF('Formulario PPGR1'!$F62="","",#REF!) | E62: =IF('Formulario PPGR1'!$F62="","",#REF!) | G62: {=_xlfn.XLOOKUP($F62,LE_tbl[[#All],[Ls_LinesEstategica]],LE_tbl[[#All],[Le_code]],"",0)} | I62: =_xlfn.XLOOKUP($H62,Obj!$D$122:$D$134,Obj!$E$122:$E$134,"",0)
B64: =IF('Formulario PPGR1'!$F64="","",CONCATENATE('Formulario PPGR1'!$C64,".",'Formulario PPGR1'!$D64,".",'Formulario PPGR1'!$E64,".",#REF!)) | C64: =IF('Formulario PPGR1'!$F64="","",#REF!) | D64: =IF('Formulario PPGR1'!$F64="","",#REF!) | E64: =IF('Formulario PPGR1'!$F64="","",#REF!) | G64: {=_xlfn.XLOOKUP($F64,LE_tbl[[#All],[Ls_LinesEstategica]],LE_tbl[[#All],[Le_code]],"",0)} | I64: =_xlfn.XLOOKUP($H64,Obj!$D$122:$D$134,Obj!$E$122:$E$134,"",0)
B65: =IF('Formulario PPGR1'!$F65="","",CONCATENATE('Formulario PPGR1'!$C65,".",'Formulario PPGR1'!$D65,".",'Formulario PPGR1'!$E65,".",#REF!)) | C65: =IF('Formulario PPGR1'!$F65="","",#REF!) | D65: =IF('Formulario PPGR1'!$F65="","",#REF!) | E65: =IF('Formulario PPGR1'!$F65="","",#REF!) | G65: {=_xlfn.XLOOKUP($F65,LE_tbl[[#All],[Ls_LinesEstategica]],LE_tbl[[#All],[Le_code]],"",0)} | I65: =_xlfn.XLOOKUP($H65,Obj!$D$122:$D$134,Obj!$E$122:$E$134,"",0)
B66: =IF('Formulario PPGR1'!$F66="","",CONCATENATE('Formulario PPGR1'!$C66,".",'Formulario PPGR1'!$D66,".",'Formulario PPGR1'!$E66,".",#REF!)) | C66: =IF('Formulario PPGR1'!$F66="","",#REF!) | D66: =IF('Formulario PPGR1'!$F66="","",#REF!) | E66: =IF('Formulario PPGR1'!$F66="","",#REF!) | G66: {=_xlfn.XLOOKUP($F66,LE_tbl[[#All],[Ls_LinesEstategica]],LE_tbl[[#All],[Le_code]],"",0)} | I66: =_xlfn.XLOOKUP($H66,Obj!$D$122:$D$134,Obj!$E$122:$E$134,"",0)
B67: =IF('Formulario PPGR1'!$F67="","",CONCATENATE('Formulario PPGR1'!$C67,".",'Formulario PPGR1'!$D67,".",'Formulario PPGR1'!$E67,".",#REF!)) | C67: =IF('Formulario PPGR1'!$F67="","",#REF!) | D67: =IF('Formulario PPGR1'!$F67="","",#REF!) | E67: =IF('Formulario PPGR1'!$F67="","",#REF!) | G67: {=_xlfn.XLOOKUP($F67,LE_tbl[[#All],[Ls_LinesEstategica]],LE_tbl[[#All],[Le_code]],"",0)} | I67: =_xlfn.XLOOKUP($H67,Obj!$D$122:$D$134,Obj!$E$122:$E$134,"",0)
B68: =IF('Formulario PPGR1'!$F68="","",CONCATENATE('Formulario PPGR1'!$C68,".",'Formulario PPGR1'!$D68,".",'Formulario PPGR1'!$E68,".",#REF!)) | C68: =IF('Formulario PPGR1'!$F68="","",#REF!) | D68: =IF('Formulario PPGR1'!$F68="","",#REF!) | E68: =IF('Formulario PPGR1'!$F68="","",#REF!) | G68: {=_xlfn.XLOOKUP($F68,LE_tbl[[#All],[Ls_LinesEstategica]],LE_tbl[[#All],[Le_code]],"",0)} | I68: =_xlfn.XLOOKUP($H68,Obj!$D$122:$D$134,Obj!$E$122:$E$134,"",0)
B69: =IF('Formulario PPGR1'!$F69="","",CONCATENATE('Formulario PPGR1'!$C69,".",'Formulario PPGR1'!$D69,".",'Formulario PPGR1'!$E69,".",#REF!)) | C69: =IF('Formulario PPGR1'!$F69="","",#REF!) | D69: =IF('Formulario PPGR1'!$F69="","",#REF!) | E69: =IF('Formulario PPGR1'!$F69="","",#REF!) | G69: {=_xlfn.XLOOKUP($F69,LE_tbl[[#All],[Ls_LinesEstategica]],LE_tbl[[#All],[Le_code]],"",0)} | I69: =_xlfn.XLOOKUP($H69,Obj!$D$122:$D$134,Obj!$E$122:$E$134,"",0)
B70: =IF('Formulario PPGR1'!$F70="","",CONCATENATE('Formulario PPGR1'!$C70,".",'Formulario PPGR1'!$D70,".",'Formulario PPGR1'!$E70,".",#REF!)) | C70: =IF('Formulario PPGR1'!$F70="","",#REF!) | D70: =IF('Formulario PPGR1'!$F70="","",#REF!) | E70: =IF('Formulario PPGR1'!$F70="","",#REF!) | G70: {=_xlfn.XLOOKUP($F70,LE_tbl[[#All],[Ls_LinesEstategica]],LE_tbl[[#All],[Le_code]],"",0)} | I70: =_xlfn.XLOOKUP($H70,Obj!$D$122:$D$134,Obj!$E$122:$E$134,"",0)
B71: =IF('Formulario PPGR1'!$F71="","",CONCATENATE('Formulario PPGR1'!$C71,".",'Formulario PPGR1'!$D71,".",'Formulario PPGR1'!$E71,".",#REF!)) | C71: =IF('Formulario PPGR1'!$F71="","",#REF!) | D71: =IF('Formulario PPGR1'!$F71="","",#REF!) | E71: =IF('Formulario PPGR1'!$F71="","",#REF!) | G71: {=_xlfn.XLOOKUP($F71,LE_tbl[[#All],[Ls_LinesEstategica]],LE_tbl[[#All],[Le_code]],"",0)} | I71: =_xlfn.XLOOKUP($H71,Obj!$D$122:$D$134,Obj!$E$122:$E$134,"",0)
B72: =IF('Formulario PPGR1'!$F72="","",CONCATENATE('Formulario PPGR1'!$C72,".",'Formulario PPGR1'!$D72,".",'Formulario PPGR1'!$E72,".",#REF!)) | C72: =IF('Formulario PPGR1'!$F72="","",#REF!) | D72: =IF('Formulario PPGR1'!$F72="","",#REF!) | E72: =IF('Formulario PPGR1'!$F72="","",#REF!) | G72: {=_xlfn.XLOOKUP($F72,LE_tbl[[#All],[Ls_LinesEstategica]],LE_tbl[[#All],[Le_code]],"",0)} | I72: =_xlfn.XLOOKUP($H72,Obj!$D$122:$D$134,Obj!$E$122:$E$134,"",0)
B73: =IF('Formulario PPGR1'!$F73="","",CONCATENATE('Formulario PPGR1'!$C73,".",'Formulario PPGR1'!$D73,".",'Formulario PPGR1'!$E73,".",#REF!)) | C73: =IF('Formulario PPGR1'!$F73="","",#REF!) | D73: =IF('Formulario PPGR1'!$F73="","",#REF!) | E73: =IF('Formulario PPGR1'!$F73="","",#REF!) | G73: {=_xlfn.XLOOKUP($F73,LE_tbl[[#All],[Ls_LinesEstategica]],LE_tbl[[#All],[Le_code]],"",0)} | I73: =_xlfn.XLOOKUP($H73,Obj!$D$122:$D$134,Obj!$E$122:$E$134,"",0)
... B83: =IF('Formulario PPGR1'!$F83="","",CONCATENATE('Formulario PPGR1'!$C83,".",'Formulario PPGR1'!$D83,".",'Formulario PPGR1'!$E83,".",#REF!)) | C83: =IF('Formulario PPGR1'!$F83="","",#REF!) | D83: =IF('Formulario PPGR1'!$F83="","",#REF!) | E83: =IF('Formulario PPGR1'!$F83="","",#REF!) | G83: {=_xlfn.XLOOKUP($F83,LE_tbl[[#All],[Ls_LinesEstategica]],LE_tbl[[#All],[Le_code]],"",0)} | I83: =_xlfn.XLOOKUP($H83,Obj!$D$122:$D$134,Obj!$E$122:$E$134,"",0)
B84: =IF('Formulario PPGR1'!$F84="","",CONCATENATE('Formulario PPGR1'!$C84,".",'Formulario PPGR1'!$D84,".",'Formulario PPGR1'!$E84,".",#REF!)) | C84: =IF('Formulario PPGR1'!$F84="","",#REF!) | D84: =IF('Formulario PPGR1'!$F84="","",#REF!) | E84: =IF('Formulario PPGR1'!$F84="","",#REF!) | G84: {=_xlfn.XLOOKUP($F84,LE_tbl[[#All],[Ls_LinesEstategica]],LE_tbl[[#All],[Le_code]],"",0)} | I84: =_xlfn.XLOOKUP($H84,Obj!$D$122:$D$134,Obj!$E$122:$E$134,"",0) | V84: Automatización Tecnológica
B85: =IF('Formulario PPGR1'!$F85="","",CONCATENATE('Formulario PPGR1'!$C85,".",'Formulario PPGR1'!$D85,".",'Formulario PPGR1'!$E85,".",#REF!)) | C85: =IF('Formulario PPGR1'!$F85="","",#REF!) | D85: =IF('Formulario PPGR1'!$F85="","",#REF!) | E85: =IF('Formulario PPGR1'!$F85="","",#REF!) | G85: {=_xlfn.XLOOKUP($F85,LE_tbl[[#All],[Ls_LinesEstategica]],LE_tbl[[#All],[Le_code]],"",0)} | I85: =_xlfn.XLOOKUP($H85,Obj!$D$122:$D$134,Obj!$E$122:$E$134,"",0) | V85: Cultura de Servicios y Gestión de Usuarios
B86: =IF('Formulario PPGR1'!$F86="","",CONCATENATE('Formulario PPGR1'!$C86,".",'Formulario PPGR1'!$D86,".",'Formulario PPGR1'!$E86,".",#REF!)) | C86: =IF('Formulario PPGR1'!$F86="","",#REF!) | D86: =IF('Formulario PPGR1'!$F86="","",#REF!) | E86: =IF('Formulario PPGR1'!$F86="","",#REF!) | G86: {=_xlfn.XLOOKUP($F86,LE_tbl[[#All],[Ls_LinesEstategica]],LE_tbl[[#All],[Le_code]],"",0)} | I86: =_xlfn.XLOOKUP($H86,Obj!$D$122:$D$134,Obj!$E$122:$E$134,"",0) | V86: Fortalecimiento de la Veeduría y participación social
B87: =IF('Formulario PPGR1'!$F87="","",CONCATENATE('Formulario PPGR1'!$C87,".",'Formulario PPGR1'!$D87,".",'Formulario PPGR1'!$E87,".",#REF!)) | C87: =IF('Formulario PPGR1'!$F87="","",#REF!) | D87: =IF('Formulario PPGR1'!$F87="","",#REF!) | E87: =IF('Formulario PPGR1'!$F87="","",#REF!) | G87: {=_xlfn.XLOOKUP($F87,LE_tbl[[#All],[Ls_LinesEstategica]],LE_tbl[[#All],[Le_code]],"",0)} | I87: =_xlfn.XLOOKUP($H87,Obj!$D$122:$D$134,Obj!$E$122:$E$134,"",0)
B88: =IF('Formulario PPGR1'!$F88="","",CONCATENATE('Formulario PPGR1'!$C88,".",'Formulario PPGR1'!$D88,".",'Formulario PPGR1'!$E88,".",#REF!)) | C88: =IF('Formulario PPGR1'!$F88="","",#REF!) | D88: =IF('Formulario PPGR1'!$F88="","",#REF!) | E88: =IF('Formulario PPGR1'!$F88="","",#REF!) | G88: {=_xlfn.XLOOKUP($F88,LE_tbl[[#All],[Ls_LinesEstategica]],LE_tbl[[#All],[Le_code]],"",0)} | I88: =_xlfn.XLOOKUP($H88,Obj!$D$122:$D$134,Obj!$E$122:$E$134,"",0)
B89: =IF('Formulario PPGR1'!$F89="","",CONCATENATE('Formulario PPGR1'!$C89,".",'Formulario PPGR1'!$D89,".",'Formulario PPGR1'!$E89,".",#REF!)) | C89: =IF('Formulario PPGR1'!$F89="","",#REF!) | D89: =IF('Formulario PPGR1'!$F89="","",#REF!) | E89: =IF('Formulario PPGR1'!$F89="","",#REF!) | G89: {=_xlfn.XLOOKUP($F89,LE_tbl[[#All],[Ls_LinesEstategica]],LE_tbl[[#All],[Le_code]],"",0)} | I89: =_xlfn.XLOOKUP($H89,Obj!$D$122:$D$134,Obj!$E$122:$E$134,"",0)
B90: =IF('Formulario PPGR1'!$F90="","",CONCATENATE('Formulario PPGR1'!$C90,".",'Formulario PPGR1'!$D90,".",'Formulario PPGR1'!$E90,".",#REF!)) | C90: =IF('Formulario PPGR1'!$F90="","",#REF!) | D90: =IF('Formulario PPGR1'!$F90="","",#REF!) | E90: =IF('Formulario PPGR1'!$F90="","",#REF!) | G90: {=_xlfn.XLOOKUP($F90,LE_tbl[[#All],[Ls_LinesEstategica]],LE_tbl[[#All],[Le_code]],"",0)} | I90: =_xlfn.XLOOKUP($H90,Obj!$D$122:$D$134,Obj!$E$122:$E$134,"",0)
B91: =IF('Formulario PPGR1'!$F91="","",CONCATENATE('Formulario PPGR1'!$C91,".",'Formulario PPGR1'!$D91,".",'Formulario PPGR1'!$E91,".",#REF!)) | C91: =IF('Formulario PPGR1'!$F91="","",#REF!) | D91: =IF('Formulario PPGR1'!$F91="","",#REF!) | E91: =IF('Formulario PPGR1'!$F91="","",#REF!) | G91: {=_xlfn.XLOOKUP($F91,LE_tbl[[#All],[Ls_LinesEstategica]],LE_tbl[[#All],[Le_code]],"",0)} | I91: =_xlfn.XLOOKUP($H91,Obj!$D$122:$D$134,Obj!$E$122:$E$134,"",0)
B92: =IF('Formulario PPGR1'!$F92="","",CONCATENATE('Formulario PPGR1'!$C92,".",'Formulario PPGR1'!$D92,".",'Formulario PPGR1'!$E92,".",#REF!)) | C92: =IF('Formulario PPGR1'!$F92="","",#REF!) | D92: =IF('Formulario PPGR1'!$F92="","",#REF!) | E92: =IF('Formulario PPGR1'!$F92="","",#REF!) | G92: {=_xlfn.XLOOKUP($F92,LE_tbl[[#All],[Ls_LinesEstategica]],LE_tbl[[#All],[Le_code]],"",0)} | I92: =_xlfn.XLOOKUP($H92,Obj!$D$122:$D$134,Obj!$E$122:$E$134,"",0)
B93: =IF('Formulario PPGR1'!$F93="","",CONCATENATE('Formulario PPGR1'!$C93,".",'Formulario PPGR1'!$D93,".",'Formulario PPGR1'!$E93,".",#REF!)) | C93: =IF('Formulario PPGR1'!$F93="","",#REF!) | D93: =IF('Formulario PPGR1'!$F93="","",#REF!) | E93: =IF('Formulario PPGR1'!$F93="","",#REF!) | G93: {=_xlfn.XLOOKUP($F93,LE_tbl[[#All],[Ls_LinesEstategica]],LE_tbl[[#All],[Le_code]],"",0)} | I93: =_xlfn.XLOOKUP($H93,Obj!$D$122:$D$134,Obj!$E$122:$E$134,"",0)
B94: =IF('Formulario PPGR1'!$F94="","",CONCATENATE('Formulario PPGR1'!$C94,".",'Formulario PPGR1'!$D94,".",'Formulario PPGR1'!$E94,".",#REF!)) | C94: =IF('Formulario PPGR1'!$F94="","",#REF!) | D94: =IF('Formulario PPGR1'!$F94="","",#REF!) | E94: =IF('Formulario PPGR1'!$F94="","",#REF!) | G94: {=_xlfn.XLOOKUP($F94,LE_tbl[[#All],[Ls_LinesEstategica]],LE_tbl[[#All],[Le_code]],"",0)} | I94: =_xlfn.XLOOKUP($H94,Obj!$D$122:$D$134,Obj!$E$122:$E$134,"",0)
B95: =IF('Formulario PPGR1'!$F95="","",CONCATENATE('Formulario PPGR1'!$C95,".",'Formulario PPGR1'!$D95,".",'Formulario PPGR1'!$E95,".",#REF!)) | C95: =IF('Formulario PPGR1'!$F95="","",#REF!) | D95: =IF('Formulario PPGR1'!$F95="","",#REF!) | E95: =IF('Formulario PPGR1'!$F95="","",#REF!) | G95: {=_xlfn.XLOOKUP($F95,LE_tbl[[#All],[Ls_LinesEstategica]],LE_tbl[[#All],[Le_code]],"",0)} | I95: =_xlfn.XLOOKUP($H95,Obj!$D$122:$D$134,Obj!$E$122:$E$134,"",0)
B96: =IF('Formulario PPGR1'!$F96="","",CONCATENATE('Formulario PPGR1'!$C96,".",'Formulario PPGR1'!$D96,".",'Formulario PPGR1'!$E96,".",#REF!)) | C96: =IF('Formulario PPGR1'!$F96="","",#REF!) | D96: =IF('Formulario PPGR1'!$F96="","",#REF!) | E96: =IF('Formulario PPGR1'!$F96="","",#REF!) | G96: {=_xlfn.XLOOKUP($F96,LE_tbl[[#All],[Ls_LinesEstategica]],LE_tbl[[#All],[Le_code]],"",0)} | I96: =_xlfn.XLOOKUP($H96,Obj!$D$122:$D$134,Obj!$E$122:$E$134,"",0)
B97: =IF('Formulario PPGR1'!$F97="","",CONCATENATE('Formulario PPGR1'!$C97,".",'Formulario PPGR1'!$D97,".",'Formulario PPGR1'!$E97,".",#REF!)) | C97: =IF('Formulario PPGR1'!$F97="","",#REF!) | D97: =IF('Formulario PPGR1'!$F97="","",#REF!) | E97: =IF('Formulario PPGR1'!$F97="","",#REF!) | G97: {=_xlfn.XLOOKUP($F97,LE_tbl[[#All],[Ls_LinesEstategica]],LE_tbl[[#All],[Le_code]],"",0)} | I97: =_xlfn.XLOOKUP($H97,Obj!$D$122:$D$134,Obj!$E$122:$E$134,"",0)
B98: =IF('Formulario PPGR1'!$F98="","",CONCATENATE('Formulario PPGR1'!$C98,".",'Formulario PPGR1'!$D98,".",'Formulario PPGR1'!$E98,".",#REF!)) | C98: =IF('Formulario PPGR1'!$F98="","",#REF!) | D98: =IF('Formulario PPGR1'!$F98="","",#REF!) | E98: =IF('Formulario PPGR1'!$F98="","",#REF!) | G98: {=_xlfn.XLOOKUP($F98,LE_tbl[[#All],[Ls_LinesEstategica]],LE_tbl[[#All],[Le_code]],"",0)} | I98: =_xlfn.XLOOKUP($H98,Obj!$D$122:$D$134,Obj!$E$122:$E$134,"",0)
... B160: =IF('Formulario PPGR1'!$F160="","",CONCATENATE('Formulario PPGR1'!$C160,".",'Formulario PPGR1'!$D160,".",'Formulario PPGR1'!$E160,".",#REF!)) | C160: =IF('Formulario PPGR1'!$F160="","",#REF!) | D160: =IF('Formulario PPGR1'!$F160="","",#REF!) | E160: =IF('Formulario PPGR1'!$F160="","",#REF!) | G160: {=_xlfn.XLOOKUP($F160,LE_tbl[[#All],[Ls_LinesEstategica]],LE_tbl[[#All],[Le_code]],"",0)} | I160: =_xlfn.XLOOKUP($H160,Obj!$D$122:$D$134,Obj!$E$122:$E$134,"",0)

Sheet Formulario PPGR2
H2: ='Formulario PPGR1'!G2 -> Servicio Nacional de Salud
H3: ='Formulario PPGR1'!G3 -> Dirección de Planificación y Desarrollo | Z3: =IF('Formulario PPGR1'!$M$3="SNS - Dirección Central","ls_Departamento","Ls_DepartamentosSRS") -> ls_Departamento
H4: =+'Formulario PPGR1'!G4 -> Plan Operativo Anual
H5: Identificación de actividades
H6: Servicio Nacional de Salud
B8: ID_Dependendencia | C8: POA | D8: SRS | E8: AREA | F8: TIPO | G8: Productos | H8: Código | I8: Actividades Programables Presupuestables | J8: Ene | K8: Feb | L8: Mar | M8: Abr | N8: May | O8: Jun | P8: Jul | Q8: Ago | R8: Sep | S8: Oct | T8: Nov | U8: Dic | V8: Total de Acciones | W8: Medio de Verificación 1 | X8: Medio de Verificación 2 | Y8: Medio de Verificación 3 | Z8: Responsable
B9: =IF('Formulario PPGR2'!$G9="","",CONCATENATE('Formulario PPGR2'!$C9,".",'Formulario PPGR2'!$D9,".",'Formulario PPGR2'!$E9,".",'Formulario PPGR2'!$F9)) -> #REF! | D9: =IF('Formulario PPGR2'!$G9="","",'Formulario PPGR1'!#REF!) -> #REF! | E9: =IF('Formulario PPGR2'!$G9="","",'Formulario PPGR1'!#REF!) -> #REF! | F9: =IF('Formulario PPGR2'!$G9="","",'Formulario PPGR1'!#REF!) -> #REF! | G9: 1.1.1.1 Aumento de la cobertura de Adscripción en el PNA | H9: 1.1.1.1.01 | I9: Mesa trabajo para actualización de la sectorización y zonificación | M9: 1 | V9: =SUM('Formulario PPGR2'!$J9:$U9) -> 1 | W9: Listado de participación | X9: Minuta | Z9: Primer Nivel
B10: =IF('Formulario PPGR2'!$G10="","",CONCATENATE('Formulario PPGR2'!$C10,".",'Formulario PPGR2'!$D10,".",'Formulario PPGR2'!$E10,".",'Formulario PPGR2'!$F10)) -> #REF! | D10: =IF('Formulario PPGR2'!$G10="","",'Formulario PPGR1'!#REF!) -> #REF! | E10: =IF('Formulario PPGR2'!$G10="","",'Formulario PPGR1'!#REF!) -> #REF! | F10: =IF('Formulario PPGR2'!$G10="","",'Formulario PPGR1'!#REF!) -> #REF! | G10: 1.1.1.1 Aumento de la cobertura de Adscripción en el PNA | H10: 1.1.1.1.02 | I10: Actualización del proceso de sectorización y zonificación | S10: 1 | V10: =SUM('Formulario PPGR2'!$J10:$U10) -> 1 | W10: Otros | Y10: Matriz SZ-1 | Z10: Primer Nivel
B11: =IF('Formulario PPGR2'!$G11="","",CONCATENATE('Formulario PPGR2'!$C11,".",'Formulario PPGR2'!$D11,".",'Formulario PPGR2'!$E11,".",'Formulario PPGR2'!$F11)) -> #REF! | D11: =IF('Formulario PPGR2'!$G11="","",'Formulario PPGR1'!#REF!) -> #REF! | E11: =IF('Formulario PPGR2'!$G11="","",'Formulario PPGR1'!#REF!) -> #REF! | F11: =IF('Formulario PPGR2'!$G11="","",'Formulario PPGR1'!#REF!) -> #REF! | G11: 1.1.1.1 Aumento de la cobertura de Adscripción en el PNA | H11: 1.1.1.1.03 | I11: Finalización del proceso de digitación de ficha familiar | J11: 1 | K11: 1 | L11: 1 | V11: =SUM('Formulario PPGR2'!$J11:$U11) -> 3 | W11: Reporte | X11: Otros | Y11: Captura de registro del sistema | Z11: Primer Nivel
B12: =IF('Formulario PPGR2'!$G12="","",CONCATENATE('Formulario PPGR2'!$C12,".",'Formulario PPGR2'!$D12,".",'Formulario PPGR2'!$E12,".",'Formulario PPGR2'!$F12)) -> #REF! | D12: =IF('Formulario PPGR2'!$G12="","",'Formulario PPGR1'!#REF!) -> #REF! | E12: =IF('Formulario PPGR2'!$G12="","",'Formulario PPGR1'!#REF!) -> #REF! | F12: =IF('Formulario PPGR2'!$G12="","",'Formulario PPGR1'!#REF!) -> #REF! | G12: 1.1.1.1 Aumento de la cobertura de Adscripción en el PNA | H12: 1.1.1.1.04 | I12: Seguimiento al proceso de registro, actualización y digitación de población en la Ficha Familiar por zona | M12: 1 | P12: 1 | S12: 1 | U12: 1 | V12: =SUM('Formulario PPGR2'!$J12:$U12) -> 4 | W12: Informe | X12: Otros | Y12: Captura de registro del sistema | Z12: Primer Nivel
B13: =IF('Formulario PPGR2'!$G13="","",CONCATENATE('Formulario PPGR2'!$C13,".",'Formulario PPGR2'!$D13,".",'Formulario PPGR2'!$E13,".",'Formulario PPGR2'!$F13)) -> #REF! | D13: =IF('Formulario PPGR2'!$G13="","",'Formulario PPGR1'!#REF!) -> #REF! | E13: =IF('Formulario PPGR2'!$G13="","",'Formulario PPGR1'!#REF!) -> #REF! | F13: =IF('Formulario PPGR2'!$G13="","",'Formulario PPGR1'!#REF!) -> #REF! | G13: 1.1.1.2 Fortalecimiento del Primer Nivel de Atención sustentado en la implementación del Modelo de Atención | H13: 1.1.1.2.01 | I13: Capacitación a los equipos de la UNAP para el uso de los intrumentos clínicos del primer nivel. | K13: 1 | N13: 1 | Q13: 1 | T13: 1 | V13: =SUM('Formulario PPGR2'!$J13:$U13) -> 4 | W13: Listado de participación | X13: Agenda | Z13: Primer Nivel
B14: =IF('Formulario PPGR2'!$G14="","",CONCATENATE('Formulario PPGR2'!$C14,".",'Formulario PPGR2'!$D14,".",'Formulario PPGR2'!$E14,".",'Formulario PPGR2'!$F14)) -> #REF! | D14: =IF('Formulario PPGR2'!$G14="","",'Formulario PPGR1'!#REF!) -> #REF! | E14: =IF('Formulario PPGR2'!$G14="","",'Formulario PPGR1'!#REF!) -> #REF! | F14: =IF('Formulario PPGR2'!$G14="","",'Formulario PPGR1'!#REF!) -> #REF! | G14: 1.1.1.2 Fortalecimiento del Primer Nivel de Atención sustentado en la implementación del Modelo de Atención | H14: 1.1.1.2.02 | I14: Talleres de inducción a personal médico de nuevo ingreso. | K14: 1 | N14: 1 | Q14: 1 | T14: 1 | V14: =SUM('Formulario PPGR2'!$J14:$U14) -> 4 | W14: Listado de participación | X14: Agenda | Z14: Primer Nivel
B15: =IF('Formulario PPGR2'!$G15="","",CONCATENATE('Formulario PPGR2'!$C15,".",'Formulario PPGR2'!$D15,".",'Formulario PPGR2'!$E15,".",'Formulario PPGR2'!$F15)) -> #REF! | D15: =IF('Formulario PPGR2'!$G15="","",'Formulario PPGR1'!#REF!) -> #REF! | E15: =IF('Formulario PPGR2'!$G15="","",'Formulario PPGR1'!#REF!) -> #REF! | F15: =IF('Formulario PPGR2'!$G15="","",'Formulario PPGR1'!#REF!) -> #REF! | G15: 1.1.1.2 Fortalecimiento del Primer Nivel de Atención sustentado en la implementación del Modelo de Atención | H15: 1.1.1.2.03 | I15: Realización de talleres con los equipos de la UNAP y coordinadores de zona para seguimiento a la adherencia de guias y protocolos en el primer nivel | L15: 1 | O15: 1 | R15: 1 | U15: 1 | V15: =SUM('Formulario PPGR2'!$J15:$U15) -> 4 | W15: Listado de participación | X15: Informe | Y15: Informe detallado por zona | Z15: Primer Nivel
B16: =IF('Formulario PPGR2'!$G16="","",CONCATENATE('Formulario PPGR2'!$C16,".",'Formulario PPGR2'!$D16,".",'Formulario PPGR2'!$E16,".",'Formulario PPGR2'!$F16)) -> #REF! | D16: =IF('Formulario PPGR2'!$G16="","",'Formulario PPGR1'!#REF!) -> #REF! | E16: =IF('Formulario PPGR2'!$G16="","",'Formulario PPGR1'!#REF!) -> #REF! | F16: =IF('Formulario PPGR2'!$G16="","",'Formulario PPGR1'!#REF!) -> #REF! | G16: 1.1.1.2 Fortalecimiento del Primer Nivel de Atención sustentado en la implementación del Modelo de Atención | H16: 1.1.1.2.04 | I16: Elaboración de Análisis de Situación de Salud provincial acorde a los lineamientos establecidos por el MSP. | L16: 1 | V16: =SUM('Formulario PPGR2'!$J16:$U16) -> 1 | W16: Informe | Z16: Primer Nivel
B17: =IF('Formulario PPGR2'!$G17="","",CONCATENATE('Formulario PPGR2'!$C17,".",'Formulario PPGR2'!$D17,".",'Formulario PPGR2'!$E17,".",'Formulario PPGR2'!$F17)) -> #REF! | D17: =IF('Formulario PPGR2'!$G17="","",'Formulario PPGR1'!#REF!) -> #REF! | E17: =IF('Formulario PPGR2'!$G17="","",'Formulario PPGR1'!#REF!) -> #REF! | F17: =IF('Formulario PPGR2'!$G17="","",'Formulario PPGR1'!#REF!) -> #REF! | G17: 1.1.1.2 Fortalecimiento del Primer Nivel de Atención sustentado en la implementación del Modelo de Atención | H17: 1.1.1.2.05 | I17: Reuniones de seguimiento a las acciones en el Primer Nivel de Atención con los equipos Áreas y Zonas de Salud. | J17: 1 | M17: 1 | P17: 1 | S17: 1 | V17: =SUM('Formulario PPGR2'!$J17:$U17) -> 4 | W17: Listado de participación | X17: Minuta | Z17: Primer Nivel
B18: =IF('Formulario PPGR2'!$G18="","",CONCATENATE('Formulario PPGR2'!$C18,".",'Formulario PPGR2'!$D18,".",'Formulario PPGR2'!$E18,".",'Formulario PPGR2'!$F18)) -> #REF! | D18: =IF('Formulario PPGR2'!$G18="","",'Formulario PPGR1'!#REF!) -> #REF! | E18: =IF('Formulario PPGR2'!$G18="","",'Formulario PPGR1'!#REF!) -> #REF! | F18: =IF('Formulario PPGR2'!$G18="","",'Formulario PPGR1'!#REF!) -> #REF! | G18: 1.1.1.2 Fortalecimiento del Primer Nivel de Atención sustentado en la implementación del Modelo de Atención | H18: 1.1.1.2.06 | I18: Seguimiento a los CCDX para la el aumento de la facturación de los servicios. | L18: 1 | O18: 1 | R18: 1 | U18: 1 | V18: =SUM('Formulario PPGR2'!$J18:$U18) -> 4 | W18: Reporte | Z18: Primer Nivel
B19: =IF('Formulario PPGR2'!$G19="","",CONCATENATE('Formulario PPGR2'!$C19,".",'Formulario PPGR2'!$D19,".",'Formulario PPGR2'!$E19,".",'Formulario PPGR2'!$F19)) -> #REF! | D19: =IF('Formulario PPGR2'!$G19="","",'Formulario PPGR1'!#REF!) -> #REF! | E19: =IF('Formulario PPGR2'!$G19="","",'Formulario PPGR1'!#REF!) -> #REF! | F19: =IF('Formulario PPGR2'!$G19="","",'Formulario PPGR1'!#REF!) -> #REF! | G19: 1.1.1.2 Fortalecimiento del Primer Nivel de Atención sustentado en la implementación del Modelo de Atención | H19: 1.1.1.2.07 | I19: Seguimiento a las atenciones por curso de vida definidas en el marco del convenio con SENASA. | L19: 1 | O19: 1 | R19: 1 | U19: 1 | V19: =SUM('Formulario PPGR2'!$J19:$U19) -> 4 | W19: Informe | Z19: Primer Nivel
B20: =IF('Formulario PPGR2'!$G20="","",CONCATENATE('Formulario PPGR2'!$C20,".",'Formulario PPGR2'!$D20,".",'Formulario PPGR2'!$E20,".",'Formulario PPGR2'!$F20)) -> #REF! | D20: =IF('Formulario PPGR2'!$G20="","",'Formulario PPGR1'!#REF!) -> #REF! | E20: =IF('Formulario PPGR2'!$G20="","",'Formulario PPGR1'!#REF!) -> #REF! | F20: =IF('Formulario PPGR2'!$G20="","",'Formulario PPGR1'!#REF!) -> #REF! | G20: 1.1.1.2 Fortalecimiento del Primer Nivel de Atención sustentado en la implementación del Modelo de Atención | H20: 1.1.1.2.08 | I20: Captura, seguimiento y evaluación de la atención de Adulto Mayor en las UNAP. | L20: 1 | O20: 1 | R20: 1 | U20: 1 | V20: =SUM('Formulario PPGR2'!$J20:$U20) -> 4 | W20: Informe | Y20: Por zona de salud | Z20: Primer Nivel
B21: =IF('Formulario PPGR2'!$G21="","",CONCATENATE('Formulario PPGR2'!$C21,".",'Formulario PPGR2'!$D21,".",'Formulario PPGR2'!$E21,".",'Formulario PPGR2'!$F21)) -> #REF! | D21: =IF('Formulario PPGR2'!$G21="","",'Formulario PPGR1'!#REF!) -> #REF! | E21: =IF('Formulario PPGR2'!$G21="","",'Formulario PPGR1'!#REF!) -> #REF! | F21: =IF('Formulario PPGR2'!$G21="","",'Formulario PPGR1'!#REF!) -> #REF! | G21: 1.1.1.2 Fortalecimiento del Primer Nivel de Atención sustentado en la implementación del Modelo de Atención | H21: 1.1.1.2.09 | I21: Seguimiento a los equipo de la UNAP para el aumento de la realización de visitas domiciliarias con énfasis en programas priorizados. | L21: 1 | O21: 1 | R21: 1 | U21: 1 | V21: =SUM('Formulario PPGR2'!$J21:$U21) -> 4 | W21: Informe | Y21: Por zona de salud | Z21: Primer Nivel
B22: =IF('Formulario PPGR2'!$G22="","",CONCATENATE('Formulario PPGR2'!$C22,".",'Formulario PPGR2'!$D22,".",'Formulario PPGR2'!$E22,".",'Formulario PPGR2'!$F22)) -> #REF! | D22: =IF('Formulario PPGR2'!$G22="","",'Formulario PPGR1'!#REF!) -> #REF! | E22: =IF('Formulario PPGR2'!$G22="","",'Formulario PPGR1'!#REF!) -> #REF! | F22: =IF('Formulario PPGR2'!$G22="","",'Formulario PPGR1'!#REF!) -> #REF! | G22: 1.1.1.3 Despliegue del programa salud escolar | H22: 1.1.1.3.01 | I22: Seguimiento de las acciones para la implementación del programa Salud Escolar en los SRS Metropolitano y Norcentral. | L22: 1 | O22: 1 | R22: 1 | U22: 1 | V22: =SUM('Formulario PPGR2'!$J22:$U22) -> 4 | W22: Informe | Z22: Primer Nivel
B23: =IF('Formulario PPGR2'!$G23="","",CONCATENATE('Formulario PPGR2'!$C23,".",'Formulario PPGR2'!$D23,".",'Formulario PPGR2'!$E23,".",'Formulario PPGR2'!$F23)) -> #REF! | D23: =IF('Formulario PPGR2'!$G23="","",'Formulario PPGR1'!#REF!) -> #REF! | E23: =IF('Formulario PPGR2'!$G23="","",'Formulario PPGR1'!#REF!) -> #REF! | F23: =IF('Formulario PPGR2'!$G23="","",'Formulario PPGR1'!#REF!) -> #REF! | G23: 1.1.2.1 Programa de Fortalecimiento del Nivel Especializado | H23: 1.1.2.1.01 | I23: Seguimiento de la plataforma digital de lista de espera quirúrgica en hospitales priorizados | M23: 1 | P23: 1 | S23: 1 | V23: =SUM('Formulario PPGR2'!$J23:$U23) -> 3 | W23: Reporte | Y23: Reporte de seguimiento a la implementacion de lista de espera quirurgica | Z23: Centros Hospitalarios
B24: =IF('Formulario PPGR2'!$G24="","",CONCATENATE('Formulario PPGR2'!$C24,".",'Formulario PPGR2'!$D24,".",'Formulario PPGR2'!$E24,".",'Formulario PPGR2'!$F24)) -> #REF! | D24: =IF('Formulario PPGR2'!$G24="","",'Formulario PPGR1'!#REF!) -> #REF! | E24: =IF('Formulario PPGR2'!$G24="","",'Formulario PPGR1'!#REF!) -> #REF! | F24: =IF('Formulario PPGR2'!$G24="","",'Formulario PPGR1'!#REF!) -> #REF! | G24: 1.1.2.1 Programa de Fortalecimiento del Nivel Especializado | H24: 1.1.2.1.02 | I24: Seguimiento a la elaboracion y ejecución del plan de mejora para la disminución de lista de espera | N24: 1 | Q24: 1 | U24: 1 | V24: =SUM('Formulario PPGR2'!$J24:$U24) -> 3 | W24: Informe | Y24: Informe de ejecucion de sus centros seleccionados para el plan de lista de espera quirurgica. | Z24: Centros Hospitalarios
B25: =IF('Formulario PPGR2'!$G25="","",CONCATENATE('Formulario PPGR2'!$C25,".",'Formulario PPGR2'!$D25,".",'Formulario PPGR2'!$E25,".",'Formulario PPGR2'!$F25)) -> #REF! | D25: =IF('Formulario PPGR2'!$G25="","",'Formulario PPGR1'!#REF!) -> #REF! | E25: =IF('Formulario PPGR2'!$G25="","",'Formulario PPGR1'!#REF!) -> #REF! | F25: =IF('Formulario PPGR2'!$G25="","",'Formulario PPGR1'!#REF!) -> #REF! | G25: 1.1.2.1 Programa de Fortalecimiento del Nivel Especializado | H25: 1.1.2.1.03 | I25: Análisis del comportamiento de las objeciones médicas y administrativas (SENASA) y otras ARS del régimen Contributivo | J25: 1 | K25: 1 | L25: 1 | M25: 1 | N25: 1 | O25: 1 | P25: 1 | Q25: 1 | R25: 1 | S25: 1 | T25: 1 | U25: 1 | V25: =SUM('Formulario PPGR2'!$J25:$U25) -> 12 | W25: Informe | Y25: Informe general de los centros de salud de su demarcación. | Z25: Centros Hospitalarios
B26: =IF('Formulario PPGR2'!$G26="","",CONCATENATE('Formulario PPGR2'!$C26,".",'Formulario PPGR2'!$D26,".",'Formulario PPGR2'!$E26,".",'Formulario PPGR2'!$F26)) -> #REF! | D26: =IF('Formulario PPGR2'!$G26="","",'Formulario PPGR1'!#REF!) -> #REF! | E26: =IF('Formulario PPGR2'!$G26="","",'Formulario PPGR1'!#REF!) -> #REF! | F26: =IF('Formulario PPGR2'!$G26="","",'Formulario PPGR1'!#REF!) -> #REF! | G26: 1.1.2.1 Programa de Fortalecimiento del Nivel Especializado | H26: 1.1.2.1.04 | I26: Seguimiento a la elaboración de los planes de mejora para la disminución de las objeciones médicas, administrativas y el incremento de la facturación de los CEAS | O26: 1 | U26: 1 | V26: =SUM('Formulario PPGR2'!$J26:$U26) -> 2 | W26: Plan | Z26: Centros Hospitalarios
B27: =IF('Formulario PPGR2'!$G27="","",CONCATENATE('Formulario PPGR2'!$C27,".",'Formulario PPGR2'!$D27,".",'Formulario PPGR2'!$E27,".",'Formulario PPGR2'!$F27)) -> #REF! | D27: =IF('Formulario PPGR2'!$G27="","",'Formulario PPGR1'!#REF!) -> #REF! | E27: =IF('Formulario PPGR2'!$G27="","",'Formulario PPGR1'!#REF!) -> #REF! | F27: =IF('Formulario PPGR2'!$G27="","",'Formulario PPGR1'!#REF!) -> #REF! | G27: 1.1.2.1 Programa de Fortalecimiento del Nivel Especializado | H27: 1.1.2.1.05 | I27: Seguimiento a la ejecución de los planes de mejora para la disminucion de las glosas y el incremento de la facturación de los CEAS. | P27: 1 | U27: 1 | V27: =SUM('Formulario PPGR2'!$J27:$U27) -> 2 | W27: Informe | X27: Plan | Z27: Centros Hospitalarios
B28: =IF('Formulario PPGR2'!$G28="","",CONCATENATE('Formulario PPGR2'!$C28,".",'Formulario PPGR2'!$D28,".",'Formulario PPGR2'!$E28,".",'Formulario PPGR2'!$F28)) -> #REF! | D28: =IF('Formulario PPGR2'!$G28="","",'Formulario PPGR1'!#REF!) -> #REF! | E28: =IF('Formulario PPGR2'!$G28="","",'Formulario PPGR1'!#REF!) -> #REF! | F28: =IF('Formulario PPGR2'!$G28="","",'Formulario PPGR1'!#REF!) -> #REF! | G28: 1.1.2.1 Programa de Fortalecimiento del Nivel Especializado | H28: 1.1.2.1.06 | I28: Levantamiento de hospitales para conocer estatus de la contratacion de las ARS | P28: 1 | V28: =SUM('Formulario PPGR2'!$J28:$U28) -> 1 | W28: Informe | Y28: Informe general de los centros de salud de su demarcación. | Z28: Centros Hospitalarios
B29: =IF('Formulario PPGR2'!$G29="","",CONCATENATE('Formulario PPGR2'!$C29,".",'Formulario PPGR2'!$D29,".",'Formulario PPGR2'!$E29,".",'Formulario PPGR2'!$F29)) -> #REF! | D29: =IF('Formulario PPGR2'!$G29="","",'Formulario PPGR1'!#REF!) -> #REF! | E29: =IF('Formulario PPGR2'!$G29="","",'Formulario PPGR1'!#REF!) -> #REF! | F29: =IF('Formulario PPGR2'!$G29="","",'Formulario PPGR1'!#REF!) -> #REF! | G29: 1.1.2.1 Programa de Fortalecimiento del Nivel Especializado | H29: 1.1.2.1.07 | I29: Seguimiento a la implementacion del proceso de prefactura para la optimizacion y efectividad del proceso de factura en los centros priorizados. | M29: 1 | P29: 1 | R29: 1 | U29: 1 | V29: =SUM('Formulario PPGR2'!$J29:$U29) -> 4 | W29: Informe | Y29: Informe general de los centros seleccioados de su demarcación. | Z29: Centros Hospitalarios
B30: =IF('Formulario PPGR2'!$G30="","",CONCATENATE('Formulario PPGR2'!$C30,".",'Formulario PPGR2'!$D30,".",'Formulario PPGR2'!$E30,".",'Formulario PPGR2'!$F30)) -> #REF! | D30: =IF('Formulario PPGR2'!$G30="","",'Formulario PPGR1'!#REF!) -> #REF! | E30: =IF('Formulario PPGR2'!$G30="","",'Formulario PPGR1'!#REF!) -> #REF! | F30: =IF('Formulario PPGR2'!$G30="","",'Formulario PPGR1'!#REF!) -> #REF! | G30: 1.1.2.2 Operaciones de emergencias y gestión de riesgos | H30: 1.1.2.2.01 | I30: Reunion de coordinación para la gestión de la red de emergencias médicas de su demarcación | P30: 1 | V30: =SUM('Formulario PPGR2'!$J30:$U30) -> 1 | W30: Listado de participación | X30: Minuta | Z30: Emergencias
B31: =IF('Formulario PPGR2'!$G31="","",CONCATENATE('Formulario PPGR2'!$C31,".",'Formulario PPGR2'!$D31,".",'Formulario PPGR2'!$E31,".",'Formulario PPGR2'!$F31)) -> #REF! | D31: =IF('Formulario PPGR2'!$G31="","",'Formulario PPGR1'!#REF!) -> #REF! | E31: =IF('Formulario PPGR2'!$G31="","",'Formulario PPGR1'!#REF!) -> #REF! | F31: =IF('Formulario PPGR2'!$G31="","",'Formulario PPGR1'!#REF!) -> #REF! | G31: 1.1.2.2 Operaciones de emergencias y gestión de riesgos | H31: 1.1.2.2.02 | I31: Reunion de Coordinación de la implementación del Modelo Integrado de Atención de Emergencias y Urgencias | P31: 1 | U31: 1 | V31: =SUM('Formulario PPGR2'!$J31:$U31) -> 2 | W31: Listado de participación | X31: Minuta | Z31: Emergencias
B32: =IF('Formulario PPGR2'!$G32="","",CONCATENATE('Formulario PPGR2'!$C32,".",'Formulario PPGR2'!$D32,".",'Formulario PPGR2'!$E32,".",'Formulario PPGR2'!$F32)) -> #REF! | D32: =IF('Formulario PPGR2'!$G32="","",'Formulario PPGR1'!#REF!) -> #REF! | E32: =IF('Formulario PPGR2'!$G32="","",'Formulario PPGR1'!#REF!) -> #REF! | F32: =IF('Formulario PPGR2'!$G32="","",'Formulario PPGR1'!#REF!) -> #REF! | G32: 1.1.2.2 Operaciones de emergencias y gestión de riesgos | H32: 1.1.2.2.03 | I32: Supervisión de Oficiales RAC-Triaje y la implementación de RAC-Triaje en Salas de Emergencias Hospitalarias | L32: 1 | O32: 1 | R32: 1 | V32: =SUM('Formulario PPGR2'!$J32:$U32) -> 3 | W32: Reporte | X32: Otros | Y32: Formularios de supervision | Z32: Emergencias
B33: =IF('Formulario PPGR2'!$G33="","",CONCATENATE('Formulario PPGR2'!$C33,".",'Formulario PPGR2'!$D33,".",'Formulario PPGR2'!$E33,".",'Formulario PPGR2'!$F33)) -> #REF! | D33: =IF('Formulario PPGR2'!$G33="","",'Formulario PPGR1'!#REF!) -> #REF! | E33: =IF('Formulario PPGR2'!$G33="","",'Formulario PPGR1'!#REF!) -> #REF! | F33: =IF('Formulario PPGR2'!$G33="","",'Formulario PPGR1'!#REF!) -> #REF! | G33: 1.1.2.2 Operaciones de emergencias y gestión de riesgos | H33: 1.1.2.2.04 | I33: Supervisión al llenado de historia clinica de emergencias, reporte de indicadores y del registro de los pacientes en el libro de emergencias | P33: 1 | T33: 1 | V33: =SUM('Formulario PPGR2'!$J33:$U33) -> 2 | W33: Reporte | Z33: Emergencias
B34: =IF('Formulario PPGR2'!$G34="","",CONCATENATE('Formulario PPGR2'!$C34,".",'Formulario PPGR2'!$D34,".",'Formulario PPGR2'!$E34,".",'Formulario PPGR2'!$F34)) -> #REF! | D34: =IF('Formulario PPGR2'!$G34="","",'Formulario PPGR1'!#REF!) -> #REF! | E34: =IF('Formulario PPGR2'!$G34="","",'Formulario PPGR1'!#REF!) -> #REF! | F34: =IF('Formulario PPGR2'!$G34="","",'Formulario PPGR1'!#REF!) -> #REF! | G34: 1.1.2.2 Operaciones de emergencias y gestión de riesgos | H34: 1.1.2.2.05 | I34: Supervisión procedimiento de entrega, recibo y reposicion de carro de paro en salas de emergencias | O34: 1 | S34: 1 | V34: =SUM('Formulario PPGR2'!$J34:$U34) -> 2 | W34: Otros | Y34: Formularios de Supervision | Z34: Emergencias
B35: =IF('Formulario PPGR2'!$G35="","",CONCATENATE('Formulario PPGR2'!$C35,".",'Formulario PPGR2'!$D35,".",'Formulario PPGR2'!$E35,".",'Formulario PPGR2'!$F35)) -> #REF! | D35: =IF('Formulario PPGR2'!$G35="","",'Formulario PPGR1'!#REF!) -> #REF! | E35: =IF('Formulario PPGR2'!$G35="","",'Formulario PPGR1'!#REF!) -> #REF! | F35: =IF('Formulario PPGR2'!$G35="","",'Formulario PPGR1'!#REF!) -> #REF! | G35: 1.1.2.2 Operaciones de emergencias y gestión de riesgos | H35: 1.1.2.2.06 | I35: Monitoreo del tablero de Indicadores de Gestión de las Salas de Emergencias Hospitalaria | L35: 1 | O35: 1 | R35: 1 | U35: 1 | V35: =SUM('Formulario PPGR2'!$J35:$U35) -> 4 | W35: Reporte | Z35: Emergencias
B36: =IF('Formulario PPGR2'!$G36="","",CONCATENATE('Formulario PPGR2'!$C36,".",'Formulario PPGR2'!$D36,".",'Formulario PPGR2'!$E36,".",'Formulario PPGR2'!$F36)) -> #REF! | D36: =IF('Formulario PPGR2'!$G36="","",'Formulario PPGR1'!#REF!) -> #REF! | E36: =IF('Formulario PPGR2'!$G36="","",'Formulario PPGR1'!#REF!) -> #REF! | F36: =IF('Formulario PPGR2'!$G36="","",'Formulario PPGR1'!#REF!) -> #REF! | G36: 1.1.2.2 Operaciones de emergencias y gestión de riesgos | H36: 1.1.2.2.07 | I36: Seguimiento del Plan de Mejora de los Servicios de emergencias Centros hospitalario | K36: 1 | S36: 1 | V36: =SUM('Formulario PPGR2'!$J36:$U36) -> 2 | W36: Plan | X36: Listado de participación | Y36: Reporte | Z36: Emergencias
B37: =IF('Formulario PPGR2'!$G37="","",CONCATENATE('Formulario PPGR2'!$C37,".",'Formulario PPGR2'!$D37,".",'Formulario PPGR2'!$E37,".",'Formulario PPGR2'!$F37)) -> #REF! | D37: =IF('Formulario PPGR2'!$G37="","",'Formulario PPGR1'!#REF!) -> #REF! | E37: =IF('Formulario PPGR2'!$G37="","",'Formulario PPGR1'!#REF!) -> #REF! | F37: =IF('Formulario PPGR2'!$G37="","",'Formulario PPGR1'!#REF!) -> #REF! | G37: 1.1.2.2 Operaciones de emergencias y gestión de riesgos | H37: 1.1.2.2.08 | I37: Seguimiento a la elaboración y/o actualización de los Planes de Emergencias de Salud y Desastres Naturales ORS y CEAS | L37: 1 | V37: =SUM('Formulario PPGR2'!$J37:$U37) -> 1 | W37: Informe | X37: Otros | Y37: Plan en registro digital | Z37: Emergencias
B38: =IF('Formulario PPGR2'!$G38="","",CONCATENATE('Formulario PPGR2'!$C38,".",'Formulario PPGR2'!$D38,".",'Formulario PPGR2'!$E38,".",'Formulario PPGR2'!$F38)) -> #REF! | D38: =IF('Formulario PPGR2'!$G38="","",'Formulario PPGR1'!#REF!) -> #REF! | E38: =IF('Formulario PPGR2'!$G38="","",'Formulario PPGR1'!#REF!) -> #REF! | F38: =IF('Formulario PPGR2'!$G38="","",'Formulario PPGR1'!#REF!) -> #REF! | G38: 1.1.2.2 Operaciones de emergencias y gestión de riesgos | H38: 1.1.2.2.09 | I38: Supervisión y seguimiento a la funcionalidad de los Planes de Emergencias y Desastres Hospitalarios a traves de simulacros | S38: 1 | V38: =SUM('Formulario PPGR2'!$J38:$U38) -> 1 | W38: Informe | Z38: Emergencias
B39: =IF('Formulario PPGR2'!$G39="","",CONCATENATE('Formulario PPGR2'!$C39,".",'Formulario PPGR2'!$D39,".",'Formulario PPGR2'!$E39,".",'Formulario PPGR2'!$F39)) -> #REF! | D39: =IF('Formulario PPGR2'!$G39="","",'Formulario PPGR1'!#REF!) -> #REF! | E39: =IF('Formulario PPGR2'!$G39="","",'Formulario PPGR1'!#REF!) -> #REF! | F39: =IF('Formulario PPGR2'!$G39="","",'Formulario PPGR1'!#REF!) -> #REF! | G39: 1.1.2.2 Operaciones de emergencias y gestión de riesgos | H39: 1.1.2.2.10 | I39: Reunión de coordinación de Operativo Feriado Navidad y Año Nuevo | U39: 1 | V39: =SUM('Formulario PPGR2'!$J39:$U39) -> 1 | W39: Listado de participación | X39: Minuta | Z39: Emergencias
B40: =IF('Formulario PPGR2'!$G40="","",CONCATENATE('Formulario PPGR2'!$C40,".",'Formulario PPGR2'!$D40,".",'Formulario PPGR2'!$E40,".",'Formulario PPGR2'!$F40)) -> #REF! | D40: =IF('Formulario PPGR2'!$G40="","",'Formulario PPGR1'!#REF!) -> #REF! | E40: =IF('Formulario PPGR2'!$G40="","",'Formulario PPGR1'!#REF!) -> #REF! | F40: =IF('Formulario PPGR2'!$G40="","",'Formulario PPGR1'!#REF!) -> #REF! | G40: 1.1.2.2 Operaciones de emergencias y gestión de riesgos | H40: 1.1.2.2.11 | I40: Reunion de coordinación preparativos Operativo Semana Santa | L40: 1 | V40: =SUM('Formulario PPGR2'!$J40:$U40) -> 1 | W40: Listado de participación | X40: Minuta | Z40: Emergencias
B41: =IF('Formulario PPGR2'!$G41="","",CONCATENATE('Formulario PPGR2'!$C41,".",'Formulario PPGR2'!$D41,".",'Formulario PPGR2'!$E41,".",'Formulario PPGR2'!$F41)) -> #REF! | D41: =IF('Formulario PPGR2'!$G41="","",'Formulario PPGR1'!#REF!) -> #REF! | E41: =IF('Formulario PPGR2'!$G41="","",'Formulario PPGR1'!#REF!) -> #REF! | F41: =IF('Formulario PPGR2'!$G41="","",'Formulario PPGR1'!#REF!) -> #REF! | G41: 1.1.2.2 Operaciones de emergencias y gestión de riesgos | H41: 1.1.2.2.12 | I41: Reunion coordinación preparativos y pespuesta a Temporada Ciclónica y Eventos de Salud Pública consecuentes | N41: 1 | V41: =SUM('Formulario PPGR2'!$J41:$U41) -> 1 | W41: Listado de participación | X41: Minuta | Z41: Emergencias
B42: =IF('Formulario PPGR2'!$G42="","",CONCATENATE('Formulario PPGR2'!$C42,".",'Formulario PPGR2'!$D42,".",'Formulario PPGR2'!$E42,".",'Formulario PPGR2'!$F42)) -> #REF! | D42: =IF('Formulario PPGR2'!$G42="","",'Formulario PPGR1'!#REF!) -> #REF! | E42: =IF('Formulario PPGR2'!$G42="","",'Formulario PPGR1'!#REF!) -> #REF! | F42: =IF('Formulario PPGR2'!$G42="","",'Formulario PPGR1'!#REF!) -> #REF! | G42: 1.1.2.2 Operaciones de emergencias y gestión de riesgos | H42: 1.1.2.2.13 | I42: Reunión de análisis situacional de salud pública y desastres naturales de su demarcación | N42: 1 | V42: =SUM('Formulario PPGR2'!$J42:$U42) -> 1 | W42: Listado de participación | X42: Minuta | Z42: Emergencias
B43: =IF('Formulario PPGR2'!$G43="","",CONCATENATE('Formulario PPGR2'!$C43,".",'Formulario PPGR2'!$D43,".",'Formulario PPGR2'!$E43,".",'Formulario PPGR2'!$F43)) -> #REF! | D43: =IF('Formulario PPGR2'!$G43="","",'Formulario PPGR1'!#REF!) -> #REF! | E43: =IF('Formulario PPGR2'!$G43="","",'Formulario PPGR1'!#REF!) -> #REF! | F43: =IF('Formulario PPGR2'!$G43="","",'Formulario PPGR1'!#REF!) -> #REF! | G43: 1.1.2.3 Implementación de la estrategia HEARTS para la prevención y control de las enfermedades crónicas no transmisibles (ECNT) implementada. | H43: 1.1.2.3.01 | I43: Capacitación al personal de salud en los módulos de la Estrategia Hearts. | N43: 1 | T43: 1 | V43: =SUM('Formulario PPGR2'!$J43:$U43) -> 2 | W43: Listado de participación | X43: Agenda | Z43: Primer Nivel
B44: =IF('Formulario PPGR2'!$G44="","",CONCATENATE('Formulario PPGR2'!$C44,".",'Formulario PPGR2'!$D44,".",'Formulario PPGR2'!$E44,".",'Formulario PPGR2'!$F44)) -> #REF! | D44: =IF('Formulario PPGR2'!$G44="","",'Formulario PPGR1'!#REF!) -> #REF! | E44: =IF('Formulario PPGR2'!$G44="","",'Formulario PPGR1'!#REF!) -> #REF! | F44: =IF('Formulario PPGR2'!$G44="","",'Formulario PPGR1'!#REF!) -> #REF! | G44: 1.1.2.3 Implementación de la estrategia HEARTS para la prevención y control de las enfermedades crónicas no transmisibles (ECNT) implementada. | H44: 1.1.2.3.02 | I44: Despliegue de la Estrategia Hearts en el 100% de las Unidades de Atención Primaria del SRS. | O44: 1 | U44: 1 | V44: =SUM('Formulario PPGR2'!$J44:$U44) -> 2 | W44: Informe | Z44: Primer Nivel
B45: =IF('Formulario PPGR2'!$G45="","",CONCATENATE('Formulario PPGR2'!$C45,".",'Formulario PPGR2'!$D45,".",'Formulario PPGR2'!$E45,".",'Formulario PPGR2'!$F45)) -> #REF! | D45: =IF('Formulario PPGR2'!$G45="","",'Formulario PPGR1'!#REF!) -> #REF! | E45: =IF('Formulario PPGR2'!$G45="","",'Formulario PPGR1'!#REF!) -> #REF! | F45: =IF('Formulario PPGR2'!$G45="","",'Formulario PPGR1'!#REF!) -> #REF! | G45: 1.1.2.3 Implementación de la estrategia HEARTS para la prevención y control de las enfermedades crónicas no transmisibles (ECNT) implementada. | H45: 1.1.2.3.03 | I45: Tamizaje de captación de personas para la prevensión y control de las ECNT. | L45: 1 | O45: 1 | R45: 1 | U45: 1 | V45: =SUM('Formulario PPGR2'!$J45:$U45) -> 4 | W45: Reporte | X45: Listado de participación | Z45: Primer Nivel
B46: =IF('Formulario PPGR2'!$G46="","",CONCATENATE('Formulario PPGR2'!$C46,".",'Formulario PPGR2'!$D46,".",'Formulario PPGR2'!$E46,".",'Formulario PPGR2'!$F46)) -> #REF! | D46: =IF('Formulario PPGR2'!$G46="","",'Formulario PPGR1'!#REF!) -> #REF! | E46: =IF('Formulario PPGR2'!$G46="","",'Formulario PPGR1'!#REF!) -> #REF! | F46: =IF('Formulario PPGR2'!$G46="","",'Formulario PPGR1'!#REF!) -> #REF! | G46: 1.1.2.3 Implementación de la estrategia HEARTS para la prevención y control de las enfermedades crónicas no transmisibles (ECNT) implementada. | H46: 1.1.2.3.04 | I46: Seguimiento a la implementación y funcionalidad de la Estrategia Hearts en el 100% de las Unidades de Atención Primaria del SRS. | O46: 1 | U46: 1 | V46: =SUM('Formulario PPGR2'!$J46:$U46) -> 2 | W46: Informe | Z46: Primer Nivel
B47: =IF('Formulario PPGR2'!$G47="","",CONCATENATE('Formulario PPGR2'!$C47,".",'Formulario PPGR2'!$D47,".",'Formulario PPGR2'!$E47,".",'Formulario PPGR2'!$F47)) -> #REF! | D47: =IF('Formulario PPGR2'!$G47="","",'Formulario PPGR1'!#REF!) -> #REF! | E47: =IF('Formulario PPGR2'!$G47="","",'Formulario PPGR1'!#REF!) -> #REF! | F47: =IF('Formulario PPGR2'!$G47="","",'Formulario PPGR1'!#REF!) -> #REF! | G47: 1.1.2.3 Implementación de la estrategia HEARTS para la prevención y control de las enfermedades crónicas no transmisibles (ECNT) implementada. | H47: 1.1.2.3.05 | I47: Seguimiento a las iniciativas de prevención de otras enfermedades cronicas no trasmisibles. | O47: 1 | U47: 1 | V47: =SUM('Formulario PPGR2'!$J47:$U47) -> 2 | W47: Informe | Z47: Primer Nivel
B48: =IF('Formulario PPGR2'!$G48="","",CONCATENATE('Formulario PPGR2'!$C48,".",'Formulario PPGR2'!$D48,".",'Formulario PPGR2'!$E48,".",'Formulario PPGR2'!$F48)) -> #REF! | D48: =IF('Formulario PPGR2'!$G48="","",'Formulario PPGR1'!#REF!) -> #REF! | E48: =IF('Formulario PPGR2'!$G48="","",'Formulario PPGR1'!#REF!) -> #REF! | F48: =IF('Formulario PPGR2'!$G48="","",'Formulario PPGR1'!#REF!) -> #REF! | G48: 1.1.2.4 Fortalecimiento de la atención integral a menores de 5 años | H48: 1.1.2.4.01 | I48: Seguimiento a los equipos de la UNAP para el aumento de la captación, seguimiento al crecimiento y desarrollo, vigilancia del estado nutricional, esquema de vacunación en menores de 5 años con controles de salud de acuerdo con el protocolo. | L48: 1 | O48: 1 | R48: 1 | U48: 1 | V48: =SUM('Formulario PPGR2'!$J48:$U48) -> 4 | W48: Informe | Y48: Por zona de salud | Z48: Primer Nivel
B49: =IF('Formulario PPGR2'!$G49="","",CONCATENATE('Formulario PPGR2'!$C49,".",'Formulario PPGR2'!$D49,".",'Formulario PPGR2'!$E49,".",'Formulario PPGR2'!$F49)) -> #REF! | D49: =IF('Formulario PPGR2'!$G49="","",'Formulario PPGR1'!#REF!) -> #REF! | E49: =IF('Formulario PPGR2'!$G49="","",'Formulario PPGR1'!#REF!) -> #REF! | F49: =IF('Formulario PPGR2'!$G49="","",'Formulario PPGR1'!#REF!) -> #REF! | G49: 1.1.2.5 Fotalecimiento de los servicios de la red de servicios de Salud Mental | H49: 1.1.2.5.01 | I49: =+W290 -> 0 | L49: 1 | M49: 1 | N49: 1 | O49: 1 | P49: 1 | Q49: 1 | R49: 1 | S49: 1 | T49: 1 | V49: =SUM('Formulario PPGR2'!$J49:$U49) -> 9 | W49: Listado de participación | X49: Informe | Z49: Gestión Clínica
B50: =IF('Formulario PPGR2'!$G50="","",CONCATENATE('Formulario PPGR2'!$C50,".",'Formulario PPGR2'!$D50,".",'Formulario PPGR2'!$E50,".",'Formulario PPGR2'!$F50)) -> #REF! | D50: =IF('Formulario PPGR2'!$G50="","",'Formulario PPGR1'!#REF!) -> #REF! | E50: =IF('Formulario PPGR2'!$G50="","",'Formulario PPGR1'!#REF!) -> #REF! | F50: =IF('Formulario PPGR2'!$G50="","",'Formulario PPGR1'!#REF!) -> #REF! | G50: 1.1.2.5 Fotalecimiento de los servicios de la red de servicios de Salud Mental | H50: 1.1.2.5.02 | I50: Taller de capacitación en el fortalecimiento de buenas prácticas en protocolos y documentación estandarizada. | P50: 1 | S50: 1 | V50: =SUM('Formulario PPGR2'!$J50:$U50) -> 2 | W50: Listado de participación | X50: Agenda | Z50: Gestión Clínica
B51: =IF('Formulario PPGR2'!$G51="","",CONCATENATE('Formulario PPGR2'!$C51,".",'Formulario PPGR2'!$D51,".",'Formulario PPGR2'!$E51,".",'Formulario PPGR2'!$F51)) -> #REF! | D51: =IF('Formulario PPGR2'!$G51="","",'Formulario PPGR1'!#REF!) -> #REF! | E51: =IF('Formulario PPGR2'!$G51="","",'Formulario PPGR1'!#REF!) -> #REF! | F51: =IF('Formulario PPGR2'!$G51="","",'Formulario PPGR1'!#REF!) -> #REF! | G51: 1.1.2.5 Fotalecimiento de los servicios de la red de servicios de Salud Mental | H51: 1.1.2.5.03 | I51: Ampliación de la estrategia mhGAP de Atención Primaria, con enfoque prioritario en los Servicios Regionales Metropolitana, Valdesia y Norcentral. | O51: 1 | T51: 1 | V51: =SUM('Formulario PPGR2'!$J51:$U51) -> 2 | W51: Listado de participación | X51: Informe | Z51: Gestión Clínica
B52: =IF('Formulario PPGR2'!$G52="","",CONCATENATE('Formulario PPGR2'!$C52,".",'Formulario PPGR2'!$D52,".",'Formulario PPGR2'!$E52,".",'Formulario PPGR2'!$F52)) -> #REF! | D52: =IF('Formulario PPGR2'!$G52="","",'Formulario PPGR1'!#REF!) -> #REF! | E52: =IF('Formulario PPGR2'!$G52="","",'Formulario PPGR1'!#REF!) -> #REF! | F52: =IF('Formulario PPGR2'!$G52="","",'Formulario PPGR1'!#REF!) -> #REF! | G52: 1.1.2.5 Fotalecimiento de los servicios de la red de servicios de Salud Mental | H52: 1.1.2.5.04 | I52: Visitas de Supervision a las Unidades de Intervención en Crisis en funcionamiento en la región. | L52: 1 | M52: 1 | N52: 1 | O52: 1 | P52: 1 | Q52: 1 | R52: 1 | S52: 1 | T52: 1 | V52: =SUM('Formulario PPGR2'!$J52:$U52) -> 9 | W52: Listado de participación | X52: Informe | Z52: Gestión Clínica
B53: =IF('Formulario PPGR2'!$G53="","",CONCATENATE('Formulario PPGR2'!$C53,".",'Formulario PPGR2'!$D53,".",'Formulario PPGR2'!$E53,".",'Formulario PPGR2'!$F53)) -> #REF! | D53: =IF('Formulario PPGR2'!$G53="","",'Formulario PPGR1'!#REF!) -> #REF! | E53: =IF('Formulario PPGR2'!$G53="","",'Formulario PPGR1'!#REF!) -> #REF! | F53: =IF('Formulario PPGR2'!$G53="","",'Formulario PPGR1'!#REF!) -> #REF! | G53: 1.1.2.6 Seguimiento a la aplicación de los protocolos de las enfermedades zoonóticas | H53: 1.1.2.6.01 | I53: Supervisión a la implementación del DTIR (Detección, tratamiento, investigación y Respuesta) en Establecimientos de Salud del Primer Nivel de Atención y Nivel Especializado. | K53: 1 | M53: 1 | O53: 1 | Q53: 1 | S53: 1 | U53: 1 | V53: =SUM('Formulario PPGR2'!$J53:$U53) -> 6 | W53: Listado de participación | X53: Informe | Z53: Gestión Clínica
B54: =IF('Formulario PPGR2'!$G54="","",CONCATENATE('Formulario PPGR2'!$C54,".",'Formulario PPGR2'!$D54,".",'Formulario PPGR2'!$E54,".",'Formulario PPGR2'!$F54)) -> #REF! | D54: =IF('Formulario PPGR2'!$G54="","",'Formulario PPGR1'!#REF!) -> #REF! | E54: =IF('Formulario PPGR2'!$G54="","",'Formulario PPGR1'!#REF!) -> #REF! | F54: =IF('Formulario PPGR2'!$G54="","",'Formulario PPGR1'!#REF!) -> #REF! | G54: 1.1.2.6 Seguimiento a la aplicación de los protocolos de las enfermedades zoonóticas | H54: 1.1.2.6.02 | I54: Seguimiento al proceso de atención del paciente con mordedura en 1 EESS. | L54: 1 | N54: 1 | P54: 1 | R54: 1 | T54: 1 | V54: =SUM('Formulario PPGR2'!$J54:$U54) -> 5 | W54: Listado de participación | X54: Informe | Z54: Gestión Clínica
B55: =IF('Formulario PPGR2'!$G55="","",CONCATENATE('Formulario PPGR2'!$C55,".",'Formulario PPGR2'!$D55,".",'Formulario PPGR2'!$E55,".",'Formulario PPGR2'!$F55)) -> #REF! | D55: =IF('Formulario PPGR2'!$G55="","",'Formulario PPGR1'!#REF!) -> #REF! | E55: =IF('Formulario PPGR2'!$G55="","",'Formulario PPGR1'!#REF!) -> #REF! | F55: =IF('Formulario PPGR2'!$G55="","",'Formulario PPGR1'!#REF!) -> #REF! | G55: 1.1.2.6 Seguimiento a la aplicación de los protocolos de las enfermedades zoonóticas | H55: 1.1.2.6.03 | I55: Taller de actualización en manejo de Arbovirosis dirigido al personal de los centros de salud del Primer Nivel de Atención. | M55: 1 | V55: =SUM('Formulario PPGR2'!$J55:$U55) -> 1 | W55: Listado de participación | X55: Agenda | Z55: Gestión Clínica
B56: =IF('Formulario PPGR2'!$G56="","",CONCATENATE('Formulario PPGR2'!$C56,".",'Formulario PPGR2'!$D56,".",'Formulario PPGR2'!$E56,".",'Formulario PPGR2'!$F56)) -> #REF! | D56: =IF('Formulario PPGR2'!$G56="","",'Formulario PPGR1'!#REF!) -> #REF! | E56: =IF('Formulario PPGR2'!$G56="","",'Formulario PPGR1'!#REF!) -> #REF! | F56: =IF('Formulario PPGR2'!$G56="","",'Formulario PPGR1'!#REF!) -> #REF! | G56: 1.1.2.6 Seguimiento a la aplicación de los protocolos de las enfermedades zoonóticas | H56: 1.1.2.6.04 | I56: Taller de actualización en detección y manejo de la leptospirosis dirigido al personal de los centros de salud de 2do y 3er nivel de atención.. | S56: 1 | V56: =SUM('Formulario PPGR2'!$J56:$U56) -> 1 | W56: Listado de participación | X56: Agenda | Z56: Gestión Clínica
B57: =IF('Formulario PPGR2'!$G57="","",CONCATENATE('Formulario PPGR2'!$C57,".",'Formulario PPGR2'!$D57,".",'Formulario PPGR2'!$E57,".",'Formulario PPGR2'!$F57)) -> #REF! | D57: =IF('Formulario PPGR2'!$G57="","",'Formulario PPGR1'!#REF!) -> #REF! | E57: =IF('Formulario PPGR2'!$G57="","",'Formulario PPGR1'!#REF!) -> #REF! | F57: =IF('Formulario PPGR2'!$G57="","",'Formulario PPGR1'!#REF!) -> #REF! | G57: 1.1.3.1 Aumento de la provisión de servicios de salud sexual y reproductiva en la Red SNS | H57: 1.1.3.1.01 | I57: Seguimiento al programa de planificacion familiar en el PNA | M57: 1 | P57: 1 | S57: 1 | V57: =SUM('Formulario PPGR2'!$J57:$U57) -> 3 | W57: Informe | Y57: Por zona de salud | Z57: Primer Nivel
B58: =IF('Formulario PPGR2'!$G58="","",CONCATENATE('Formulario PPGR2'!$C58,".",'Formulario PPGR2'!$D58,".",'Formulario PPGR2'!$E58,".",'Formulario PPGR2'!$F58)) -> #REF! | D58: =IF('Formulario PPGR2'!$G58="","",'Formulario PPGR1'!#REF!) -> #REF! | E58: =IF('Formulario PPGR2'!$G58="","",'Formulario PPGR1'!#REF!) -> #REF! | F58: =IF('Formulario PPGR2'!$G58="","",'Formulario PPGR1'!#REF!) -> #REF! | G58: 1.1.3.1 Aumento de la provisión de servicios de salud sexual y reproductiva en la Red SNS | H58: 1.1.3.1.02 | I58: Seguimiento a los equipos de las UNAP en la realización de Pap a las mujeres entre 19 y 65 años al menos una vez en el último año. | L58: 1 | O58: 1 | R58: 1 | U58: 1 | V58: =SUM('Formulario PPGR2'!$J58:$U58) -> 4 | W58: Informe | Y58: Por zona de salud | Z58: Primer Nivel
B59: =IF('Formulario PPGR2'!$G59="","",CONCATENATE('Formulario PPGR2'!$C59,".",'Formulario PPGR2'!$D59,".",'Formulario PPGR2'!$E59,".",'Formulario PPGR2'!$F59)) -> #REF! | D59: =IF('Formulario PPGR2'!$G59="","",'Formulario PPGR1'!#REF!) -> #REF! | E59: =IF('Formulario PPGR2'!$G59="","",'Formulario PPGR1'!#REF!) -> #REF! | F59: =IF('Formulario PPGR2'!$G59="","",'Formulario PPGR1'!#REF!) -> #REF! | G59: 1.1.3.1 Aumento de la provisión de servicios de salud sexual y reproductiva en la Red SNS | H59: 1.1.3.1.03 | I59: Visitas de seguimiento para el fortalecimiento de los Servicios de Infecciones de Transmisión Sexual (ITS) de los puestos centinelas establecidos. | K59: 1 | N59: 1 | Q59: 1 | T59: 1 | V59: =SUM('Formulario PPGR2'!$J59:$U59) -> 4 | W59: Listado de participación | X59: Informe | Z59: Gestión Clínica
B60: =IF('Formulario PPGR2'!$G60="","",CONCATENATE('Formulario PPGR2'!$C60,".",'Formulario PPGR2'!$D60,".",'Formulario PPGR2'!$E60,".",'Formulario PPGR2'!$F60)) -> #REF! | D60: =IF('Formulario PPGR2'!$G60="","",'Formulario PPGR1'!#REF!) -> #REF! | E60: =IF('Formulario PPGR2'!$G60="","",'Formulario PPGR1'!#REF!) -> #REF! | F60: =IF('Formulario PPGR2'!$G60="","",'Formulario PPGR1'!#REF!) -> #REF! | G60: 1.1.3.1 Aumento de la provisión de servicios de salud sexual y reproductiva en la Red SNS | H60: 1.1.3.1.04 | I60: Auditoria de la calidad de los datos en los Puestos Centinelas de ITS establecidos. | L60: 1 | P60: 1 | R60: 1 | V60: =SUM('Formulario PPGR2'!$J60:$U60) -> 3 | W60: Listado de participación | X60: Informe | Z60: Gestión Clínica
B61: =IF('Formulario PPGR2'!$G61="","",CONCATENATE('Formulario PPGR2'!$C61,".",'Formulario PPGR2'!$D61,".",'Formulario PPGR2'!$E61,".",'Formulario PPGR2'!$F61)) -> #REF! | D61: =IF('Formulario PPGR2'!$G61="","",'Formulario PPGR1'!#REF!) -> #REF! | E61: =IF('Formulario PPGR2'!$G61="","",'Formulario PPGR1'!#REF!) -> #REF! | F61: =IF('Formulario PPGR2'!$G61="","",'Formulario PPGR1'!#REF!) -> #REF! | G61: 1.1.3.1 Aumento de la provisión de servicios de salud sexual y reproductiva en la Red SNS | H61: 1.1.3.1.05 | I61: Visitas de supervisión para la Mejora de la Calidad de los Datos y el Registro Oportuno en el Sistema de Registro Nominal de Pruebas de VIH (SIRENP) para resultados de pruebas de VIH, Hepatitis B, Hepatitis C y Sífilis | O61: 1 | S61: 2 | V61: =SUM('Formulario PPGR2'!$J61:$U61) -> 3 | W61: Listado de participación | X61: Informe | Z61: Gestión Clínica
B62: =IF('Formulario PPGR2'!$G62="","",CONCATENATE('Formulario PPGR2'!$C62,".",'Formulario PPGR2'!$D62,".",'Formulario PPGR2'!$E62,".",'Formulario PPGR2'!$F62)) -> #REF! | D62: =IF('Formulario PPGR2'!$G62="","",'Formulario PPGR1'!#REF!) -> #REF! | E62: =IF('Formulario PPGR2'!$G62="","",'Formulario PPGR1'!#REF!) -> #REF! | F62: =IF('Formulario PPGR2'!$G62="","",'Formulario PPGR1'!#REF!) -> #REF! | G62: 1.1.3.1 Aumento de la provisión de servicios de salud sexual y reproductiva en la Red SNS | H62: 1.1.3.1.06 | I62: Seguimiento Planificacion Post Evento Obstetrico en los hospitales priorizados | J62: 1 | K62: 1 | L62: 1 | M62: 1 | N62: 1 | O62: 1 | P62: 1 | Q62: 1 | R62: 1 | S62: 1 | T62: 1 | U62: 1 | V62: =SUM('Formulario PPGR2'!$J62:$U62) -> 12 | W62: Informe | Z62: Materno-Infantil y Adolescentes
B63: =IF('Formulario PPGR2'!$G63="","",CONCATENATE('Formulario PPGR2'!$C63,".",'Formulario PPGR2'!$D63,".",'Formulario PPGR2'!$E63,".",'Formulario PPGR2'!$F63)) -> #REF! | D63: =IF('Formulario PPGR2'!$G63="","",'Formulario PPGR1'!#REF!) -> #REF! | E63: =IF('Formulario PPGR2'!$G63="","",'Formulario PPGR1'!#REF!) -> #REF! | F63: =IF('Formulario PPGR2'!$G63="","",'Formulario PPGR1'!#REF!) -> #REF! | G63: 1.1.3.1 Aumento de la provisión de servicios de salud sexual y reproductiva en la Red SNS | H63: 1.1.3.1.07 | I63: Adecuación de la Elaboracion de los planes de mejora de la metodología de Observación de la Práctica Clínica (OPC) según los resultados del monitoreo de calidad de los servicios en los CEAS priorizados | L63: 1 | O63: 1 | R63: 1 | U63: 1 | V63: =SUM('Formulario PPGR2'!$J63:$U63) -> 4 | W63: Plan | Z63: Materno-Infantil y Adolescentes
B64: =IF('Formulario PPGR2'!$G64="","",CONCATENATE('Formulario PPGR2'!$C64,".",'Formulario PPGR2'!$D64,".",'Formulario PPGR2'!$E64,".",'Formulario PPGR2'!$F64)) -> #REF! | D64: =IF('Formulario PPGR2'!$G64="","",'Formulario PPGR1'!#REF!) -> #REF! | E64: =IF('Formulario PPGR2'!$G64="","",'Formulario PPGR1'!#REF!) -> #REF! | F64: =IF('Formulario PPGR2'!$G64="","",'Formulario PPGR1'!#REF!) -> #REF! | G64: 1.1.3.1 Aumento de la provisión de servicios de salud sexual y reproductiva en la Red SNS | H64: 1.1.3.1.08 | I64: Analisis de los indicadores Maternos Neonatales de la Sala Situacional de los CEAS | L64: 1 | O64: 1 | R64: 1 | U64: 1 | V64: =SUM('Formulario PPGR2'!$J64:$U64) -> 4 | W64: Otros | Y64: Matriz Sala Situacional | Z64: Materno-Infantil y Adolescentes
B65: =IF('Formulario PPGR2'!$G65="","",CONCATENATE('Formulario PPGR2'!$C65,".",'Formulario PPGR2'!$D65,".",'Formulario PPGR2'!$E65,".",'Formulario PPGR2'!$F65)) -> #REF! | D65: =IF('Formulario PPGR2'!$G65="","",'Formulario PPGR1'!#REF!) -> #REF! | E65: =IF('Formulario PPGR2'!$G65="","",'Formulario PPGR1'!#REF!) -> #REF! | F65: =IF('Formulario PPGR2'!$G65="","",'Formulario PPGR1'!#REF!) -> #REF! | G65: 1.1.3.1 Aumento de la provisión de servicios de salud sexual y reproductiva en la Red SNS | H65: 1.1.3.1.09 | I65: Análisis y seguimiento a la implementacion de la Estrategia Código Rojo en los CEAS priorizados. | J65: 1 | L65: 1 | N65: 1 | P65: 1 | R65: 1 | T65: 1 | V65: =SUM('Formulario PPGR2'!$J65:$U65) -> 6 | W65: Reporte | Z65: Materno-Infantil y Adolescentes
B66: =IF('Formulario PPGR2'!$G66="","",CONCATENATE('Formulario PPGR2'!$C66,".",'Formulario PPGR2'!$D66,".",'Formulario PPGR2'!$E66,".",'Formulario PPGR2'!$F66)) -> #REF! | D66: =IF('Formulario PPGR2'!$G66="","",'Formulario PPGR1'!#REF!) -> #REF! | E66: =IF('Formulario PPGR2'!$G66="","",'Formulario PPGR1'!#REF!) -> #REF! | F66: =IF('Formulario PPGR2'!$G66="","",'Formulario PPGR1'!#REF!) -> #REF! | G66: 1.1.3.1 Aumento de la provisión de servicios de salud sexual y reproductiva en la Red SNS | H66: 1.1.3.1.10 | I66: Seguimiento al plan de mejora resultado del monitoreo del apego a protocolo de atencion en consulta prenatal en los CEAS priorizados. | L66: 1 | O66: 1 | R66: 1 | U66: 1 | V66: =SUM('Formulario PPGR2'!$J66:$U66) -> 4 | W66: Plan | X66: Informe | Z66: Materno-Infantil y Adolescentes
B67: =IF('Formulario PPGR2'!$G67="","",CONCATENATE('Formulario PPGR2'!$C67,".",'Formulario PPGR2'!$D67,".",'Formulario PPGR2'!$E67,".",'Formulario PPGR2'!$F67)) -> #REF! | D67: =IF('Formulario PPGR2'!$G67="","",'Formulario PPGR1'!#REF!) -> #REF! | E67: =IF('Formulario PPGR2'!$G67="","",'Formulario PPGR1'!#REF!) -> #REF! | F67: =IF('Formulario PPGR2'!$G67="","",'Formulario PPGR1'!#REF!) -> #REF! | G67: 1.1.3.1 Aumento de la provisión de servicios de salud sexual y reproductiva en la Red SNS | H67: 1.1.3.1.11 | I67: Capacitación en el uso y correcto llenado de la Historia Clinica Perinatal en los CEAS de SRS Norcentral, Nordeste y Este. | K67: 1 | N67: 1 | Q67: 1 | T67: 1 | V67: =SUM('Formulario PPGR2'!$J67:$U67) -> 4 | W67: Listado de participación | X67: Agenda | Z67: Materno-Infantil y Adolescentes
B68: =IF('Formulario PPGR2'!$G68="","",CONCATENATE('Formulario PPGR2'!$C68,".",'Formulario PPGR2'!$D68,".",'Formulario PPGR2'!$E68,".",'Formulario PPGR2'!$F68)) -> #REF! | D68: =IF('Formulario PPGR2'!$G68="","",'Formulario PPGR1'!#REF!) -> #REF! | E68: =IF('Formulario PPGR2'!$G68="","",'Formulario PPGR1'!#REF!) -> #REF! | F68: =IF('Formulario PPGR2'!$G68="","",'Formulario PPGR1'!#REF!) -> #REF! | G68: 1.1.3.1 Aumento de la provisión de servicios de salud sexual y reproductiva en la Red SNS | H68: 1.1.3.1.12 | I68: Capacitacion continua sobre prevención de Trastornos Hipertensivos en el embarazo en CEAS provinciales | L68: 1 | O68: 1 | R68: 1 | U68: 1 | V68: =SUM('Formulario PPGR2'!$J68:$U68) -> 4 | W68: Listado de participación | X68: Agenda | Z68: Materno-Infantil y Adolescentes
B69: =IF('Formulario PPGR2'!$G69="","",CONCATENATE('Formulario PPGR2'!$C69,".",'Formulario PPGR2'!$D69,".",'Formulario PPGR2'!$E69,".",'Formulario PPGR2'!$F69)) -> #REF! | D69: =IF('Formulario PPGR2'!$G69="","",'Formulario PPGR1'!#REF!) -> #REF! | E69: =IF('Formulario PPGR2'!$G69="","",'Formulario PPGR1'!#REF!) -> #REF! | F69: =IF('Formulario PPGR2'!$G69="","",'Formulario PPGR1'!#REF!) -> #REF! | G69: 1.1.3.1 Aumento de la provisión de servicios de salud sexual y reproductiva en la Red SNS | H69: 1.1.3.1.13 | I69: Seguimiento al plan de mejora resultado resultado del monitoreo al apego de los Protocolos de Trastornos Hipertensivos en el embarazo a los CEAS priorizados | L69: 1 | O69: 1 | R69: 1 | U69: 1 | V69: =SUM('Formulario PPGR2'!$J69:$U69) -> 4 | W69: Plan | X69: Informe | Z69: Materno-Infantil y Adolescentes
B70: =IF('Formulario PPGR2'!$G70="","",CONCATENATE('Formulario PPGR2'!$C70,".",'Formulario PPGR2'!$D70,".",'Formulario PPGR2'!$E70,".",'Formulario PPGR2'!$F70)) -> #REF! | D70: =IF('Formulario PPGR2'!$G70="","",'Formulario PPGR1'!#REF!) -> #REF! | E70: =IF('Formulario PPGR2'!$G70="","",'Formulario PPGR1'!#REF!) -> #REF! | F70: =IF('Formulario PPGR2'!$G70="","",'Formulario PPGR1'!#REF!) -> #REF! | G70: 1.1.3.1 Aumento de la provisión de servicios de salud sexual y reproductiva en la Red SNS | H70: 1.1.3.1.14 | I70: Capacitación en Planificacion Familiar Post Evento Obstetrico en 5 CEAS por SRS. | K70: 1 | L70: 1 | M70: 1 | N70: 1 | O70: 1 | V70: =SUM('Formulario PPGR2'!$J70:$U70) -> 5 | W70: Listado de participación | X70: Agenda | Z70: Materno-Infantil y Adolescentes
B71: =IF('Formulario PPGR2'!$G71="","",CONCATENATE('Formulario PPGR2'!$C71,".",'Formulario PPGR2'!$D71,".",'Formulario PPGR2'!$E71,".",'Formulario PPGR2'!$F71)) -> #REF! | D71: =IF('Formulario PPGR2'!$G71="","",'Formulario PPGR1'!#REF!) -> #REF! | E71: =IF('Formulario PPGR2'!$G71="","",'Formulario PPGR1'!#REF!) -> #REF! | F71: =IF('Formulario PPGR2'!$G71="","",'Formulario PPGR1'!#REF!) -> #REF! | G71: 1.1.3.1 Aumento de la provisión de servicios de salud sexual y reproductiva en la Red SNS | H71: 1.1.3.1.15 | I71: Seguimiento al fortalecimiento de la estrategia IPAM en CEAS hospitales priorizados | M71: 1 | Q71: 1 | U71: 1 | V71: =SUM('Formulario PPGR2'!$J71:$U71) -> 3 | W71: Informe | Z71: Materno-Infantil y Adolescentes
B72: =IF('Formulario PPGR2'!$G72="","",CONCATENATE('Formulario PPGR2'!$C72,".",'Formulario PPGR2'!$D72,".",'Formulario PPGR2'!$E72,".",'Formulario PPGR2'!$F72)) -> #REF! | D72: =IF('Formulario PPGR2'!$G72="","",'Formulario PPGR1'!#REF!) -> #REF! | E72: =IF('Formulario PPGR2'!$G72="","",'Formulario PPGR1'!#REF!) -> #REF! | F72: =IF('Formulario PPGR2'!$G72="","",'Formulario PPGR1'!#REF!) -> #REF! | G72: 1.1.3.1 Aumento de la provisión de servicios de salud sexual y reproductiva en la Red SNS | H72: 1.1.3.1.16 | I72: Análisis de la morbilidad materna extrema | J72: 1 | K72: 1 | L72: 1 | M72: 1 | N72: 1 | O72: 1 | P72: 1 | Q72: 1 | R72: 1 | S72: 1 | T72: 1 | U72: 1 | V72: =SUM('Formulario PPGR2'!$J72:$U72) -> 12 | W72: Informe | Z72: Materno-Infantil y Adolescentes
B73: =IF('Formulario PPGR2'!$G73="","",CONCATENATE('Formulario PPGR2'!$C73,".",'Formulario PPGR2'!$D73,".",'Formulario PPGR2'!$E73,".",'Formulario PPGR2'!$F73)) -> #REF! | D73: =IF('Formulario PPGR2'!$G73="","",'Formulario PPGR1'!#REF!) -> #REF! | E73: =IF('Formulario PPGR2'!$G73="","",'Formulario PPGR1'!#REF!) -> #REF! | F73: =IF('Formulario PPGR2'!$G73="","",'Formulario PPGR1'!#REF!) -> #REF! | G73: 1.1.3.1 Aumento de la provisión de servicios de salud sexual y reproductiva en la Red SNS | H73: 1.1.3.1.17 | I73: Socialización del Protocolo para la prevención, diagnóstico y tratamiento de la Sepsis Materna | J73: 1 | K73: 1 | L73: 1 | M73: 1 | N73: 1 | O73: 1 | P73: 1 | Q73: 1 | R73: 1 | S73: 1 | T73: 1 | U73: 1 | V73: =SUM('Formulario PPGR2'!$J73:$U73) -> 12 | W73: Listado de participación | Z73: Materno-Infantil y Adolescentes
B74: =IF('Formulario PPGR2'!$G74="","",CONCATENATE('Formulario PPGR2'!$C74,".",'Formulario PPGR2'!$D74,".",'Formulario PPGR2'!$E74,".",'Formulario PPGR2'!$F74)) -> #REF! | D74: =IF('Formulario PPGR2'!$G74="","",'Formulario PPGR1'!#REF!) -> #REF! | E74: =IF('Formulario PPGR2'!$G74="","",'Formulario PPGR1'!#REF!) -> #REF! | F74: =IF('Formulario PPGR2'!$G74="","",'Formulario PPGR1'!#REF!) -> #REF! | G74: 1.1.3.1 Aumento de la provisión de servicios de salud sexual y reproductiva en la Red SNS | H74: 1.1.3.1.18 | I74: Seguimiento al fortalecimiento de la atención de las embarazadas, puerperas y recién nacido a través de la integración de enfermeras obstétricas | L74: 1 | O74: 1 | R74: 1 | U74: 1 | V74: =SUM('Formulario PPGR2'!$J74:$U74) -> 4 | W74: Informe | Z74: Materno-Infantil y Adolescentes
B75: =IF('Formulario PPGR2'!$G75="","",CONCATENATE('Formulario PPGR2'!$C75,".",'Formulario PPGR2'!$D75,".",'Formulario PPGR2'!$E75,".",'Formulario PPGR2'!$F75)) -> #REF! | D75: =IF('Formulario PPGR2'!$G75="","",'Formulario PPGR1'!#REF!) -> #REF! | E75: =IF('Formulario PPGR2'!$G75="","",'Formulario PPGR1'!#REF!) -> #REF! | F75: =IF('Formulario PPGR2'!$G75="","",'Formulario PPGR1'!#REF!) -> #REF! | G75: 1.1.3.2 Mejorada la atención de enfermedades transmisibles | H75: 1.1.3.2.01 | I75: Seguimiento a los programas de enfermedades transmisibles por vectores en primer nivel de atención. | L75: 1 | O75: 1 | R75: 1 | U75: 1 | V75: =SUM('Formulario PPGR2'!$J75:$U75) -> 4 | W75: Informe | Z75: Primer Nivel
B76: =IF('Formulario PPGR2'!$G76="","",CONCATENATE('Formulario PPGR2'!$C76,".",'Formulario PPGR2'!$D76,".",'Formulario PPGR2'!$E76,".",'Formulario PPGR2'!$F76)) -> #REF! | D76: =IF('Formulario PPGR2'!$G76="","",'Formulario PPGR1'!#REF!) -> #REF! | E76: =IF('Formulario PPGR2'!$G76="","",'Formulario PPGR1'!#REF!) -> #REF! | F76: =IF('Formulario PPGR2'!$G76="","",'Formulario PPGR1'!#REF!) -> #REF! | G76: 1.1.3.2 Mejorada la atención de enfermedades transmisibles | H76: 1.1.3.2.02 | I76: Visita de supervisión a los Establecimientos de Salud (EES) para verificación de la disponibilidad de los servicios integrales de salud | L76: 1 | V76: =SUM('Formulario PPGR2'!$J76:$U76) -> 1 | W76: Informe | X76: Listado de participación | Z76: Gestión Clínica
B77: =IF('Formulario PPGR2'!$G77="","",CONCATENATE('Formulario PPGR2'!$C77,".",'Formulario PPGR2'!$D77,".",'Formulario PPGR2'!$E77,".",'Formulario PPGR2'!$F77)) -> #REF! | D77: =IF('Formulario PPGR2'!$G77="","",'Formulario PPGR1'!#REF!) -> #REF! | E77: =IF('Formulario PPGR2'!$G77="","",'Formulario PPGR1'!#REF!) -> #REF! | F77: =IF('Formulario PPGR2'!$G77="","",'Formulario PPGR1'!#REF!) -> #REF! | G77: 1.1.3.3 Fortalecimiento de la capacidad de los servicios de salud de VIH para garantizar la atencion integral y de calidad centrada en el paciente de VIH para cumplir las metas 95-95-95 al 2030 y el PoR 42 | H77: 1.1.3.3.01 | I77: Mesas de trabajo con el personal de los Servicios de Atención Integral para seguimiento al cumplimiento de indicadores de la cascada 95-95-95 del Programa de VIH | L77: 1 | O77: 1 | R77: 1 | U77: 1 | V77: =SUM('Formulario PPGR2'!$J77:$U77) -> 4 | W77: Listado de participación | X77: Minuta | Z77: Gestión Clínica
B78: =IF('Formulario PPGR2'!$G78="","",CONCATENATE('Formulario PPGR2'!$C78,".",'Formulario PPGR2'!$D78,".",'Formulario PPGR2'!$E78,".",'Formulario PPGR2'!$F78)) -> #REF! | D78: =IF('Formulario PPGR2'!$G78="","",'Formulario PPGR1'!#REF!) -> #REF! | E78: =IF('Formulario PPGR2'!$G78="","",'Formulario PPGR1'!#REF!) -> #REF! | F78: =IF('Formulario PPGR2'!$G78="","",'Formulario PPGR1'!#REF!) -> #REF! | G78: 1.1.3.3 Fortalecimiento de la capacidad de los servicios de salud de VIH para garantizar la atencion integral y de calidad centrada en el paciente de VIH para cumplir las metas 95-95-95 al 2030 y el PoR 44 | H78: 1.1.3.3.03 | I78: Visitas de seguimiento para el fortalecimiento del Sistema de Registro Nominal de Atención Integral (SIRNAI) a nivel nacional. | J78: 1 | M78: 1 | P78: 1 | V78: =SUM('Formulario PPGR2'!$J78:$U78) -> 3 | W78: Listado de participación | X78: Informe | Z78: Gestión Clínica
B79: =IF('Formulario PPGR2'!$G79="","",CONCATENATE('Formulario PPGR2'!$C79,".",'Formulario PPGR2'!$D79,".",'Formulario PPGR2'!$E79,".",'Formulario PPGR2'!$F79)) -> #REF! | D79: =IF('Formulario PPGR2'!$G79="","",'Formulario PPGR1'!#REF!) -> #REF! | E79: =IF('Formulario PPGR2'!$G79="","",'Formulario PPGR1'!#REF!) -> #REF! | F79: =IF('Formulario PPGR2'!$G79="","",'Formulario PPGR1'!#REF!) -> #REF! | G79: 1.1.3.3 Fortalecimiento de la capacidad de los servicios de salud de VIH para garantizar la atencion integral y de calidad centrada en el paciente de VIH para cumplir las metas 95-95-95 al 2030 y el PoR 45 | H79: 1.1.3.3.04 | I79: Visitas de supervisión a las Áreas de Consejería para pruebas de VIH en los EES priorizados, con el fin de verificar la entrega y el registro oportuno de la pre y post consejería en el SIRENP. | L79: 1 | O79: 1 | R79: 1 | V79: =SUM('Formulario PPGR2'!$J79:$U79) -> 3 | W79: Listado de participación | X79: Informe | Z79: Gestión Clínica
B80: =IF('Formulario PPGR2'!$G80="","",CONCATENATE('Formulario PPGR2'!$C80,".",'Formulario PPGR2'!$D80,".",'Formulario PPGR2'!$E80,".",'Formulario PPGR2'!$F80)) -> #REF! | D80: =IF('Formulario PPGR2'!$G80="","",'Formulario PPGR1'!#REF!) -> #REF! | E80: =IF('Formulario PPGR2'!$G80="","",'Formulario PPGR1'!#REF!) -> #REF! | F80: =IF('Formulario PPGR2'!$G80="","",'Formulario PPGR1'!#REF!) -> #REF! | G80: 1.1.3.3 Fortalecimiento de la capacidad de los servicios de salud de VIH para garantizar la atencion integral y de calidad centrada en el paciente de VIH para cumplir las metas 95-95-95 al 2030 y el PoR 46 | H80: 1.1.3.3.05 | I80: Supervisión de los Servicios de Preexposición al VIH (PrEP) en los EES para el fortalecimiento Integral de la Estrategia de Prevención del VIH. | K80: 1 | P80: 1 | T80: 1 | V80: =SUM('Formulario PPGR2'!$J80:$U80) -> 3 | W80: Listado de participación | X80: Informe | Z80: Gestión Clínica
B81: =IF('Formulario PPGR2'!$G81="","",CONCATENATE('Formulario PPGR2'!$C81,".",'Formulario PPGR2'!$D81,".",'Formulario PPGR2'!$E81,".",'Formulario PPGR2'!$F81)) -> #REF! | D81: =IF('Formulario PPGR2'!$G81="","",'Formulario PPGR1'!#REF!) -> #REF! | E81: =IF('Formulario PPGR2'!$G81="","",'Formulario PPGR1'!#REF!) -> #REF! | F81: =IF('Formulario PPGR2'!$G81="","",'Formulario PPGR1'!#REF!) -> #REF! | G81: 1.1.3.3 Fortalecimiento de la capacidad de los servicios de salud de VIH para garantizar la atencion integral y de calidad centrada en el paciente de VIH para cumplir las metas 95-95-95 al 2030 y el PoR 47 | H81: 1.1.3.3.06 | I81: Reuniones de seguimiento al cumplimiento de indicadores del PoR 42 en las regiones priorizadas (SRS) | L81: 1 | O81: 1 | R81: 1 | U81: 1 | V81: =SUM('Formulario PPGR2'!$J81:$U81) -> 4 | W81: Listado de participación | X81: Minuta | Z81: Gestión Clínica
B82: =IF('Formulario PPGR2'!$G82="","",CONCATENATE('Formulario PPGR2'!$C82,".",'Formulario PPGR2'!$D82,".",'Formulario PPGR2'!$E82,".",'Formulario PPGR2'!$F82)) -> #REF! | D82: =IF('Formulario PPGR2'!$G82="","",'Formulario PPGR1'!#REF!) -> #REF! | E82: =IF('Formulario PPGR2'!$G82="","",'Formulario PPGR1'!#REF!) -> #REF! | F82: =IF('Formulario PPGR2'!$G82="","",'Formulario PPGR1'!#REF!) -> #REF! | G82: 1.1.3.3 Fortalecimiento de la capacidad de los servicios de salud de VIH para garantizar la atencion integral y de calidad centrada en el paciente de VIH para cumplir las metas 95-95-95 al 2030 y el PoR 48 | H82: 1.1.3.3.07 | I82: Supervisión de las Intervenciones Implementadas para el Fortalecimiento de la Adherencia por el Personal del Programa 42 | K82: 1 | N82: 1 | Q82: 1 | T82: 1 | V82: =SUM('Formulario PPGR2'!$J82:$U82) -> 4 | W82: Listado de participación | X82: Informe | Z82: Gestión Clínica
B83: =IF('Formulario PPGR2'!$G83="","",CONCATENATE('Formulario PPGR2'!$C83,".",'Formulario PPGR2'!$D83,".",'Formulario PPGR2'!$E83,".",'Formulario PPGR2'!$F83)) -> #REF! | D83: =IF('Formulario PPGR2'!$G83="","",'Formulario PPGR1'!#REF!) -> #REF! | E83: =IF('Formulario PPGR2'!$G83="","",'Formulario PPGR1'!#REF!) -> #REF! | F83: =IF('Formulario PPGR2'!$G83="","",'Formulario PPGR1'!#REF!) -> #REF! | G83: 1.1.3.4 Fortalecimiento de la capacidad de respuesta para brindar atencion integral centrada en el paciente de Tb en todas sus fases para garantizar el cumplimiento de las metas de fin de la TB al 2030 y PoR 41 | H83: 1.1.3.4.01 | I83: Visitas de auditoria al Sistema de Información Operacional y Epidemiológico de TB (SIOE) en los EESS para fortalecimiento de la calidad del dato. | L83: 5 | M83: 5 | N83: 5 | O83: 5 | P83: 5 | Q83: 5 | R83: 5 | S83: 5 | T83: 5 | U83: 5 | V83: =SUM('Formulario PPGR2'!$J83:$U83) -> 50 | W83: Listado de participación | X83: Informe | Z83: Gestión Clínica
B84: =IF('Formulario PPGR2'!$G84="","",CONCATENATE('Formulario PPGR2'!$C84,".",'Formulario PPGR2'!$D84,".",'Formulario PPGR2'!$E84,".",'Formulario PPGR2'!$F84)) -> #REF! | D84: =IF('Formulario PPGR2'!$G84="","",'Formulario PPGR1'!#REF!) -> #REF! | E84: =IF('Formulario PPGR2'!$G84="","",'Formulario PPGR1'!#REF!) -> #REF! | F84: =IF('Formulario PPGR2'!$G84="","",'Formulario PPGR1'!#REF!) -> #REF! | G84: 1.1.3.4 Fortalecimiento de la capacidad de respuesta para brindar atencion integral centrada en el paciente de Tb en todas sus fases para garantizar el cumplimiento de las metas de fin de la TB al 2030 y PoR 42 | H84: 1.1.3.4.02 | I84: Implementación y seguimiento a la Terapia Preventiva de Tuberculosis (TPT) en los SAIs de la región | L84: 4 | O84: 4 | R84: 4 | U84: 4 | V84: =SUM('Formulario PPGR2'!$J84:$U84) -> 16 | W84: Reporte | Z84: Gestión Clínica
B85: =IF('Formulario PPGR2'!$G85="","",CONCATENATE('Formulario PPGR2'!$C85,".",'Formulario PPGR2'!$D85,".",'Formulario PPGR2'!$E85,".",'Formulario PPGR2'!$F85)) -> #REF! | D85: =IF('Formulario PPGR2'!$G85="","",'Formulario PPGR1'!#REF!) -> #REF! | E85: =IF('Formulario PPGR2'!$G85="","",'Formulario PPGR1'!#REF!) -> #REF! | F85: =IF('Formulario PPGR2'!$G85="","",'Formulario PPGR1'!#REF!) -> #REF! | G85: 1.1.3.4 Fortalecimiento de la capacidad de respuesta para brindar atencion integral centrada en el paciente de Tb en todas sus fases para garantizar el cumplimiento de las metas de fin de la TB al 2030 y PoR 43 | H85: 1.1.3.4.03 | I85: Visitas de seguimiento a los centros penitenciarios para validacion de la aplicación de protocolos de atencion y calidad del dato. | K85: 2 | M85: 2 | O85: 2 | Q85: 2 | S85: 2 | V85: =SUM('Formulario PPGR2'!$J85:$U85) -> 10 | W85: Listado de participación | X85: Informe | Z85: Gestión Clínica
B86: =IF('Formulario PPGR2'!$G86="","",CONCATENATE('Formulario PPGR2'!$C86,".",'Formulario PPGR2'!$D86,".",'Formulario PPGR2'!$E86,".",'Formulario PPGR2'!$F86)) -> #REF! | D86: =IF('Formulario PPGR2'!$G86="","",'Formulario PPGR1'!#REF!) -> #REF! | E86: =IF('Formulario PPGR2'!$G86="","",'Formulario PPGR1'!#REF!) -> #REF! | F86: =IF('Formulario PPGR2'!$G86="","",'Formulario PPGR1'!#REF!) -> #REF! | G86: 1.1.3.4 Fortalecimiento de la capacidad de respuesta para brindar atencion integral centrada en el paciente de Tb en todas sus fases para garantizar el cumplimiento de las metas de fin de la TB al 2030 y PoR 44 | H86: 1.1.3.4.04 | I86: Visitas a las Unidades Técnicas Regionales (UTR) para Monitoreo el cumplimiento de protocolos establecidos para el manejo de los pacientes Drogoresistentes. Estas unidades están ubicadas en las regiones en hospitales específicos como: Hospitales Regionales, Hosp. Cabral Y Báez, Hosp. Juan Pablo Pina, Hosp. Luis L. Bogaert, Hosp. Dr. Antonio Musa, Hosp. San Vicente de Paul, Hospital Luis Morillo King, Hospital Simón Stridel, CPNA Anti TB de Adultos. | L86: 2 | O86: 2 | R86: 2 | U86: 2 | V86: =SUM('Formulario PPGR2'!$J86:$U86) -> 8 | W86: Listado de participación | X86: Informe | Z86: Gestión Clínica
B87: =IF('Formulario PPGR2'!$G87="","",CONCATENATE('Formulario PPGR2'!$C87,".",'Formulario PPGR2'!$D87,".",'Formulario PPGR2'!$E87,".",'Formulario PPGR2'!$F87)) -> #REF! | D87: =IF('Formulario PPGR2'!$G87="","",'Formulario PPGR1'!#REF!) -> #REF! | E87: =IF('Formulario PPGR2'!$G87="","",'Formulario PPGR1'!#REF!) -> #REF! | F87: =IF('Formulario PPGR2'!$G87="","",'Formulario PPGR1'!#REF!) -> #REF! | G87: 1.1.3.4 Fortalecimiento de la capacidad de respuesta para brindar atencion integral centrada en el paciente de Tb en todas sus fases para garantizar el cumplimiento de las metas de fin de la TB al 2030 y PoR 45 | H87: 1.1.3.4.05 | I87: Mesa de Trabajo con el nivel intermedio (Gerencias de Áreas de los SRS) para revisión de los indicadores y realización de planes de mejora en los servicios de TB | L87: 1 | M87: 1 | N87: 1 | O87: 1 | P87: 1 | Q87: 1 | R87: 1 | S87: 1 | T87: 1 | U87: 1 | V87: =SUM('Formulario PPGR2'!$J87:$U87) -> 10 | W87: Listado de participación | X87: Informe | Z87: Gestión Clínica
B88: =IF('Formulario PPGR2'!$G88="","",CONCATENATE('Formulario PPGR2'!$C88,".",'Formulario PPGR2'!$D88,".",'Formulario PPGR2'!$E88,".",'Formulario PPGR2'!$F88)) -> #REF! | D88: =IF('Formulario PPGR2'!$G88="","",'Formulario PPGR1'!#REF!) -> #REF! | E88: =IF('Formulario PPGR2'!$G88="","",'Formulario PPGR1'!#REF!) -> #REF! | F88: =IF('Formulario PPGR2'!$G88="","",'Formulario PPGR1'!#REF!) -> #REF! | G88: 1.1.3.4 Fortalecimiento de la capacidad de respuesta para brindar atencion integral centrada en el paciente de Tb en todas sus fases para garantizar el cumplimiento de las metas de fin de la TB al 2030 y PoR 46 | H88: 1.1.3.4.06 | I88: Mesa de trabajo para fortalecimientode la Red de Pediatria para el seguimiento a la TB Infantil. | K88: 1 | N88: 1 | R88: 1 | V88: =SUM('Formulario PPGR2'!$J88:$U88) -> 3 | W88: Listado de participación | X88: Minuta | Z88: Gestión Clínica
B89: =IF('Formulario PPGR2'!$G89="","",CONCATENATE('Formulario PPGR2'!$C89,".",'Formulario PPGR2'!$D89,".",'Formulario PPGR2'!$E89,".",'Formulario PPGR2'!$F89)) -> #REF! | D89: =IF('Formulario PPGR2'!$G89="","",'Formulario PPGR1'!#REF!) -> #REF! | E89: =IF('Formulario PPGR2'!$G89="","",'Formulario PPGR1'!#REF!) -> #REF! | F89: =IF('Formulario PPGR2'!$G89="","",'Formulario PPGR1'!#REF!) -> #REF! | G89: 1.1.3.4 Fortalecimiento de la capacidad de respuesta para brindar atencion integral centrada en el paciente de Tb en todas sus fases para garantizar el cumplimiento de las metas de fin de la TB al 2030 y PoR 47 | H89: 1.1.3.4.07 | I89: Mesa Técnica con la Coordinación de Laboratorio e Imágenes para fortalecimiento del diagnóstico oportuno de Tuberculosis en la Región SRS. | K89: 1 | N89: 1 | R89: 1 | V89: =SUM('Formulario PPGR2'!$J89:$U89) -> 3 | W89: Listado de participación | X89: Minuta | Z89: Gestión Clínica
B90: =IF('Formulario PPGR2'!$G90="","",CONCATENATE('Formulario PPGR2'!$C90,".",'Formulario PPGR2'!$D90,".",'Formulario PPGR2'!$E90,".",'Formulario PPGR2'!$F90)) -> #REF! | D90: =IF('Formulario PPGR2'!$G90="","",'Formulario PPGR1'!#REF!) -> #REF! | E90: =IF('Formulario PPGR2'!$G90="","",'Formulario PPGR1'!#REF!) -> #REF! | F90: =IF('Formulario PPGR2'!$G90="","",'Formulario PPGR1'!#REF!) -> #REF! | G90: 1.1.3.4 Fortalecimiento de la capacidad de respuesta para brindar atencion integral centrada en el paciente de Tb en todas sus fases para garantizar el cumplimiento de las metas de fin de la TB al 2030 y PoR 48 | H90: 1.1.3.4.08 | I90: Mesa de Trabajo con Primer Nivel de Atención y Medicamento e Insumos para coordinación y distribución de medicamentos en los EESS. | N90: 1 | R90: 1 | V90: =SUM('Formulario PPGR2'!$J90:$U90) -> 2 | W90: Listado de participación | X90: Minuta | Z90: Gestión Clínica
B91: =IF('Formulario PPGR2'!$G91="","",CONCATENATE('Formulario PPGR2'!$C91,".",'Formulario PPGR2'!$D91,".",'Formulario PPGR2'!$E91,".",'Formulario PPGR2'!$F91)) -> #REF! | D91: =IF('Formulario PPGR2'!$G91="","",'Formulario PPGR1'!#REF!) -> #REF! | E91: =IF('Formulario PPGR2'!$G91="","",'Formulario PPGR1'!#REF!) -> #REF! | F91: =IF('Formulario PPGR2'!$G91="","",'Formulario PPGR1'!#REF!) -> #REF! | G91: 1.1.3.4 Fortalecimiento de la capacidad de respuesta para brindar atencion integral centrada en el paciente de Tb en todas sus fases para garantizar el cumplimiento de las metas de fin de la TB al 2030 y PoR 49 | H91: 1.1.3.4.09 | I91: Reuniones de seguimiento al cumplimiento de indicadores del PoR 41 en las regiones priorizadas ( Metropolitano, Nordeste, Enriquillo y Cibao Occidental). | L91: 1 | O91: 1 | R91: 1 | U91: 1 | V91: =SUM('Formulario PPGR2'!$J91:$U91) -> 4 | W91: Listado de participación | X91: Minuta | Z91: Gestión Clínica
B92: =IF('Formulario PPGR2'!$G92="","",CONCATENATE('Formulario PPGR2'!$C92,".",'Formulario PPGR2'!$D92,".",'Formulario PPGR2'!$E92,".",'Formulario PPGR2'!$F92)) -> #REF! | D92: =IF('Formulario PPGR2'!$G92="","",'Formulario PPGR1'!#REF!) -> #REF! | E92: =IF('Formulario PPGR2'!$G92="","",'Formulario PPGR1'!#REF!) -> #REF! | F92: =IF('Formulario PPGR2'!$G92="","",'Formulario PPGR1'!#REF!) -> #REF! | G92: 1.1.3.4 Fortalecimiento de la capacidad de respuesta para brindar atencion integral centrada en el paciente de Tb en todas sus fases para garantizar el cumplimiento de las metas de fin de la TB al 2030 y PoR 50 | H92: 1.1.3.4.10 | I92: Visitas de seguimiento al cumplimiento de las intervenciones de adherencia en la regiones priorizadas ( Valdesia, Norcentral, Nordeste Este, El Valley Cibao Central). | L92: 5 | M92: 5 | N92: 5 | O92: 5 | P92: 5 | Q92: 5 | R92: 5 | S92: 5 | T92: 5 | U92: 5 | V92: =SUM('Formulario PPGR2'!$J92:$U92) -> 50 | W92: Reporte | Z92: Gestión Clínica
B93: =IF('Formulario PPGR2'!$G93="","",CONCATENATE('Formulario PPGR2'!$C93,".",'Formulario PPGR2'!$D93,".",'Formulario PPGR2'!$E93,".",'Formulario PPGR2'!$F93)) -> #REF! | D93: =IF('Formulario PPGR2'!$G93="","",'Formulario PPGR1'!#REF!) -> #REF! | E93: =IF('Formulario PPGR2'!$G93="","",'Formulario PPGR1'!#REF!) -> #REF! | F93: =IF('Formulario PPGR2'!$G93="","",'Formulario PPGR1'!#REF!) -> #REF! | G93: 1.1.3.4 Fortalecimiento de la capacidad de respuesta para brindar atencion integral centrada en el paciente de Tb en todas sus fases para garantizar el cumplimiento de las metas de fin de la TB al 2030 y PoR 51 | H93: 1.1.3.4.11 | I93: Capacitación y actualización (Algoritmo, TB-DR, TB/VIH) al personal de salud de los EES para el fortalecimiento del programa de Tuberculosis. | M93: 1 | P93: 1 | S93: 1 | V93: =SUM('Formulario PPGR2'!$J93:$U93) -> 3 | W93: Listado de participación | X93: Informe | Z93: Gestión Clínica
B94: =IF('Formulario PPGR2'!$G94="","",CONCATENATE('Formulario PPGR2'!$C94,".",'Formulario PPGR2'!$D94,".",'Formulario PPGR2'!$E94,".",'Formulario PPGR2'!$F94)) -> #REF! | D94: =IF('Formulario PPGR2'!$G94="","",'Formulario PPGR1'!#REF!) -> #REF! | E94: =IF('Formulario PPGR2'!$G94="","",'Formulario PPGR1'!#REF!) -> #REF! | F94: =IF('Formulario PPGR2'!$G94="","",'Formulario PPGR1'!#REF!) -> #REF! | G94: 1.2.2.1 Articulación de la Red SNS | H94: 1.2.2.1.01 | I94: Seguimiento al registro de referencias y contrareferencias de la Red | J94: 1 | K94: 1 | L94: 1 | M94: 1 | N94: 1 | O94: 1 | P94: 1 | Q94: 1 | R94: 1 | S94: 1 | T94: 1 | U94: 1 | V94: =SUM('Formulario PPGR2'!$J94:$U94) -> 12 | W94: Reporte | Z94: Atención a los Usuarios
B95: =IF('Formulario PPGR2'!$G95="","",CONCATENATE('Formulario PPGR2'!$C95,".",'Formulario PPGR2'!$D95,".",'Formulario PPGR2'!$E95,".",'Formulario PPGR2'!$F95)) -> #REF! | D95: =IF('Formulario PPGR2'!$G95="","",'Formulario PPGR1'!#REF!) -> #REF! | E95: =IF('Formulario PPGR2'!$G95="","",'Formulario PPGR1'!#REF!) -> #REF! | F95: =IF('Formulario PPGR2'!$G95="","",'Formulario PPGR1'!#REF!) -> #REF! | G95: 1.2.2.1 Articulación de la Red SNS | H95: 1.2.2.1.02 | I95: Mesa de trabajo con subdirectores de los CEAS para implementación y fortalecimiento del proceso de referencia y contrareferencia. | M95: 1 | Q95: 1 | V95: =SUM('Formulario PPGR2'!$J95:$U95) -> 2 | W95: Listado de participación | X95: Minuta | Z95: Primer Nivel
B96: =IF('Formulario PPGR2'!$G96="","",CONCATENATE('Formulario PPGR2'!$C96,".",'Formulario PPGR2'!$D96,".",'Formulario PPGR2'!$E96,".",'Formulario PPGR2'!$F96)) -> #REF! | D96: =IF('Formulario PPGR2'!$G96="","",'Formulario PPGR1'!#REF!) -> #REF! | E96: =IF('Formulario PPGR2'!$G96="","",'Formulario PPGR1'!#REF!) -> #REF! | F96: =IF('Formulario PPGR2'!$G96="","",'Formulario PPGR1'!#REF!) -> #REF! | G96: 1.2.2.1 Articulación de la Red SNS | H96: 1.2.2.1.03 | I96: Reunión con los equipos de Tecnología de la Información (TI) y Gestión de la Información (GI) del SRS para dar seguimiento a los avances en la organización y articulación de la red, a través del módulo diseñado para el registro diario de referencias y contrarreferencias. | K96: 1 | M96: 1 | V96: =SUM('Formulario PPGR2'!$J96:$U96) -> 2 | W96: Listado de participación | X96: Minuta | Z96: Gestión Clínica
B97: =IF('Formulario PPGR2'!$G97="","",CONCATENATE('Formulario PPGR2'!$C97,".",'Formulario PPGR2'!$D97,".",'Formulario PPGR2'!$E97,".",'Formulario PPGR2'!$F97)) -> #REF! | D97: =IF('Formulario PPGR2'!$G97="","",'Formulario PPGR1'!#REF!) -> #REF! | E97: =IF('Formulario PPGR2'!$G97="","",'Formulario PPGR1'!#REF!) -> #REF! | F97: =IF('Formulario PPGR2'!$G97="","",'Formulario PPGR1'!#REF!) -> #REF! | G97: 1.2.2.1 Articulación de la Red SNS | H97: 1.2.2.1.04 | I97: Supervisión del correcto llenado del Registro Diario de Referencia y Contrarreferencia. | M97: 2 | P97: 2 | S97: 2 | V97: =SUM('Formulario PPGR2'!$J97:$U97) -> 6 | W97: Informe | X97: Reporte | Y97: Consolidado de las RyC | Z97: Gestión Clínica
B98: =IF('Formulario PPGR2'!$G98="","",CONCATENATE('Formulario PPGR2'!$C98,".",'Formulario PPGR2'!$D98,".",'Formulario PPGR2'!$E98,".",'Formulario PPGR2'!$F98)) -> #REF! | D98: =IF('Formulario PPGR2'!$G98="","",'Formulario PPGR1'!#REF!) -> #REF! | E98: =IF('Formulario PPGR2'!$G98="","",'Formulario PPGR1'!#REF!) -> #REF! | F98: =IF('Formulario PPGR2'!$G98="","",'Formulario PPGR1'!#REF!) -> #REF! | G98: 1.2.2.2 Provisión de servicios de Salud Materno, Infantil y Adolescentes de Calidad | H98: 1.2.2.2.01 | I98: Implementación y seguimiento a la Sala Situacional Infanto Adolescente en las ORS y los CEAS de su demarcación | L98: 1 | O98: 1 | R98: 1 | U98: 1 | V98: =SUM('Formulario PPGR2'!$J98:$U98) -> 4 | W98: Inventario | Y98: Se iniciara en los Hospitales Regionales, pediatricos, materno infantiles y provinciales | Z98: Materno-Infantil y Adolescentes
B99: =IF('Formulario PPGR2'!$G99="","",CONCATENATE('Formulario PPGR2'!$C99,".",'Formulario PPGR2'!$D99,".",'Formulario PPGR2'!$E99,".",'Formulario PPGR2'!$F99)) -> #REF! | D99: =IF('Formulario PPGR2'!$G99="","",'Formulario PPGR1'!#REF!) -> #REF! | E99: =IF('Formulario PPGR2'!$G99="","",'Formulario PPGR1'!#REF!) -> #REF! | F99: =IF('Formulario PPGR2'!$G99="","",'Formulario PPGR1'!#REF!) -> #REF! | G99: 1.2.2.2 Provisión de servicios de Salud Materno, Infantil y Adolescentes de Calidad | H99: 1.2.2.2.02 | I99: Expansión y fortalecimiento Programas Madre Canguro (PMC) | J99: 1 | K99: 1 | L99: 2 | M99: 1 | N99: 1 | O99: 2 | P99: 1 | Q99: 1 | R99: 1 | S99: 1 | T99: 2 | U99: 1 | V99: =SUM('Formulario PPGR2'!$J99:$U99) -> 15 | W99: Otros | X99: Formulario de evaluación de CEAS para la implementación/ Informe/ Formulario de supervisión PMC/ Plan de Mejora | Y99: (Acompañamiento en la elaboración e implemtación de planes de mejora, autoevaluación y apego a los protocolos). VER CRONOGRAMA DE VISITAS CEAS Provinciales Evaluación marzo, implementación primer informe junio y final noviembre . Para implementación norcentral no aplica y para la metropolitana hospitales pediatricos y materno infantiles donde no se implementa. | Z99: Materno-Infantil y Adolescentes
B100: =IF('Formulario PPGR2'!$G100="","",CONCATENATE('Formulario PPGR2'!$C100,".",'Formulario PPGR2'!$D100,".",'Formulario PPGR2'!$E100,".",'Formulario PPGR2'!$F100)) -> #REF! | D100: =IF('Formulario PPGR2'!$G100="","",'Formulario PPGR1'!#REF!) -> #REF! | E100: =IF('Formulario PPGR2'!$G100="","",'Formulario PPGR1'!#REF!) -> #REF! | F100: =IF('Formulario PPGR2'!$G100="","",'Formulario PPGR1'!#REF!) -> #REF! | G100: 1.2.2.2 Provisión de servicios de Salud Materno, Infantil y Adolescentes de Calidad | H100: 1.2.2.2.04 | I100: Fortalecimiento en la atención a pacientes criticos (emergencia y UCIP) | L100: 1 | O100: 1 | R100: 1 | U100: 1 | V100: =SUM('Formulario PPGR2'!$J100:$U100) -> 4 | W100: Informe | X100: Listado de participación | Y100: SRS cuatrimestral y CEAS trimestral. En los SRS Enriquillo, Este, El Valle, Cibao Occidental solo valorar emergencia por no contar con UCIP. | Z100: Materno-Infantil y Adolescentes
B101: =IF('Formulario PPGR2'!$G101="","",CONCATENATE('Formulario PPGR2'!$C101,".",'Formulario PPGR2'!$D101,".",'Formulario PPGR2'!$E101,".",'Formulario PPGR2'!$F101)) -> #REF! | D101: =IF('Formulario PPGR2'!$G101="","",'Formulario PPGR1'!#REF!) -> #REF! | E101: =IF('Formulario PPGR2'!$G101="","",'Formulario PPGR1'!#REF!) -> #REF! | F101: =IF('Formulario PPGR2'!$G101="","",'Formulario PPGR1'!#REF!) -> #REF! | G101: 1.2.2.2 Provisión de servicios de Salud Materno, Infantil y Adolescentes de Calidad | H101: 1.2.2.2.05 | I101: Fortalecimiento en la atención a NNA asistidos por violencia. | L101: 1 | O101: 1 | R101: 1 | U101: 1 | V101: =SUM('Formulario PPGR2'!$J101:$U101) -> 4 | W101: Reporte | X101: Listado de participación | Y101: Minuta | Z101: Materno-Infantil y Adolescentes
B102: =IF('Formulario PPGR2'!$G102="","",CONCATENATE('Formulario PPGR2'!$C102,".",'Formulario PPGR2'!$D102,".",'Formulario PPGR2'!$E102,".",'Formulario PPGR2'!$F102)) -> #REF! | D102: =IF('Formulario PPGR2'!$G102="","",'Formulario PPGR1'!#REF!) -> #REF! | E102: =IF('Formulario PPGR2'!$G102="","",'Formulario PPGR1'!#REF!) -> #REF! | F102: =IF('Formulario PPGR2'!$G102="","",'Formulario PPGR1'!#REF!) -> #REF! | G102: 1.2.2.2 Provisión de servicios de Salud Materno, Infantil y Adolescentes de Calidad | H102: 1.2.2.2.06 | I102: Seguimiento a la atención en la Primera Infancia con énfasis en la aplicación de Vacunas, Crecimiento y Cuidado para el Desarrollo Infantil. | J102: 1 | K102: 1 | L102: 1 | M102: 1 | N102: 1 | O102: 1 | P102: 1 | Q102: 1 | R102: 1 | S102: 1 | T102: 1 | U102: 1 | V102: =SUM('Formulario PPGR2'!$J102:$U102) -> 12 | W102: Informe | X102: Listado de participación | Y102: Para los SRS la actividad se reportaria trimestralmente. En los CEAS serian 2 reportes uno por actividad. Se trabajaria con centros seleccionados de PNA del SRS Valdesia. | Z102: Materno-Infantil y Adolescentes
...

Sheet Formulario PPGR3 
T1: Venta Servicios
I2: ='[1]Formulario PPGR1'!G2 -> Servicio Nacional de Salud
I3: ='[1]Formulario PPGR1'!G3 -> Dirección de Planificación y Desarrollo
I4: ='[1]Formulario PPGR1'!G4 -> Plan Operativo Anual
I5: Identificación de necesidades de insumos
I6: ='[1]Formulario PPGR1'!$M$3 -> SNS - Dirección Central
B8: ID_Dependendencia | C8: POA | D8: SRS | E8: AREA | F8: TIPO | G8: Código_Actividad | H8: Actividad | I8: Total de Actividades | J8: Insumos | K8: InsumoAbrev | L8: Descripción | M8: Unidad de Medida | N8: Cantidad de Insumos | O8: Precio Unitario | P8: Valor Total | Q8: Código Presupuestario | R8: Fuente de Financiamiento
B9: =IF('Formulario PPGR3 '!$G9="","",CONCATENATE('Formulario PPGR3 '!$C9,".",'Formulario PPGR3 '!$D9,".",'Formulario PPGR3 '!$E9,".",'Formulario PPGR3 '!$F9)) -> #REF! | C9: =IF('Formulario PPGR3 '!$G9="","",'[1]Formulario PPGR1'!#REF!) -> #REF! | D9: =IF('Formulario PPGR3 '!$G9="","",'[1]Formulario PPGR1'!#REF!) -> #REF! | E9: =IF('Formulario PPGR3 '!$G9="","",'[1]Formulario PPGR1'!#REF!) -> #REF! | F9: =IF('Formulario PPGR3 '!$G9="","",'[1]Formulario PPGR1'!#REF!) -> #REF! | G9: 3.1.1.5.01 | H9: =IF(Tabla112[[#This Row],[Código_Actividad]]="","",_xlfn.XLOOKUP(Tabla112[[#This Row],[Código_Actividad]],[1]!Tabla2[Código],[1]!Tabla2[Actividades Programables Presupuestables],"",0)) -> #REF! | I9: =IFERROR(VLOOKUP('Formulario PPGR3 '!$G9,'[1]Formulario PPGR2'!$H$9:$V$272,15,FALSE),"") -> 1 | J9: Alimentos y bebidas para personas | K9: =IF(Tabla112[[#This Row],[Insumos]]="","",_xlfn.XLOOKUP(Tabla112[[#This Row],[Insumos]],[1]!Tabla10[Insumo],[1]!Tabla10[InsumoAbrev],"",0)) -> #REF! | L9: Refrigerio tipo preempacado p/25 personas (4 Variedades, Jugo, Desechables Transparentes, Jugo Natural) | M9: =IF(Tabla112[[#This Row],[Descripción]]="","",_xlfn.XLOOKUP(Tabla112[[#This Row],[Descripción]],[1]!Tabla10[Descripción],[1]!Tabla10[Unidad de Medida],"",0)) -> #REF! | N9: 1 | O9: =IF(Tabla112[[#This Row],[Descripción]]="","",_xlfn.XLOOKUP(Tabla112[[#This Row],[Descripción]],[1]!Tabla10[Descripción],[1]!Tabla10[Precio Unitario],0)) -> #REF! | P9: =IF(Tabla112[[#This Row],[Cantidad de Insumos]]="","",Tabla112[[#This Row],[Precio Unitario]]*Tabla112[[#This Row],[Cantidad de Insumos]]) -> #REF! | Q9: =IF(Tabla112[[#This Row],[Descripción]]="","",_xlfn.XLOOKUP(Tabla112[[#This Row],[Descripción]],[1]!Tabla10[Descripción],[1]!Tabla10[CODIGO PRESUPUESTARIO],0)) -> #REF!
B10: =IF('Formulario PPGR3 '!$G10="","",CONCATENATE('Formulario PPGR3 '!$C10,".",'Formulario PPGR3 '!$D10,".",'Formulario PPGR3 '!$E10,".",'Formulario PPGR3 '!$F10)) -> #REF! | C10: =IF('Formulario PPGR3 '!$G10="","",'[1]Formulario PPGR1'!#REF!) -> #REF! | D10: =IF('Formulario PPGR3 '!$G10="","",'[1]Formulario PPGR1'!#REF!) -> #REF! | E10: =IF('Formulario PPGR3 '!$G10="","",'[1]Formulario PPGR1'!#REF!) -> #REF! | F10: =IF('Formulario PPGR3 '!$G10="","",'[1]Formulario PPGR1'!#REF!) -> #REF! | G10: 3.1.1.5.03 | H10: =IF(Tabla112[[#This Row],[Código_Actividad]]="","",_xlfn.XLOOKUP(Tabla112[[#This Row],[Código_Actividad]],[1]!Tabla2[Código],[1]!Tabla2[Actividades Programables Presupuestables],"",0)) -> #REF! | I10: =IFERROR(VLOOKUP('Formulario PPGR3 '!$G10,'[1]Formulario PPGR2'!$H$9:$V$272,15,FALSE),"") -> 3 | J10: Alimentos y bebidas para personas | K10: =IF(Tabla112[[#This Row],[Insumos]]="","",_xlfn.XLOOKUP(Tabla112[[#This Row],[Insumos]],[1]!Tabla10[Insumo],[1]!Tabla10[InsumoAbrev],"",0)) -> #REF! | L10: Servicio de Almuerzo tipo buffet para 30 Personas | M10: =IF(Tabla112[[#This Row],[Descripción]]="","",_xlfn.XLOOKUP(Tabla112[[#This Row],[Descripción]],[1]!Tabla10[Descripción],[1]!Tabla10[Unidad de Medida],"",0)) -> #REF! | N10: 2 | O10: =IF(Tabla112[[#This Row],[Descripción]]="","",_xlfn.XLOOKUP(Tabla112[[#This Row],[Descripción]],[1]!Tabla10[Descripción],[1]!Tabla10[Precio Unitario],0)) -> #REF! | P10: =IF(Tabla112[[#This Row],[Cantidad de Insumos]]="","",Tabla112[[#This Row],[Precio Unitario]]*Tabla112[[#This Row],[Cantidad de Insumos]]) -> #REF! | Q10: =IF(Tabla112[[#This Row],[Descripción]]="","",_xlfn.XLOOKUP(Tabla112[[#This Row],[Descripción]],[1]!Tabla10[Descripción],[1]!Tabla10[CODIGO PRESUPUESTARIO],0)) -> #REF!
B11: =IF('Formulario PPGR3 '!$G11="","",CONCATENATE('Formulario PPGR3 '!$C11,".",'Formulario PPGR3 '!$D11,".",'Formulario PPGR3 '!$E11,".",'Formulario PPGR3 '!$F11)) -> #REF! | C11: =IF('Formulario PPGR3 '!$G11="","",'[1]Formulario PPGR1'!#REF!) -> #REF! | D11: =IF('Formulario PPGR3 '!$G11="","",'[1]Formulario PPGR1'!#REF!) -> #REF! | E11: =IF('Formulario PPGR3 '!$G11="","",'[1]Formulario PPGR1'!#REF!) -> #REF! | F11: =IF('Formulario PPGR3 '!$G11="","",'[1]Formulario PPGR1'!#REF!) -> #REF! | G11: 3.7.1.2.01 | H11: =IF(Tabla112[[#This Row],[Código_Actividad]]="","",_xlfn.XLOOKUP(Tabla112[[#This Row],[Código_Actividad]],[1]!Tabla2[Código],[1]!Tabla2[Actividades Programables Presupuestables],"",0)) -> #REF! | I11: =IFERROR(VLOOKUP('Formulario PPGR3 '!$G11,'[1]Formulario PPGR2'!$H$9:$V$272,15,FALSE),"") -> 3 | J11: Viáticos dentro del país | K11: =IF(Tabla112[[#This Row],[Insumos]]="","",_xlfn.XLOOKUP(Tabla112[[#This Row],[Insumos]],[1]!Tabla10[Insumo],[1]!Tabla10[InsumoAbrev],"",0)) -> #REF! | L11: Viaticos Profesionales sin Hospedaje | M11: =IF(Tabla112[[#This Row],[Descripción]]="","",_xlfn.XLOOKUP(Tabla112[[#This Row],[Descripción]],[1]!Tabla10[Descripción],[1]!Tabla10[Unidad de Medida],"",0)) -> #REF! | N11: 9 | O11: =IF(Tabla112[[#This Row],[Descripción]]="","",_xlfn.XLOOKUP(Tabla112[[#This Row],[Descripción]],[1]!Tabla10[Descripción],[1]!Tabla10[Precio Unitario],0)) -> #REF! | P11: =IF(Tabla112[[#This Row],[Cantidad de Insumos]]="","",Tabla112[[#This Row],[Precio Unitario]]*Tabla112[[#This Row],[Cantidad de Insumos]]) -> #REF! | Q11: =IF(Tabla112[[#This Row],[Descripción]]="","",_xlfn.XLOOKUP(Tabla112[[#This Row],[Descripción]],[1]!Tabla10[Descripción],[1]!Tabla10[CODIGO PRESUPUESTARIO],0)) -> #REF!
B12: =IF('Formulario PPGR3 '!$G12="","",CONCATENATE('Formulario PPGR3 '!$C12,".",'Formulario PPGR3 '!$D12,".",'Formulario PPGR3 '!$E12,".",'Formulario PPGR3 '!$F12)) | C12: =IF('Formulario PPGR3 '!$G12="","",'[1]Formulario PPGR1'!#REF!) | D12: =IF('Formulario PPGR3 '!$G12="","",'[1]Formulario PPGR1'!#REF!) | E12: =IF('Formulario PPGR3 '!$G12="","",'[1]Formulario PPGR1'!#REF!) | F12: =IF('Formulario PPGR3 '!$G12="","",'[1]Formulario PPGR1'!#REF!) | H12: =IF(Tabla112[[#This Row],[Código_Actividad]]="","",_xlfn.XLOOKUP(Tabla112[[#This Row],[Código_Actividad]],[1]!Tabla2[Código],[1]!Tabla2[Actividades Programables Presupuestables],"",0)) | I12: =IFERROR(VLOOKUP('Formulario PPGR3 '!$G12,'[1]Formulario PPGR2'!$H$9:$V$272,15,FALSE),"") | J12: Viáticos dentro del país | K12: =IF(Tabla112[[#This Row],[Insumos]]="","",_xlfn.XLOOKUP(Tabla112[[#This Row],[Insumos]],[1]!Tabla10[Insumo],[1]!Tabla10[InsumoAbrev],"",0)) -> #REF! | L12: Viaticos Chofer sin Hospedaje | M12: =IF(Tabla112[[#This Row],[Descripción]]="","",_xlfn.XLOOKUP(Tabla112[[#This Row],[Descripción]],[1]!Tabla10[Descripción],[1]!Tabla10[Unidad de Medida],"",0)) -> #REF! | N12: 9 | O12: =IF(Tabla112[[#This Row],[Descripción]]="","",_xlfn.XLOOKUP(Tabla112[[#This Row],[Descripción]],[1]!Tabla10[Descripción],[1]!Tabla10[Precio Unitario],0)) -> #REF! | P12: =IF(Tabla112[[#This Row],[Cantidad de Insumos]]="","",Tabla112[[#This Row],[Precio Unitario]]*Tabla112[[#This Row],[Cantidad de Insumos]]) -> #REF! | Q12: =IF(Tabla112[[#This Row],[Descripción]]="","",_xlfn.XLOOKUP(Tabla112[[#This Row],[Descripción]],[1]!Tabla10[Descripción],[1]!Tabla10[CODIGO PRESUPUESTARIO],0)) -> #REF!
B13: =IF('Formulario PPGR3 '!$G13="","",CONCATENATE('Formulario PPGR3 '!$C13,".",'Formulario PPGR3 '!$D13,".",'Formulario PPGR3 '!$E13,".",'Formulario PPGR3 '!$F13)) -> #REF! | C13: =IF('Formulario PPGR3 '!$G13="","",'[1]Formulario PPGR1'!#REF!) -> #REF! | D13: =IF('Formulario PPGR3 '!$G13="","",'[1]Formulario PPGR1'!#REF!) -> #REF! | E13: =IF('Formulario PPGR3 '!$G13="","",'[1]Formulario PPGR1'!#REF!) -> #REF! | F13: =IF('Formulario PPGR3 '!$G13="","",'[1]Formulario PPGR1'!#REF!) -> #REF! | G13: 3.7.1.2.02 | H13: =IF(Tabla112[[#This Row],[Código_Actividad]]="","",_xlfn.XLOOKUP(Tabla112[[#This Row],[Código_Actividad]],[1]!Tabla2[Código],[1]!Tabla2[Actividades Programables Presupuestables],"",0)) -> #REF! | I13: =IFERROR(VLOOKUP('Formulario PPGR3 '!$G13,'[1]Formulario PPGR2'!$H$9:$V$272,15,FALSE),"") -> 2 | J13: Viáticos dentro del país | K13: =IF(Tabla112[[#This Row],[Insumos]]="","",_xlfn.XLOOKUP(Tabla112[[#This Row],[Insumos]],[1]!Tabla10[Insumo],[1]!Tabla10[InsumoAbrev],"",0)) -> #REF! | L13: Viaticos Chofer sin Hospedaje | M13: =IF(Tabla112[[#This Row],[Descripción]]="","",_xlfn.XLOOKUP(Tabla112[[#This Row],[Descripción]],[1]!Tabla10[Descripción],[1]!Tabla10[Unidad de Medida],"",0)) -> #REF! | N13: 10 | O13: =IF(Tabla112[[#This Row],[Descripción]]="","",_xlfn.XLOOKUP(Tabla112[[#This Row],[Descripción]],[1]!Tabla10[Descripción],[1]!Tabla10[Precio Unitario],0)) -> #REF! | P13: =IF(Tabla112[[#This Row],[Cantidad de Insumos]]="","",Tabla112[[#This Row],[Precio Unitario]]*Tabla112[[#This Row],[Cantidad de Insumos]]) -> #REF! | Q13: =IF(Tabla112[[#This Row],[Descripción]]="","",_xlfn.XLOOKUP(Tabla112[[#This Row],[Descripción]],[1]!Tabla10[Descripción],[1]!Tabla10[CODIGO PRESUPUESTARIO],0)) -> #REF!
B14: =IF('Formulario PPGR3 '!$G14="","",CONCATENATE('Formulario PPGR3 '!$C14,".",'Formulario PPGR3 '!$D14,".",'Formulario PPGR3 '!$E14,".",'Formulario PPGR3 '!$F14)) | C14: =IF('Formulario PPGR3 '!$G14="","",'[1]Formulario PPGR1'!#REF!) | D14: =IF('Formulario PPGR3 '!$G14="","",'[1]Formulario PPGR1'!#REF!) | E14: =IF('Formulario PPGR3 '!$G14="","",'[1]Formulario PPGR1'!#REF!) | F14: =IF('Formulario PPGR3 '!$G14="","",'[1]Formulario PPGR1'!#REF!) | H14: =IF(Tabla112[[#This Row],[Código_Actividad]]="","",_xlfn.XLOOKUP(Tabla112[[#This Row],[Código_Actividad]],[1]!Tabla2[Código],[1]!Tabla2[Actividades Programables Presupuestables],"",0)) | I14: =IFERROR(VLOOKUP('Formulario PPGR3 '!$G14,'[1]Formulario PPGR2'!$H$9:$V$272,15,FALSE),"") | J14: Viáticos dentro del país | K14: =IF(Tabla112[[#This Row],[Insumos]]="","",_xlfn.XLOOKUP(Tabla112[[#This Row],[Insumos]],[1]!Tabla10[Insumo],[1]!Tabla10[InsumoAbrev],"",0)) -> #REF! | L14: Viaticos Profesionales sin Hospedaje | M14: =IF(Tabla112[[#This Row],[Descripción]]="","",_xlfn.XLOOKUP(Tabla112[[#This Row],[Descripción]],[1]!Tabla10[Descripción],[1]!Tabla10[Unidad de Medida],"",0)) -> #REF! | N14: 10 | O14: =IF(Tabla112[[#This Row],[Descripción]]="","",_xlfn.XLOOKUP(Tabla112[[#This Row],[Descripción]],[1]!Tabla10[Descripción],[1]!Tabla10[Precio Unitario],0)) -> #REF! | P14: =IF(Tabla112[[#This Row],[Cantidad de Insumos]]="","",Tabla112[[#This Row],[Precio Unitario]]*Tabla112[[#This Row],[Cantidad de Insumos]]) -> #REF! | Q14: =IF(Tabla112[[#This Row],[Descripción]]="","",_xlfn.XLOOKUP(Tabla112[[#This Row],[Descripción]],[1]!Tabla10[Descripción],[1]!Tabla10[CODIGO PRESUPUESTARIO],0)) -> #REF!
B15: =IF('Formulario PPGR3 '!$G15="","",CONCATENATE('Formulario PPGR3 '!$C15,".",'Formulario PPGR3 '!$D15,".",'Formulario PPGR3 '!$E15,".",'Formulario PPGR3 '!$F15)) -> #REF! | C15: =IF('Formulario PPGR3 '!$G15="","",'[1]Formulario PPGR1'!#REF!) -> #REF! | D15: =IF('Formulario PPGR3 '!$G15="","",'[1]Formulario PPGR1'!#REF!) -> #REF! | E15: =IF('Formulario PPGR3 '!$G15="","",'[1]Formulario PPGR1'!#REF!) -> #REF! | F15: =IF('Formulario PPGR3 '!$G15="","",'[1]Formulario PPGR1'!#REF!) -> #REF! | G15: 3.7.1.2.06 | H15: =IF(Tabla112[[#This Row],[Código_Actividad]]="","",_xlfn.XLOOKUP(Tabla112[[#This Row],[Código_Actividad]],[1]!Tabla2[Código],[1]!Tabla2[Actividades Programables Presupuestables],"",0)) -> #REF! | I15: =IFERROR(VLOOKUP('Formulario PPGR3 '!$G15,'[1]Formulario PPGR2'!$H$9:$V$272,15,FALSE),"") -> 1 | J15: Viáticos dentro del país | K15: =IF(Tabla112[[#This Row],[Insumos]]="","",_xlfn.XLOOKUP(Tabla112[[#This Row],[Insumos]],[1]!Tabla10[Insumo],[1]!Tabla10[InsumoAbrev],"",0)) -> #REF! | L15: Viaticos Chofer sin Hospedaje | M15: =IF(Tabla112[[#This Row],[Descripción]]="","",_xlfn.XLOOKUP(Tabla112[[#This Row],[Descripción]],[1]!Tabla10[Descripción],[1]!Tabla10[Unidad de Medida],"",0)) -> #REF! | N15: 1 | O15: =IF(Tabla112[[#This Row],[Descripción]]="","",_xlfn.XLOOKUP(Tabla112[[#This Row],[Descripción]],[1]!Tabla10[Descripción],[1]!Tabla10[Precio Unitario],0)) -> #REF! | P15: =IF(Tabla112[[#This Row],[Cantidad de Insumos]]="","",Tabla112[[#This Row],[Precio Unitario]]*Tabla112[[#This Row],[Cantidad de Insumos]]) -> #REF! | Q15: =IF(Tabla112[[#This Row],[Descripción]]="","",_xlfn.XLOOKUP(Tabla112[[#This Row],[Descripción]],[1]!Tabla10[Descripción],[1]!Tabla10[CODIGO PRESUPUESTARIO],0)) -> #REF!
B16: =IF('Formulario PPGR3 '!$G16="","",CONCATENATE('Formulario PPGR3 '!$C16,".",'Formulario PPGR3 '!$D16,".",'Formulario PPGR3 '!$E16,".",'Formulario PPGR3 '!$F16)) | C16: =IF('Formulario PPGR3 '!$G16="","",'[1]Formulario PPGR1'!#REF!) | D16: =IF('Formulario PPGR3 '!$G16="","",'[1]Formulario PPGR1'!#REF!) | E16: =IF('Formulario PPGR3 '!$G16="","",'[1]Formulario PPGR1'!#REF!) | F16: =IF('Formulario PPGR3 '!$G16="","",'[1]Formulario PPGR1'!#REF!) | H16: =IF(Tabla112[[#This Row],[Código_Actividad]]="","",_xlfn.XLOOKUP(Tabla112[[#This Row],[Código_Actividad]],[1]!Tabla2[Código],[1]!Tabla2[Actividades Programables Presupuestables],"",0)) | I16: =IFERROR(VLOOKUP('Formulario PPGR3 '!$G16,'[1]Formulario PPGR2'!$H$9:$V$272,15,FALSE),"") | J16: Viáticos dentro del país | K16: =IF(Tabla112[[#This Row],[Insumos]]="","",_xlfn.XLOOKUP(Tabla112[[#This Row],[Insumos]],[1]!Tabla10[Insumo],[1]!Tabla10[InsumoAbrev],"",0)) -> #REF! | L16: Viaticos Profesionales sin Hospedaje | M16: =IF(Tabla112[[#This Row],[Descripción]]="","",_xlfn.XLOOKUP(Tabla112[[#This Row],[Descripción]],[1]!Tabla10[Descripción],[1]!Tabla10[Unidad de Medida],"",0)) -> #REF! | N16: 1 | O16: =IF(Tabla112[[#This Row],[Descripción]]="","",_xlfn.XLOOKUP(Tabla112[[#This Row],[Descripción]],[1]!Tabla10[Descripción],[1]!Tabla10[Precio Unitario],0)) -> #REF! | P16: =IF(Tabla112[[#This Row],[Cantidad de Insumos]]="","",Tabla112[[#This Row],[Precio Unitario]]*Tabla112[[#This Row],[Cantidad de Insumos]]) -> #REF! | Q16: =IF(Tabla112[[#This Row],[Descripción]]="","",_xlfn.XLOOKUP(Tabla112[[#This Row],[Descripción]],[1]!Tabla10[Descripción],[1]!Tabla10[CODIGO PRESUPUESTARIO],0)) -> #REF!
B17: =IF('Formulario PPGR3 '!$G17="","",CONCATENATE('Formulario PPGR3 '!$C17,".",'Formulario PPGR3 '!$D17,".",'Formulario PPGR3 '!$E17,".",'Formulario PPGR3 '!$F17)) -> #REF! | C17: =IF('Formulario PPGR3 '!$G17="","",'[1]Formulario PPGR1'!#REF!) -> #REF! | D17: =IF('Formulario PPGR3 '!$G17="","",'[1]Formulario PPGR1'!#REF!) -> #REF! | E17: =IF('Formulario PPGR3 '!$G17="","",'[1]Formulario PPGR1'!#REF!) -> #REF! | F17: =IF('Formulario PPGR3 '!$G17="","",'[1]Formulario PPGR1'!#REF!) -> #REF! | G17: 3.7.1.2.07 | H17: =IF(Tabla112[[#This Row],[Código_Actividad]]="","",_xlfn.XLOOKUP(Tabla112[[#This Row],[Código_Actividad]],[1]!Tabla2[Código],[1]!Tabla2[Actividades Programables Presupuestables],"",0)) -> #REF! | I17: =IFERROR(VLOOKUP('Formulario PPGR3 '!$G17,'[1]Formulario PPGR2'!$H$9:$V$272,15,FALSE),"") -> 1 | J17: Viáticos dentro del país | K17: =IF(Tabla112[[#This Row],[Insumos]]="","",_xlfn.XLOOKUP(Tabla112[[#This Row],[Insumos]],[1]!Tabla10[Insumo],[1]!Tabla10[InsumoAbrev],"",0)) -> #REF! | L17: Viaticos Chofer sin Hospedaje | M17: =IF(Tabla112[[#This Row],[Descripción]]="","",_xlfn.XLOOKUP(Tabla112[[#This Row],[Descripción]],[1]!Tabla10[Descripción],[1]!Tabla10[Unidad de Medida],"",0)) -> #REF! | N17: 10 | O17: =IF(Tabla112[[#This Row],[Descripción]]="","",_xlfn.XLOOKUP(Tabla112[[#This Row],[Descripción]],[1]!Tabla10[Descripción],[1]!Tabla10[Precio Unitario],0)) -> #REF! | P17: =IF(Tabla112[[#This Row],[Cantidad de Insumos]]="","",Tabla112[[#This Row],[Precio Unitario]]*Tabla112[[#This Row],[Cantidad de Insumos]]) -> #REF! | Q17: =IF(Tabla112[[#This Row],[Descripción]]="","",_xlfn.XLOOKUP(Tabla112[[#This Row],[Descripción]],[1]!Tabla10[Descripción],[1]!Tabla10[CODIGO PRESUPUESTARIO],0)) -> #REF!
B18: =IF('Formulario PPGR3 '!$G18="","",CONCATENATE('Formulario PPGR3 '!$C18,".",'Formulario PPGR3 '!$D18,".",'Formulario PPGR3 '!$E18,".",'Formulario PPGR3 '!$F18)) | C18: =IF('Formulario PPGR3 '!$G18="","",'[1]Formulario PPGR1'!#REF!) | D18: =IF('Formulario PPGR3 '!$G18="","",'[1]Formulario PPGR1'!#REF!) | E18: =IF('Formulario PPGR3 '!$G18="","",'[1]Formulario PPGR1'!#REF!) | F18: =IF('Formulario PPGR3 '!$G18="","",'[1]Formulario PPGR1'!#REF!) | H18: =IF(Tabla112[[#This Row],[Código_Actividad]]="","",_xlfn.XLOOKUP(Tabla112[[#This Row],[Código_Actividad]],[1]!Tabla2[Código],[1]!Tabla2[Actividades Programables Presupuestables],"",0)) | I18: =IFERROR(VLOOKUP('Formulario PPGR3 '!$G18,'[1]Formulario PPGR2'!$H$9:$V$272,15,FALSE),"") | J18: Viáticos dentro del país | K18: =IF(Tabla112[[#This Row],[Insumos]]="","",_xlfn.XLOOKUP(Tabla112[[#This Row],[Insumos]],[1]!Tabla10[Insumo],[1]!Tabla10[InsumoAbrev],"",0)) -> #REF! | L18: Viaticos Profesionales sin Hospedaje | M18: =IF(Tabla112[[#This Row],[Descripción]]="","",_xlfn.XLOOKUP(Tabla112[[#This Row],[Descripción]],[1]!Tabla10[Descripción],[1]!Tabla10[Unidad de Medida],"",0)) -> #REF! | N18: 10 | O18: =IF(Tabla112[[#This Row],[Descripción]]="","",_xlfn.XLOOKUP(Tabla112[[#This Row],[Descripción]],[1]!Tabla10[Descripción],[1]!Tabla10[Precio Unitario],0)) -> #REF! | P18: =IF(Tabla112[[#This Row],[Cantidad de Insumos]]="","",Tabla112[[#This Row],[Precio Unitario]]*Tabla112[[#This Row],[Cantidad de Insumos]]) -> #REF! | Q18: =IF(Tabla112[[#This Row],[Descripción]]="","",_xlfn.XLOOKUP(Tabla112[[#This Row],[Descripción]],[1]!Tabla10[Descripción],[1]!Tabla10[CODIGO PRESUPUESTARIO],0)) -> #REF!
B19: =IF('Formulario PPGR3 '!$G19="","",CONCATENATE('Formulario PPGR3 '!$C19,".",'Formulario PPGR3 '!$D19,".",'Formulario PPGR3 '!$E19,".",'Formulario PPGR3 '!$F19)) | C19: =IF('Formulario PPGR3 '!$G19="","",'[1]Formulario PPGR1'!#REF!) | D19: =IF('Formulario PPGR3 '!$G19="","",'[1]Formulario PPGR1'!#REF!) | E19: =IF('Formulario PPGR3 '!$G19="","",'[1]Formulario PPGR1'!#REF!) | F19: =IF('Formulario PPGR3 '!$G19="","",'[1]Formulario PPGR1'!#REF!) | H19: =IF(Tabla112[[#This Row],[Código_Actividad]]="","",_xlfn.XLOOKUP(Tabla112[[#This Row],[Código_Actividad]],[1]!Tabla2[Código],[1]!Tabla2[Actividades Programables Presupuestables],"",0)) | I19: =IFERROR(VLOOKUP('Formulario PPGR3 '!$G19,'[1]Formulario PPGR2'!$H$9:$V$272,15,FALSE),"") | J19: Gasoil | K19: =IF(Tabla112[[#This Row],[Insumos]]="","",_xlfn.XLOOKUP(Tabla112[[#This Row],[Insumos]],[1]!Tabla10[Insumo],[1]!Tabla10[InsumoAbrev],"",0)) -> #REF! | L19: Galones de Gasoil Regular | M19: =IF(Tabla112[[#This Row],[Descripción]]="","",_xlfn.XLOOKUP(Tabla112[[#This Row],[Descripción]],[1]!Tabla10[Descripción],[1]!Tabla10[Unidad de Medida],"",0)) -> #REF! | N19: 290 | O19: =IF(Tabla112[[#This Row],[Descripción]]="","",_xlfn.XLOOKUP(Tabla112[[#This Row],[Descripción]],[1]!Tabla10[Descripción],[1]!Tabla10[Precio Unitario],0)) -> #REF! | P19: =IF(Tabla112[[#This Row],[Cantidad de Insumos]]="","",Tabla112[[#This Row],[Precio Unitario]]*Tabla112[[#This Row],[Cantidad de Insumos]]) -> #REF! | Q19: =IF(Tabla112[[#This Row],[Descripción]]="","",_xlfn.XLOOKUP(Tabla112[[#This Row],[Descripción]],[1]!Tabla10[Descripción],[1]!Tabla10[CODIGO PRESUPUESTARIO],0)) -> #REF!
B20: =IF('Formulario PPGR3 '!$G20="","",CONCATENATE('Formulario PPGR3 '!$C20,".",'Formulario PPGR3 '!$D20,".",'Formulario PPGR3 '!$E20,".",'Formulario PPGR3 '!$F20)) -> #REF! | C20: =IF('Formulario PPGR3 '!$G20="","",'[1]Formulario PPGR1'!#REF!) -> #REF! | D20: =IF('Formulario PPGR3 '!$G20="","",'[1]Formulario PPGR1'!#REF!) -> #REF! | E20: =IF('Formulario PPGR3 '!$G20="","",'[1]Formulario PPGR1'!#REF!) -> #REF! | F20: =IF('Formulario PPGR3 '!$G20="","",'[1]Formulario PPGR1'!#REF!) -> #REF! | G20: 3.2.1.1.01 | H20: =IF(Tabla112[[#This Row],[Código_Actividad]]="","",_xlfn.XLOOKUP(Tabla112[[#This Row],[Código_Actividad]],[1]!Tabla2[Código],[1]!Tabla2[Actividades Programables Presupuestables],"",0)) -> #REF! | I20: =IFERROR(VLOOKUP('Formulario PPGR3 '!$G20,'[1]Formulario PPGR2'!$H$9:$V$272,15,FALSE),"") -> 1 | J20: Gasoil | K20: =IF(Tabla112[[#This Row],[Insumos]]="","",_xlfn.XLOOKUP(Tabla112[[#This Row],[Insumos]],[1]!Tabla10[Insumo],[1]!Tabla10[InsumoAbrev],"",0)) -> #REF! | L20: Galones de Gasoil Regular | M20: =IF(Tabla112[[#This Row],[Descripción]]="","",_xlfn.XLOOKUP(Tabla112[[#This Row],[Descripción]],[1]!Tabla10[Descripción],[1]!Tabla10[Unidad de Medida],"",0)) -> #REF! | N20: 40 | O20: =IF(Tabla112[[#This Row],[Descripción]]="","",_xlfn.XLOOKUP(Tabla112[[#This Row],[Descripción]],[1]!Tabla10[Descripción],[1]!Tabla10[Precio Unitario],0)) -> #REF! | P20: =IF(Tabla112[[#This Row],[Cantidad de Insumos]]="","",Tabla112[[#This Row],[Precio Unitario]]*Tabla112[[#This Row],[Cantidad de Insumos]]) -> #REF! | Q20: =IF(Tabla112[[#This Row],[Descripción]]="","",_xlfn.XLOOKUP(Tabla112[[#This Row],[Descripción]],[1]!Tabla10[Descripción],[1]!Tabla10[CODIGO PRESUPUESTARIO],0)) -> #REF!
B21: =IF('Formulario PPGR3 '!$G21="","",CONCATENATE('Formulario PPGR3 '!$C21,".",'Formulario PPGR3 '!$D21,".",'Formulario PPGR3 '!$E21,".",'Formulario PPGR3 '!$F21)) | C21: =IF('Formulario PPGR3 '!$G21="","",'[1]Formulario PPGR1'!#REF!) | D21: =IF('Formulario PPGR3 '!$G21="","",'[1]Formulario PPGR1'!#REF!) | E21: =IF('Formulario PPGR3 '!$G21="","",'[1]Formulario PPGR1'!#REF!) | F21: =IF('Formulario PPGR3 '!$G21="","",'[1]Formulario PPGR1'!#REF!) | H21: =IF(Tabla112[[#This Row],[Código_Actividad]]="","",_xlfn.XLOOKUP(Tabla112[[#This Row],[Código_Actividad]],[1]!Tabla2[Código],[1]!Tabla2[Actividades Programables Presupuestables],"",0)) | I21: =IFERROR(VLOOKUP('Formulario PPGR3 '!$G21,'[1]Formulario PPGR2'!$H$9:$V$272,15,FALSE),"") | J21: Viáticos dentro del país | K21: =IF(Tabla112[[#This Row],[Insumos]]="","",_xlfn.XLOOKUP(Tabla112[[#This Row],[Insumos]],[1]!Tabla10[Insumo],[1]!Tabla10[InsumoAbrev],"",0)) -> #REF! | L21: Viaticos Chofer sin Hospedaje | M21: =IF(Tabla112[[#This Row],[Descripción]]="","",_xlfn.XLOOKUP(Tabla112[[#This Row],[Descripción]],[1]!Tabla10[Descripción],[1]!Tabla10[Unidad de Medida],"",0)) -> #REF! | N21: 2 | O21: =IF(Tabla112[[#This Row],[Descripción]]="","",_xlfn.XLOOKUP(Tabla112[[#This Row],[Descripción]],[1]!Tabla10[Descripción],[1]!Tabla10[Precio Unitario],0)) -> #REF! | P21: =IF(Tabla112[[#This Row],[Cantidad de Insumos]]="","",Tabla112[[#This Row],[Precio Unitario]]*Tabla112[[#This Row],[Cantidad de Insumos]]) -> #REF! | Q21: =IF(Tabla112[[#This Row],[Descripción]]="","",_xlfn.XLOOKUP(Tabla112[[#This Row],[Descripción]],[1]!Tabla10[Descripción],[1]!Tabla10[CODIGO PRESUPUESTARIO],0)) -> #REF!
B22: =IF('Formulario PPGR3 '!$G22="","",CONCATENATE('Formulario PPGR3 '!$C22,".",'Formulario PPGR3 '!$D22,".",'Formulario PPGR3 '!$E22,".",'Formulario PPGR3 '!$F22)) | C22: =IF('Formulario PPGR3 '!$G22="","",'[1]Formulario PPGR1'!#REF!) | D22: =IF('Formulario PPGR3 '!$G22="","",'[1]Formulario PPGR1'!#REF!) | E22: =IF('Formulario PPGR3 '!$G22="","",'[1]Formulario PPGR1'!#REF!) | F22: =IF('Formulario PPGR3 '!$G22="","",'[1]Formulario PPGR1'!#REF!) | H22: =IF(Tabla112[[#This Row],[Código_Actividad]]="","",_xlfn.XLOOKUP(Tabla112[[#This Row],[Código_Actividad]],[1]!Tabla2[Código],[1]!Tabla2[Actividades Programables Presupuestables],"",0)) | I22: =IFERROR(VLOOKUP('Formulario PPGR3 '!$G22,'[1]Formulario PPGR2'!$H$9:$V$272,15,FALSE),"") | J22: Viáticos dentro del país | K22: =IF(Tabla112[[#This Row],[Insumos]]="","",_xlfn.XLOOKUP(Tabla112[[#This Row],[Insumos]],[1]!Tabla10[Insumo],[1]!Tabla10[InsumoAbrev],"",0)) -> #REF! | L22: Viaticos Técnicos sin Hospedaje | M22: =IF(Tabla112[[#This Row],[Descripción]]="","",_xlfn.XLOOKUP(Tabla112[[#This Row],[Descripción]],[1]!Tabla10[Descripción],[1]!Tabla10[Unidad de Medida],"",0)) -> #REF! | N22: 2 | O22: =IF(Tabla112[[#This Row],[Descripción]]="","",_xlfn.XLOOKUP(Tabla112[[#This Row],[Descripción]],[1]!Tabla10[Descripción],[1]!Tabla10[Precio Unitario],0)) -> #REF! | P22: =IF(Tabla112[[#This Row],[Cantidad de Insumos]]="","",Tabla112[[#This Row],[Precio Unitario]]*Tabla112[[#This Row],[Cantidad de Insumos]]) -> #REF! | Q22: =IF(Tabla112[[#This Row],[Descripción]]="","",_xlfn.XLOOKUP(Tabla112[[#This Row],[Descripción]],[1]!Tabla10[Descripción],[1]!Tabla10[CODIGO PRESUPUESTARIO],0)) -> #REF!
B23: =IF('Formulario PPGR3 '!$G23="","",CONCATENATE('Formulario PPGR3 '!$C23,".",'Formulario PPGR3 '!$D23,".",'Formulario PPGR3 '!$E23,".",'Formulario PPGR3 '!$F23)) | C23: =IF('Formulario PPGR3 '!$G23="","",'[1]Formulario PPGR1'!#REF!) | D23: =IF('Formulario PPGR3 '!$G23="","",'[1]Formulario PPGR1'!#REF!) | E23: =IF('Formulario PPGR3 '!$G23="","",'[1]Formulario PPGR1'!#REF!) | F23: =IF('Formulario PPGR3 '!$G23="","",'[1]Formulario PPGR1'!#REF!) | H23: =IF(Tabla112[[#This Row],[Código_Actividad]]="","",_xlfn.XLOOKUP(Tabla112[[#This Row],[Código_Actividad]],[1]!Tabla2[Código],[1]!Tabla2[Actividades Programables Presupuestables],"",0)) | I23: =IFERROR(VLOOKUP('Formulario PPGR3 '!$G23,'[1]Formulario PPGR2'!$H$9:$V$272,15,FALSE),"") | J23: Viáticos dentro del país | K23: =IF(Tabla112[[#This Row],[Insumos]]="","",_xlfn.XLOOKUP(Tabla112[[#This Row],[Insumos]],[1]!Tabla10[Insumo],[1]!Tabla10[InsumoAbrev],"",0)) -> #REF! | L23: Viaticos Profesionales sin Hospedaje | M23: =IF(Tabla112[[#This Row],[Descripción]]="","",_xlfn.XLOOKUP(Tabla112[[#This Row],[Descripción]],[1]!Tabla10[Descripción],[1]!Tabla10[Unidad de Medida],"",0)) -> #REF! | N23: 2 | O23: =IF(Tabla112[[#This Row],[Descripción]]="","",_xlfn.XLOOKUP(Tabla112[[#This Row],[Descripción]],[1]!Tabla10[Descripción],[1]!Tabla10[Precio Unitario],0)) -> #REF! | P23: =IF(Tabla112[[#This Row],[Cantidad de Insumos]]="","",Tabla112[[#This Row],[Precio Unitario]]*Tabla112[[#This Row],[Cantidad de Insumos]]) -> #REF! | Q23: =IF(Tabla112[[#This Row],[Descripción]]="","",_xlfn.XLOOKUP(Tabla112[[#This Row],[Descripción]],[1]!Tabla10[Descripción],[1]!Tabla10[CODIGO PRESUPUESTARIO],0)) -> #REF!
B24: =IF('Formulario PPGR3 '!$G24="","",CONCATENATE('Formulario PPGR3 '!$C24,".",'Formulario PPGR3 '!$D24,".",'Formulario PPGR3 '!$E24,".",'Formulario PPGR3 '!$F24)) | C24: =IF('Formulario PPGR3 '!$G24="","",'[1]Formulario PPGR1'!#REF!) | D24: =IF('Formulario PPGR3 '!$G24="","",'[1]Formulario PPGR1'!#REF!) | E24: =IF('Formulario PPGR3 '!$G24="","",'[1]Formulario PPGR1'!#REF!) | F24: =IF('Formulario PPGR3 '!$G24="","",'[1]Formulario PPGR1'!#REF!) | H24: =IF(Tabla112[[#This Row],[Código_Actividad]]="","",_xlfn.XLOOKUP(Tabla112[[#This Row],[Código_Actividad]],[1]!Tabla2[Código],[1]!Tabla2[Actividades Programables Presupuestables],"",0)) | I24: =IFERROR(VLOOKUP('Formulario PPGR3 '!$G24,'[1]Formulario PPGR2'!$H$9:$V$272,15,FALSE),"") | J24: Alimentos y bebidas para personas | K24: =IF(Tabla112[[#This Row],[Insumos]]="","",_xlfn.XLOOKUP(Tabla112[[#This Row],[Insumos]],[1]!Tabla10[Insumo],[1]!Tabla10[InsumoAbrev],"",0)) -> #REF! | L24: Almuerzo tipo Buffet para 40 personas (Cristalería, Cuberteria, Mesas, Sillas, Manteles, Servilletas) | M24: =IF(Tabla112[[#This Row],[Descripción]]="","",_xlfn.XLOOKUP(Tabla112[[#This Row],[Descripción]],[1]!Tabla10[Descripción],[1]!Tabla10[Unidad de Medida],"",0)) -> #REF! | N24: 2 | O24: =IF(Tabla112[[#This Row],[Descripción]]="","",_xlfn.XLOOKUP(Tabla112[[#This Row],[Descripción]],[1]!Tabla10[Descripción],[1]!Tabla10[Precio Unitario],0)) -> #REF! | P24: =IF(Tabla112[[#This Row],[Cantidad de Insumos]]="","",Tabla112[[#This Row],[Precio Unitario]]*Tabla112[[#This Row],[Cantidad de Insumos]]) -> #REF! | Q24: =IF(Tabla112[[#This Row],[Descripción]]="","",_xlfn.XLOOKUP(Tabla112[[#This Row],[Descripción]],[1]!Tabla10[Descripción],[1]!Tabla10[CODIGO PRESUPUESTARIO],0)) -> #REF!
B25: =IF('Formulario PPGR3 '!$G25="","",CONCATENATE('Formulario PPGR3 '!$C25,".",'Formulario PPGR3 '!$D25,".",'Formulario PPGR3 '!$E25,".",'Formulario PPGR3 '!$F25)) -> #REF! | C25: =IF('Formulario PPGR3 '!$G25="","",'[1]Formulario PPGR1'!#REF!) -> #REF! | D25: =IF('Formulario PPGR3 '!$G25="","",'[1]Formulario PPGR1'!#REF!) -> #REF! | E25: =IF('Formulario PPGR3 '!$G25="","",'[1]Formulario PPGR1'!#REF!) -> #REF! | F25: =IF('Formulario PPGR3 '!$G25="","",'[1]Formulario PPGR1'!#REF!) -> #REF! | G25: 3.7.1.2.09 | H25: =IF(Tabla112[[#This Row],[Código_Actividad]]="","",_xlfn.XLOOKUP(Tabla112[[#This Row],[Código_Actividad]],[1]!Tabla2[Código],[1]!Tabla2[Actividades Programables Presupuestables],"",0)) -> #REF! | I25: =IFERROR(VLOOKUP('Formulario PPGR3 '!$G25,'[1]Formulario PPGR2'!$H$9:$V$272,15,FALSE),"") -> 2 | J25: Gasoil | K25: =IF(Tabla112[[#This Row],[Insumos]]="","",_xlfn.XLOOKUP(Tabla112[[#This Row],[Insumos]],[1]!Tabla10[Insumo],[1]!Tabla10[InsumoAbrev],"",0)) -> #REF! | L25: Galones de Gasoil Regular | M25: =IF(Tabla112[[#This Row],[Descripción]]="","",_xlfn.XLOOKUP(Tabla112[[#This Row],[Descripción]],[1]!Tabla10[Descripción],[1]!Tabla10[Unidad de Medida],"",0)) -> #REF! | N25: 40 | O25: =IF(Tabla112[[#This Row],[Descripción]]="","",_xlfn.XLOOKUP(Tabla112[[#This Row],[Descripción]],[1]!Tabla10[Descripción],[1]!Tabla10[Precio Unitario],0)) -> #REF! | P25: =IF(Tabla112[[#This Row],[Cantidad de Insumos]]="","",Tabla112[[#This Row],[Precio Unitario]]*Tabla112[[#This Row],[Cantidad de Insumos]]) -> #REF! | Q25: =IF(Tabla112[[#This Row],[Descripción]]="","",_xlfn.XLOOKUP(Tabla112[[#This Row],[Descripción]],[1]!Tabla10[Descripción],[1]!Tabla10[CODIGO PRESUPUESTARIO],0)) -> #REF!
B26: =IF('Formulario PPGR3 '!$G26="","",CONCATENATE('Formulario PPGR3 '!$C26,".",'Formulario PPGR3 '!$D26,".",'Formulario PPGR3 '!$E26,".",'Formulario PPGR3 '!$F26)) | C26: =IF('Formulario PPGR3 '!$G26="","",'[1]Formulario PPGR1'!#REF!) | D26: =IF('Formulario PPGR3 '!$G26="","",'[1]Formulario PPGR1'!#REF!) | E26: =IF('Formulario PPGR3 '!$G26="","",'[1]Formulario PPGR1'!#REF!) | F26: =IF('Formulario PPGR3 '!$G26="","",'[1]Formulario PPGR1'!#REF!) | H26: =IF(Tabla112[[#This Row],[Código_Actividad]]="","",_xlfn.XLOOKUP(Tabla112[[#This Row],[Código_Actividad]],[1]!Tabla2[Código],[1]!Tabla2[Actividades Programables Presupuestables],"",0)) | I26: =IFERROR(VLOOKUP('Formulario PPGR3 '!$G26,'[1]Formulario PPGR2'!$H$9:$V$272,15,FALSE),"") | J26: Viáticos dentro del país | K26: =IF(Tabla112[[#This Row],[Insumos]]="","",_xlfn.XLOOKUP(Tabla112[[#This Row],[Insumos]],[1]!Tabla10[Insumo],[1]!Tabla10[InsumoAbrev],"",0)) -> #REF! | L26: Viaticos Chofer sin Hospedaje | M26: =IF(Tabla112[[#This Row],[Descripción]]="","",_xlfn.XLOOKUP(Tabla112[[#This Row],[Descripción]],[1]!Tabla10[Descripción],[1]!Tabla10[Unidad de Medida],"",0)) -> #REF! | N26: 4 | O26: =IF(Tabla112[[#This Row],[Descripción]]="","",_xlfn.XLOOKUP(Tabla112[[#This Row],[Descripción]],[1]!Tabla10[Descripción],[1]!Tabla10[Precio Unitario],0)) -> #REF! | P26: =IF(Tabla112[[#This Row],[Cantidad de Insumos]]="","",Tabla112[[#This Row],[Precio Unitario]]*Tabla112[[#This Row],[Cantidad de Insumos]]) -> #REF! | Q26: =IF(Tabla112[[#This Row],[Descripción]]="","",_xlfn.XLOOKUP(Tabla112[[#This Row],[Descripción]],[1]!Tabla10[Descripción],[1]!Tabla10[CODIGO PRESUPUESTARIO],0)) -> #REF!
B27: =IF('Formulario PPGR3 '!$G27="","",CONCATENATE('Formulario PPGR3 '!$C27,".",'Formulario PPGR3 '!$D27,".",'Formulario PPGR3 '!$E27,".",'Formulario PPGR3 '!$F27)) | C27: =IF('Formulario PPGR3 '!$G27="","",'[1]Formulario PPGR1'!#REF!) | D27: =IF('Formulario PPGR3 '!$G27="","",'[1]Formulario PPGR1'!#REF!) | E27: =IF('Formulario PPGR3 '!$G27="","",'[1]Formulario PPGR1'!#REF!) | F27: =IF('Formulario PPGR3 '!$G27="","",'[1]Formulario PPGR1'!#REF!) | H27: =IF(Tabla112[[#This Row],[Código_Actividad]]="","",_xlfn.XLOOKUP(Tabla112[[#This Row],[Código_Actividad]],[1]!Tabla2[Código],[1]!Tabla2[Actividades Programables Presupuestables],"",0)) | I27: =IFERROR(VLOOKUP('Formulario PPGR3 '!$G27,'[1]Formulario PPGR2'!$H$9:$V$272,15,FALSE),"") | J27: Viáticos dentro del país | K27: =IF(Tabla112[[#This Row],[Insumos]]="","",_xlfn.XLOOKUP(Tabla112[[#This Row],[Insumos]],[1]!Tabla10[Insumo],[1]!Tabla10[InsumoAbrev],"",0)) -> #REF! | L27: Viaticos Encargados Secciones/Coordinadores Hospedaje | M27: =IF(Tabla112[[#This Row],[Descripción]]="","",_xlfn.XLOOKUP(Tabla112[[#This Row],[Descripción]],[1]!Tabla10[Descripción],[1]!Tabla10[Unidad de Medida],"",0)) -> #REF! | N27: 40 | O27: =IF(Tabla112[[#This Row],[Descripción]]="","",_xlfn.XLOOKUP(Tabla112[[#This Row],[Descripción]],[1]!Tabla10[Descripción],[1]!Tabla10[Precio Unitario],0)) -> #REF! | P27: =IF(Tabla112[[#This Row],[Cantidad de Insumos]]="","",Tabla112[[#This Row],[Precio Unitario]]*Tabla112[[#This Row],[Cantidad de Insumos]]) -> #REF! | Q27: =IF(Tabla112[[#This Row],[Descripción]]="","",_xlfn.XLOOKUP(Tabla112[[#This Row],[Descripción]],[1]!Tabla10[Descripción],[1]!Tabla10[CODIGO PRESUPUESTARIO],0)) -> #REF!
B28: =IF('Formulario PPGR3 '!$G28="","",CONCATENATE('Formulario PPGR3 '!$C28,".",'Formulario PPGR3 '!$D28,".",'Formulario PPGR3 '!$E28,".",'Formulario PPGR3 '!$F28)) | E28: =IF('Formulario PPGR3 '!$G28="","",'[1]Formulario PPGR1'!#REF!) | F28: =IF('Formulario PPGR3 '!$G28="","",'[1]Formulario PPGR1'!#REF!) | H28: =IF(Tabla112[[#This Row],[Código_Actividad]]="","",_xlfn.XLOOKUP(Tabla112[[#This Row],[Código_Actividad]],[1]!Tabla2[Código],[1]!Tabla2[Actividades Programables Presupuestables],"",0)) | I28: =IFERROR(VLOOKUP('Formulario PPGR3 '!$G28,'[1]Formulario PPGR2'!$H$9:$V$272,15,FALSE),"") | J28: Alimentos y bebidas para personas | K28: =IF(Tabla112[[#This Row],[Insumos]]="","",_xlfn.XLOOKUP(Tabla112[[#This Row],[Insumos]],[1]!Tabla10[Insumo],[1]!Tabla10[InsumoAbrev],"",0)) -> #REF! | L28: Refrigerio tipo Buffet p/40 personas (5 Variedades, Cristaleria, Mantel, Tope, Bambalina, Servilletas, Hielo) | M28: =IF(Tabla112[[#This Row],[Descripción]]="","",_xlfn.XLOOKUP(Tabla112[[#This Row],[Descripción]],[1]!Tabla10[Descripción],[1]!Tabla10[Unidad de Medida],"",0)) -> #REF! | N28: 4 | O28: =IF(Tabla112[[#This Row],[Descripción]]="","",_xlfn.XLOOKUP(Tabla112[[#This Row],[Descripción]],[1]!Tabla10[Descripción],[1]!Tabla10[Precio Unitario],0)) -> #REF! | P28: =IF(Tabla112[[#This Row],[Cantidad de Insumos]]="","",Tabla112[[#This Row],[Precio Unitario]]*Tabla112[[#This Row],[Cantidad de Insumos]]) -> #REF! | Q28: =IF(Tabla112[[#This Row],[Descripción]]="","",_xlfn.XLOOKUP(Tabla112[[#This Row],[Descripción]],[1]!Tabla10[Descripción],[1]!Tabla10[CODIGO PRESUPUESTARIO],0)) -> #REF!
B29: =IF('Formulario PPGR3 '!$G29="","",CONCATENATE('Formulario PPGR3 '!$C29,".",'Formulario PPGR3 '!$D29,".",'Formulario PPGR3 '!$E29,".",'Formulario PPGR3 '!$F29)) | C29: =IF('Formulario PPGR3 '!$G29="","",'[1]Formulario PPGR1'!#REF!) | D29: =IF('Formulario PPGR3 '!$G29="","",'[1]Formulario PPGR1'!#REF!) | E29: =IF('Formulario PPGR3 '!$G29="","",'[1]Formulario PPGR1'!#REF!) | F29: =IF('Formulario PPGR3 '!$G29="","",'[1]Formulario PPGR1'!#REF!) | H29: =IF(Tabla112[[#This Row],[Código_Actividad]]="","",_xlfn.XLOOKUP(Tabla112[[#This Row],[Código_Actividad]],[1]!Tabla2[Código],[1]!Tabla2[Actividades Programables Presupuestables],"",0)) | I29: =IFERROR(VLOOKUP('Formulario PPGR3 '!$G29,'[1]Formulario PPGR2'!$H$9:$V$272,15,FALSE),"") | K29: =IF(Tabla112[[#This Row],[Insumos]]="","",_xlfn.XLOOKUP(Tabla112[[#This Row],[Insumos]],[1]!Tabla10[Insumo],[1]!Tabla10[InsumoAbrev],"",0)) | L29: Almuerzo tipo Buffet para 40 personas (Cristalería, Cuberteria, Mesas, Sillas, Manteles, Servilletas) | M29: =IF(Tabla112[[#This Row],[Descripción]]="","",_xlfn.XLOOKUP(Tabla112[[#This Row],[Descripción]],[1]!Tabla10[Descripción],[1]!Tabla10[Unidad de Medida],"",0)) -> #REF! | N29: 2 | O29: =IF(Tabla112[[#This Row],[Descripción]]="","",_xlfn.XLOOKUP(Tabla112[[#This Row],[Descripción]],[1]!Tabla10[Descripción],[1]!Tabla10[Precio Unitario],0)) -> #REF! | P29: =IF(Tabla112[[#This Row],[Cantidad de Insumos]]="","",Tabla112[[#This Row],[Precio Unitario]]*Tabla112[[#This Row],[Cantidad de Insumos]]) -> #REF! | Q29: =IF(Tabla112[[#This Row],[Descripción]]="","",_xlfn.XLOOKUP(Tabla112[[#This Row],[Descripción]],[1]!Tabla10[Descripción],[1]!Tabla10[CODIGO PRESUPUESTARIO],0)) -> #REF!
B30: =IF('Formulario PPGR3 '!$G30="","",CONCATENATE('Formulario PPGR3 '!$C30,".",'Formulario PPGR3 '!$D30,".",'Formulario PPGR3 '!$E30,".",'Formulario PPGR3 '!$F30)) -> #REF! | C30: =IF('Formulario PPGR3 '!$G30="","",'[1]Formulario PPGR1'!#REF!) -> #REF! | D30: =IF('Formulario PPGR3 '!$G30="","",'[1]Formulario PPGR1'!#REF!) -> #REF! | E30: =IF('Formulario PPGR3 '!$G30="","",'[1]Formulario PPGR1'!#REF!) -> #REF! | F30: =IF('Formulario PPGR3 '!$G30="","",'[1]Formulario PPGR1'!#REF!) -> #REF! | G30: 3.7.1.3.01 | H30: =IF(Tabla112[[#This Row],[Código_Actividad]]="","",_xlfn.XLOOKUP(Tabla112[[#This Row],[Código_Actividad]],[1]!Tabla2[Código],[1]!Tabla2[Actividades Programables Presupuestables],"",0)) -> #REF! | I30: =IFERROR(VLOOKUP('Formulario PPGR3 '!$G30,'[1]Formulario PPGR2'!$H$9:$V$272,15,FALSE),"") -> 4 | J30: Gasoil | K30: =IF(Tabla112[[#This Row],[Insumos]]="","",_xlfn.XLOOKUP(Tabla112[[#This Row],[Insumos]],[1]!Tabla10[Insumo],[1]!Tabla10[InsumoAbrev],"",0)) -> #REF! | L30: Galones de Gasoil Regular | M30: =IF(Tabla112[[#This Row],[Descripción]]="","",_xlfn.XLOOKUP(Tabla112[[#This Row],[Descripción]],[1]!Tabla10[Descripción],[1]!Tabla10[Unidad de Medida],"",0)) -> #REF! | N30: 80 | O30: =IF(Tabla112[[#This Row],[Descripción]]="","",_xlfn.XLOOKUP(Tabla112[[#This Row],[Descripción]],[1]!Tabla10[Descripción],[1]!Tabla10[Precio Unitario],0)) -> #REF! | P30: =IF(Tabla112[[#This Row],[Cantidad de Insumos]]="","",Tabla112[[#This Row],[Precio Unitario]]*Tabla112[[#This Row],[Cantidad de Insumos]]) -> #REF! | Q30: =IF(Tabla112[[#This Row],[Descripción]]="","",_xlfn.XLOOKUP(Tabla112[[#This Row],[Descripción]],[1]!Tabla10[Descripción],[1]!Tabla10[CODIGO PRESUPUESTARIO],0)) -> #REF!
B31: =IF('Formulario PPGR3 '!$G31="","",CONCATENATE('Formulario PPGR3 '!$C31,".",'Formulario PPGR3 '!$D31,".",'Formulario PPGR3 '!$E31,".",'Formulario PPGR3 '!$F31)) | C31: =IF('Formulario PPGR3 '!$G31="","",'[1]Formulario PPGR1'!#REF!) | D31: =IF('Formulario PPGR3 '!$G31="","",'[1]Formulario PPGR1'!#REF!) | E31: =IF('Formulario PPGR3 '!$G31="","",'[1]Formulario PPGR1'!#REF!) | F31: =IF('Formulario PPGR3 '!$G31="","",'[1]Formulario PPGR1'!#REF!) | H31: =IF(Tabla112[[#This Row],[Código_Actividad]]="","",_xlfn.XLOOKUP(Tabla112[[#This Row],[Código_Actividad]],[1]!Tabla2[Código],[1]!Tabla2[Actividades Programables Presupuestables],"",0)) | I31: =IFERROR(VLOOKUP('Formulario PPGR3 '!$G31,'[1]Formulario PPGR2'!$H$9:$V$272,15,FALSE),"") | J31: Viáticos dentro del país | K31: =IF(Tabla112[[#This Row],[Insumos]]="","",_xlfn.XLOOKUP(Tabla112[[#This Row],[Insumos]],[1]!Tabla10[Insumo],[1]!Tabla10[InsumoAbrev],"",0)) -> #REF! | L31: Viaticos Chofer sin Hospedaje | M31: =IF(Tabla112[[#This Row],[Descripción]]="","",_xlfn.XLOOKUP(Tabla112[[#This Row],[Descripción]],[1]!Tabla10[Descripción],[1]!Tabla10[Unidad de Medida],"",0)) -> #REF! | N31: 4 | O31: =IF(Tabla112[[#This Row],[Descripción]]="","",_xlfn.XLOOKUP(Tabla112[[#This Row],[Descripción]],[1]!Tabla10[Descripción],[1]!Tabla10[Precio Unitario],0)) -> #REF! | P31: =IF(Tabla112[[#This Row],[Cantidad de Insumos]]="","",Tabla112[[#This Row],[Precio Unitario]]*Tabla112[[#This Row],[Cantidad de Insumos]]) -> #REF! | Q31: =IF(Tabla112[[#This Row],[Descripción]]="","",_xlfn.XLOOKUP(Tabla112[[#This Row],[Descripción]],[1]!Tabla10[Descripción],[1]!Tabla10[CODIGO PRESUPUESTARIO],0)) -> #REF!
B32: =IF('Formulario PPGR3 '!$G32="","",CONCATENATE('Formulario PPGR3 '!$C32,".",'Formulario PPGR3 '!$D32,".",'Formulario PPGR3 '!$E32,".",'Formulario PPGR3 '!$F32)) | C32: =IF('Formulario PPGR3 '!$G32="","",'[1]Formulario PPGR1'!#REF!) | D32: =IF('Formulario PPGR3 '!$G32="","",'[1]Formulario PPGR1'!#REF!) | E32: =IF('Formulario PPGR3 '!$G32="","",'[1]Formulario PPGR1'!#REF!) | F32: =IF('Formulario PPGR3 '!$G32="","",'[1]Formulario PPGR1'!#REF!) | H32: =IF(Tabla112[[#This Row],[Código_Actividad]]="","",_xlfn.XLOOKUP(Tabla112[[#This Row],[Código_Actividad]],[1]!Tabla2[Código],[1]!Tabla2[Actividades Programables Presupuestables],"",0)) | I32: =IFERROR(VLOOKUP('Formulario PPGR3 '!$G32,'[1]Formulario PPGR2'!$H$9:$V$272,15,FALSE),"") | J32: Viáticos dentro del país | K32: =IF(Tabla112[[#This Row],[Insumos]]="","",_xlfn.XLOOKUP(Tabla112[[#This Row],[Insumos]],[1]!Tabla10[Insumo],[1]!Tabla10[InsumoAbrev],"",0)) -> #REF! | L32: Viaticos Técnicos sin Hospedaje | M32: =IF(Tabla112[[#This Row],[Descripción]]="","",_xlfn.XLOOKUP(Tabla112[[#This Row],[Descripción]],[1]!Tabla10[Descripción],[1]!Tabla10[Unidad de Medida],"",0)) -> #REF! | N32: 4 | O32: =IF(Tabla112[[#This Row],[Descripción]]="","",_xlfn.XLOOKUP(Tabla112[[#This Row],[Descripción]],[1]!Tabla10[Descripción],[1]!Tabla10[Precio Unitario],0)) -> #REF! | P32: =IF(Tabla112[[#This Row],[Cantidad de Insumos]]="","",Tabla112[[#This Row],[Precio Unitario]]*Tabla112[[#This Row],[Cantidad de Insumos]]) -> #REF! | Q32: =IF(Tabla112[[#This Row],[Descripción]]="","",_xlfn.XLOOKUP(Tabla112[[#This Row],[Descripción]],[1]!Tabla10[Descripción],[1]!Tabla10[CODIGO PRESUPUESTARIO],0)) -> #REF!
B33: =IF('Formulario PPGR3 '!$G33="","",CONCATENATE('Formulario PPGR3 '!$C33,".",'Formulario PPGR3 '!$D33,".",'Formulario PPGR3 '!$E33,".",'Formulario PPGR3 '!$F33)) | C33: =IF('Formulario PPGR3 '!$G33="","",'[1]Formulario PPGR1'!#REF!) | D33: =IF('Formulario PPGR3 '!$G33="","",'[1]Formulario PPGR1'!#REF!) | E33: =IF('Formulario PPGR3 '!$G33="","",'[1]Formulario PPGR1'!#REF!) | F33: =IF('Formulario PPGR3 '!$G33="","",'[1]Formulario PPGR1'!#REF!) | H33: =IF(Tabla112[[#This Row],[Código_Actividad]]="","",_xlfn.XLOOKUP(Tabla112[[#This Row],[Código_Actividad]],[1]!Tabla2[Código],[1]!Tabla2[Actividades Programables Presupuestables],"",0)) | I33: =IFERROR(VLOOKUP('Formulario PPGR3 '!$G33,'[1]Formulario PPGR2'!$H$9:$V$272,15,FALSE),"") | J33: Viáticos dentro del país | K33: =IF(Tabla112[[#This Row],[Insumos]]="","",_xlfn.XLOOKUP(Tabla112[[#This Row],[Insumos]],[1]!Tabla10[Insumo],[1]!Tabla10[InsumoAbrev],"",0)) -> #REF! | L33: Viaticos Técnicos sin Hospedaje | M33: =IF(Tabla112[[#This Row],[Descripción]]="","",_xlfn.XLOOKUP(Tabla112[[#This Row],[Descripción]],[1]!Tabla10[Descripción],[1]!Tabla10[Unidad de Medida],"",0)) -> #REF! | N33: 4 | O33: =IF(Tabla112[[#This Row],[Descripción]]="","",_xlfn.XLOOKUP(Tabla112[[#This Row],[Descripción]],[1]!Tabla10[Descripción],[1]!Tabla10[Precio Unitario],0)) -> #REF! | P33: =IF(Tabla112[[#This Row],[Cantidad de Insumos]]="","",Tabla112[[#This Row],[Precio Unitario]]*Tabla112[[#This Row],[Cantidad de Insumos]]) -> #REF! | Q33: =IF(Tabla112[[#This Row],[Descripción]]="","",_xlfn.XLOOKUP(Tabla112[[#This Row],[Descripción]],[1]!Tabla10[Descripción],[1]!Tabla10[CODIGO PRESUPUESTARIO],0)) -> #REF!
B34: =IF('Formulario PPGR3 '!$G34="","",CONCATENATE('Formulario PPGR3 '!$C34,".",'Formulario PPGR3 '!$D34,".",'Formulario PPGR3 '!$E34,".",'Formulario PPGR3 '!$F34)) -> #REF! | C34: =IF('Formulario PPGR3 '!$G34="","",'[1]Formulario PPGR1'!#REF!) -> #REF! | D34: =IF('Formulario PPGR3 '!$G34="","",'[1]Formulario PPGR1'!#REF!) -> #REF! | E34: =IF('Formulario PPGR3 '!$G34="","",'[1]Formulario PPGR1'!#REF!) -> #REF! | F34: =IF('Formulario PPGR3 '!$G34="","",'[1]Formulario PPGR1'!#REF!) -> #REF! | G34: 3.7.1.4.01 | H34: =IF(Tabla112[[#This Row],[Código_Actividad]]="","",_xlfn.XLOOKUP(Tabla112[[#This Row],[Código_Actividad]],[1]!Tabla2[Código],[1]!Tabla2[Actividades Programables Presupuestables],"",0)) -> #REF! | I34: =IFERROR(VLOOKUP('Formulario PPGR3 '!$G34,'[1]Formulario PPGR2'!$H$9:$V$272,15,FALSE),"") -> 4 | J34: Alimentos y bebidas para personas | K34: =IF(Tabla112[[#This Row],[Insumos]]="","",_xlfn.XLOOKUP(Tabla112[[#This Row],[Insumos]],[1]!Tabla10[Insumo],[1]!Tabla10[InsumoAbrev],"",0)) -> #REF! | L34: Almuerzo tipo Buffet para 40 personas (Cristalería, Cuberteria, Mesas, Sillas, Manteles, Servilletas) | M34: =IF(Tabla112[[#This Row],[Descripción]]="","",_xlfn.XLOOKUP(Tabla112[[#This Row],[Descripción]],[1]!Tabla10[Descripción],[1]!Tabla10[Unidad de Medida],"",0)) -> #REF! | N34: 2 | O34: =IF(Tabla112[[#This Row],[Descripción]]="","",_xlfn.XLOOKUP(Tabla112[[#This Row],[Descripción]],[1]!Tabla10[Descripción],[1]!Tabla10[Precio Unitario],0)) -> #REF! | P34: =IF(Tabla112[[#This Row],[Cantidad de Insumos]]="","",Tabla112[[#This Row],[Precio Unitario]]*Tabla112[[#This Row],[Cantidad de Insumos]]) -> #REF! | Q34: =IF(Tabla112[[#This Row],[Descripción]]="","",_xlfn.XLOOKUP(Tabla112[[#This Row],[Descripción]],[1]!Tabla10[Descripción],[1]!Tabla10[CODIGO PRESUPUESTARIO],0)) -> #REF!
B35: =IF('Formulario PPGR3 '!$G35="","",CONCATENATE('Formulario PPGR3 '!$C35,".",'Formulario PPGR3 '!$D35,".",'Formulario PPGR3 '!$E35,".",'Formulario PPGR3 '!$F35)) | C35: =IF('Formulario PPGR3 '!$G35="","",'[1]Formulario PPGR1'!#REF!) | D35: =IF('Formulario PPGR3 '!$G35="","",'[1]Formulario PPGR1'!#REF!) | E35: =IF('Formulario PPGR3 '!$G35="","",'[1]Formulario PPGR1'!#REF!) | F35: =IF('Formulario PPGR3 '!$G35="","",'[1]Formulario PPGR1'!#REF!) | H35: =IF(Tabla112[[#This Row],[Código_Actividad]]="","",_xlfn.XLOOKUP(Tabla112[[#This Row],[Código_Actividad]],[1]!Tabla2[Código],[1]!Tabla2[Actividades Programables Presupuestables],"",0)) | I35: =IFERROR(VLOOKUP('Formulario PPGR3 '!$G35,'[1]Formulario PPGR2'!$H$9:$V$272,15,FALSE),"") | J35: Gasoil | K35: =IF(Tabla112[[#This Row],[Insumos]]="","",_xlfn.XLOOKUP(Tabla112[[#This Row],[Insumos]],[1]!Tabla10[Insumo],[1]!Tabla10[InsumoAbrev],"",0)) -> #REF! | L35: Galones de Gasoil Regular | M35: =IF(Tabla112[[#This Row],[Descripción]]="","",_xlfn.XLOOKUP(Tabla112[[#This Row],[Descripción]],[1]!Tabla10[Descripción],[1]!Tabla10[Unidad de Medida],"",0)) -> #REF! | N35: 80 | O35: =IF(Tabla112[[#This Row],[Descripción]]="","",_xlfn.XLOOKUP(Tabla112[[#This Row],[Descripción]],[1]!Tabla10[Descripción],[1]!Tabla10[Precio Unitario],0)) -> #REF! | P35: =IF(Tabla112[[#This Row],[Cantidad de Insumos]]="","",Tabla112[[#This Row],[Precio Unitario]]*Tabla112[[#This Row],[Cantidad de Insumos]]) -> #REF! | Q35: =IF(Tabla112[[#This Row],[Descripción]]="","",_xlfn.XLOOKUP(Tabla112[[#This Row],[Descripción]],[1]!Tabla10[Descripción],[1]!Tabla10[CODIGO PRESUPUESTARIO],0)) -> #REF!
B36: =IF('Formulario PPGR3 '!$G36="","",CONCATENATE('Formulario PPGR3 '!$C36,".",'Formulario PPGR3 '!$D36,".",'Formulario PPGR3 '!$E36,".",'Formulario PPGR3 '!$F36)) | C36: =IF('Formulario PPGR3 '!$G36="","",'[1]Formulario PPGR1'!#REF!) | D36: =IF('Formulario PPGR3 '!$G36="","",'[1]Formulario PPGR1'!#REF!) | E36: =IF('Formulario PPGR3 '!$G36="","",'[1]Formulario PPGR1'!#REF!) | F36: =IF('Formulario PPGR3 '!$G36="","",'[1]Formulario PPGR1'!#REF!) | H36: =IF(Tabla112[[#This Row],[Código_Actividad]]="","",_xlfn.XLOOKUP(Tabla112[[#This Row],[Código_Actividad]],[1]!Tabla2[Código],[1]!Tabla2[Actividades Programables Presupuestables],"",0)) | I36: =IFERROR(VLOOKUP('Formulario PPGR3 '!$G36,'[1]Formulario PPGR2'!$H$9:$V$272,15,FALSE),"") | J36: Viáticos dentro del país | K36: =IF(Tabla112[[#This Row],[Insumos]]="","",_xlfn.XLOOKUP(Tabla112[[#This Row],[Insumos]],[1]!Tabla10[Insumo],[1]!Tabla10[InsumoAbrev],"",0)) -> #REF! | L36: Viaticos Chofer sin Hospedaje | M36: =IF(Tabla112[[#This Row],[Descripción]]="","",_xlfn.XLOOKUP(Tabla112[[#This Row],[Descripción]],[1]!Tabla10[Descripción],[1]!Tabla10[Unidad de Medida],"",0)) -> #REF! | N36: 2 | O36: =IF(Tabla112[[#This Row],[Descripción]]="","",_xlfn.XLOOKUP(Tabla112[[#This Row],[Descripción]],[1]!Tabla10[Descripción],[1]!Tabla10[Precio Unitario],0)) -> #REF! | P36: =IF(Tabla112[[#This Row],[Cantidad de Insumos]]="","",Tabla112[[#This Row],[Precio Unitario]]*Tabla112[[#This Row],[Cantidad de Insumos]]) -> #REF! | Q36: =IF(Tabla112[[#This Row],[Descripción]]="","",_xlfn.XLOOKUP(Tabla112[[#This Row],[Descripción]],[1]!Tabla10[Descripción],[1]!Tabla10[CODIGO PRESUPUESTARIO],0)) -> #REF!
B37: =IF('Formulario PPGR3 '!$G37="","",CONCATENATE('Formulario PPGR3 '!$C37,".",'Formulario PPGR3 '!$D37,".",'Formulario PPGR3 '!$E37,".",'Formulario PPGR3 '!$F37)) | C37: =IF('Formulario PPGR3 '!$G37="","",'[1]Formulario PPGR1'!#REF!) | D37: =IF('Formulario PPGR3 '!$G37="","",'[1]Formulario PPGR1'!#REF!) | E37: =IF('Formulario PPGR3 '!$G37="","",'[1]Formulario PPGR1'!#REF!) | F37: =IF('Formulario PPGR3 '!$G37="","",'[1]Formulario PPGR1'!#REF!) | H37: =IF(Tabla112[[#This Row],[Código_Actividad]]="","",_xlfn.XLOOKUP(Tabla112[[#This Row],[Código_Actividad]],[1]!Tabla2[Código],[1]!Tabla2[Actividades Programables Presupuestables],"",0)) | I37: =IFERROR(VLOOKUP('Formulario PPGR3 '!$G37,'[1]Formulario PPGR2'!$H$9:$V$272,15,FALSE),"") | J37: Viáticos dentro del país | K37: =IF(Tabla112[[#This Row],[Insumos]]="","",_xlfn.XLOOKUP(Tabla112[[#This Row],[Insumos]],[1]!Tabla10[Insumo],[1]!Tabla10[InsumoAbrev],"",0)) -> #REF! | L37: Viaticos Técnicos sin Hospedaje | M37: =IF(Tabla112[[#This Row],[Descripción]]="","",_xlfn.XLOOKUP(Tabla112[[#This Row],[Descripción]],[1]!Tabla10[Descripción],[1]!Tabla10[Unidad de Medida],"",0)) -> #REF! | N37: 2 | O37: =IF(Tabla112[[#This Row],[Descripción]]="","",_xlfn.XLOOKUP(Tabla112[[#This Row],[Descripción]],[1]!Tabla10[Descripción],[1]!Tabla10[Precio Unitario],0)) -> #REF! | P37: =IF(Tabla112[[#This Row],[Cantidad de Insumos]]="","",Tabla112[[#This Row],[Precio Unitario]]*Tabla112[[#This Row],[Cantidad de Insumos]]) -> #REF! | Q37: =IF(Tabla112[[#This Row],[Descripción]]="","",_xlfn.XLOOKUP(Tabla112[[#This Row],[Descripción]],[1]!Tabla10[Descripción],[1]!Tabla10[CODIGO PRESUPUESTARIO],0)) -> #REF!
B38: =IF('Formulario PPGR3 '!$G38="","",CONCATENATE('Formulario PPGR3 '!$C38,".",'Formulario PPGR3 '!$D38,".",'Formulario PPGR3 '!$E38,".",'Formulario PPGR3 '!$F38)) | C38: =IF('Formulario PPGR3 '!$G38="","",'[1]Formulario PPGR1'!#REF!) | D38: =IF('Formulario PPGR3 '!$G38="","",'[1]Formulario PPGR1'!#REF!) | E38: =IF('Formulario PPGR3 '!$G38="","",'[1]Formulario PPGR1'!#REF!) | F38: =IF('Formulario PPGR3 '!$G38="","",'[1]Formulario PPGR1'!#REF!) | H38: =IF(Tabla112[[#This Row],[Código_Actividad]]="","",_xlfn.XLOOKUP(Tabla112[[#This Row],[Código_Actividad]],[1]!Tabla2[Código],[1]!Tabla2[Actividades Programables Presupuestables],"",0)) | I38: =IFERROR(VLOOKUP('Formulario PPGR3 '!$G38,'[1]Formulario PPGR2'!$H$9:$V$272,15,FALSE),"") | J38: Viáticos dentro del país | K38: =IF(Tabla112[[#This Row],[Insumos]]="","",_xlfn.XLOOKUP(Tabla112[[#This Row],[Insumos]],[1]!Tabla10[Insumo],[1]!Tabla10[InsumoAbrev],"",0)) -> #REF! | L38: Viaticos Técnicos sin Hospedaje | M38: =IF(Tabla112[[#This Row],[Descripción]]="","",_xlfn.XLOOKUP(Tabla112[[#This Row],[Descripción]],[1]!Tabla10[Descripción],[1]!Tabla10[Unidad de Medida],"",0)) -> #REF! | N38: 2 | O38: =IF(Tabla112[[#This Row],[Descripción]]="","",_xlfn.XLOOKUP(Tabla112[[#This Row],[Descripción]],[1]!Tabla10[Descripción],[1]!Tabla10[Precio Unitario],0)) -> #REF! | P38: =IF(Tabla112[[#This Row],[Cantidad de Insumos]]="","",Tabla112[[#This Row],[Precio Unitario]]*Tabla112[[#This Row],[Cantidad de Insumos]]) -> #REF! | Q38: =IF(Tabla112[[#This Row],[Descripción]]="","",_xlfn.XLOOKUP(Tabla112[[#This Row],[Descripción]],[1]!Tabla10[Descripción],[1]!Tabla10[CODIGO PRESUPUESTARIO],0)) -> #REF!
B39: =IF('Formulario PPGR3 '!$G39="","",CONCATENATE('Formulario PPGR3 '!$C39,".",'Formulario PPGR3 '!$D39,".",'Formulario PPGR3 '!$E39,".",'Formulario PPGR3 '!$F39)) -> #REF! | C39: =IF('Formulario PPGR3 '!$G39="","",'[1]Formulario PPGR1'!#REF!) -> #REF! | D39: =IF('Formulario PPGR3 '!$G39="","",'[1]Formulario PPGR1'!#REF!) -> #REF! | E39: =IF('Formulario PPGR3 '!$G39="","",'[1]Formulario PPGR1'!#REF!) -> #REF! | F39: =IF('Formulario PPGR3 '!$G39="","",'[1]Formulario PPGR1'!#REF!) -> #REF! | G39: 3.7.1.4.02 | H39: =IF(Tabla112[[#This Row],[Código_Actividad]]="","",_xlfn.XLOOKUP(Tabla112[[#This Row],[Código_Actividad]],[1]!Tabla2[Código],[1]!Tabla2[Actividades Programables Presupuestables],"",0)) -> #REF! | I39: =IFERROR(VLOOKUP('Formulario PPGR3 '!$G39,'[1]Formulario PPGR2'!$H$9:$V$272,15,FALSE),"") -> 1 | J39: Gasoil | K39: =IF(Tabla112[[#This Row],[Insumos]]="","",_xlfn.XLOOKUP(Tabla112[[#This Row],[Insumos]],[1]!Tabla10[Insumo],[1]!Tabla10[InsumoAbrev],"",0)) -> #REF! | L39: Galones de Gasoil Regular | M39: =IF(Tabla112[[#This Row],[Descripción]]="","",_xlfn.XLOOKUP(Tabla112[[#This Row],[Descripción]],[1]!Tabla10[Descripción],[1]!Tabla10[Unidad de Medida],"",0)) -> #REF! | N39: 40 | O39: =IF(Tabla112[[#This Row],[Descripción]]="","",_xlfn.XLOOKUP(Tabla112[[#This Row],[Descripción]],[1]!Tabla10[Descripción],[1]!Tabla10[Precio Unitario],0)) -> #REF! | P39: =IF(Tabla112[[#This Row],[Cantidad de Insumos]]="","",Tabla112[[#This Row],[Precio Unitario]]*Tabla112[[#This Row],[Cantidad de Insumos]]) -> #REF! | Q39: =IF(Tabla112[[#This Row],[Descripción]]="","",_xlfn.XLOOKUP(Tabla112[[#This Row],[Descripción]],[1]!Tabla10[Descripción],[1]!Tabla10[CODIGO PRESUPUESTARIO],0)) -> #REF!
B40: =IF('Formulario PPGR3 '!$G40="","",CONCATENATE('Formulario PPGR3 '!$C40,".",'Formulario PPGR3 '!$D40,".",'Formulario PPGR3 '!$E40,".",'Formulario PPGR3 '!$F40)) | C40: =IF('Formulario PPGR3 '!$G40="","",'[1]Formulario PPGR1'!#REF!) | D40: =IF('Formulario PPGR3 '!$G40="","",'[1]Formulario PPGR1'!#REF!) | E40: =IF('Formulario PPGR3 '!$G40="","",'[1]Formulario PPGR1'!#REF!) | F40: =IF('Formulario PPGR3 '!$G40="","",'[1]Formulario PPGR1'!#REF!) | H40: =IF(Tabla112[[#This Row],[Código_Actividad]]="","",_xlfn.XLOOKUP(Tabla112[[#This Row],[Código_Actividad]],[1]!Tabla2[Código],[1]!Tabla2[Actividades Programables Presupuestables],"",0)) | I40: =IFERROR(VLOOKUP('Formulario PPGR3 '!$G40,'[1]Formulario PPGR2'!$H$9:$V$272,15,FALSE),"") | J40: Viáticos dentro del país | K40: =IF(Tabla112[[#This Row],[Insumos]]="","",_xlfn.XLOOKUP(Tabla112[[#This Row],[Insumos]],[1]!Tabla10[Insumo],[1]!Tabla10[InsumoAbrev],"",0)) -> #REF! | L40: Viaticos Chofer sin Hospedaje | M40: =IF(Tabla112[[#This Row],[Descripción]]="","",_xlfn.XLOOKUP(Tabla112[[#This Row],[Descripción]],[1]!Tabla10[Descripción],[1]!Tabla10[Unidad de Medida],"",0)) -> #REF! | N40: 4 | O40: =IF(Tabla112[[#This Row],[Descripción]]="","",_xlfn.XLOOKUP(Tabla112[[#This Row],[Descripción]],[1]!Tabla10[Descripción],[1]!Tabla10[Precio Unitario],0)) -> #REF! | P40: =IF(Tabla112[[#This Row],[Cantidad de Insumos]]="","",Tabla112[[#This Row],[Precio Unitario]]*Tabla112[[#This Row],[Cantidad de Insumos]]) -> #REF! | Q40: =IF(Tabla112[[#This Row],[Descripción]]="","",_xlfn.XLOOKUP(Tabla112[[#This Row],[Descripción]],[1]!Tabla10[Descripción],[1]!Tabla10[CODIGO PRESUPUESTARIO],0)) -> #REF!
B41: =IF('Formulario PPGR3 '!$G41="","",CONCATENATE('Formulario PPGR3 '!$C41,".",'Formulario PPGR3 '!$D41,".",'Formulario PPGR3 '!$E41,".",'Formulario PPGR3 '!$F41)) | C41: =IF('Formulario PPGR3 '!$G41="","",'[1]Formulario PPGR1'!#REF!) | D41: =IF('Formulario PPGR3 '!$G41="","",'[1]Formulario PPGR1'!#REF!) | E41: =IF('Formulario PPGR3 '!$G41="","",'[1]Formulario PPGR1'!#REF!) | F41: =IF('Formulario PPGR3 '!$G41="","",'[1]Formulario PPGR1'!#REF!) | H41: =IF(Tabla112[[#This Row],[Código_Actividad]]="","",_xlfn.XLOOKUP(Tabla112[[#This Row],[Código_Actividad]],[1]!Tabla2[Código],[1]!Tabla2[Actividades Programables Presupuestables],"",0)) | I41: =IFERROR(VLOOKUP('Formulario PPGR3 '!$G41,'[1]Formulario PPGR2'!$H$9:$V$272,15,FALSE),"") | J41: Viáticos dentro del país | K41: =IF(Tabla112[[#This Row],[Insumos]]="","",_xlfn.XLOOKUP(Tabla112[[#This Row],[Insumos]],[1]!Tabla10[Insumo],[1]!Tabla10[InsumoAbrev],"",0)) -> #REF! | L41: Viaticos Técnicos sin Hospedaje | M41: =IF(Tabla112[[#This Row],[Descripción]]="","",_xlfn.XLOOKUP(Tabla112[[#This Row],[Descripción]],[1]!Tabla10[Descripción],[1]!Tabla10[Unidad de Medida],"",0)) -> #REF! | N41: 4 | O41: =IF(Tabla112[[#This Row],[Descripción]]="","",_xlfn.XLOOKUP(Tabla112[[#This Row],[Descripción]],[1]!Tabla10[Descripción],[1]!Tabla10[Precio Unitario],0)) -> #REF! | P41: =IF(Tabla112[[#This Row],[Cantidad de Insumos]]="","",Tabla112[[#This Row],[Precio Unitario]]*Tabla112[[#This Row],[Cantidad de Insumos]]) -> #REF! | Q41: =IF(Tabla112[[#This Row],[Descripción]]="","",_xlfn.XLOOKUP(Tabla112[[#This Row],[Descripción]],[1]!Tabla10[Descripción],[1]!Tabla10[CODIGO PRESUPUESTARIO],0)) -> #REF!
B42: =IF('Formulario PPGR3 '!$G42="","",CONCATENATE('Formulario PPGR3 '!$C42,".",'Formulario PPGR3 '!$D42,".",'Formulario PPGR3 '!$E42,".",'Formulario PPGR3 '!$F42)) | C42: =IF('Formulario PPGR3 '!$G42="","",'[1]Formulario PPGR1'!#REF!) | D42: =IF('Formulario PPGR3 '!$G42="","",'[1]Formulario PPGR1'!#REF!) | E42: =IF('Formulario PPGR3 '!$G42="","",'[1]Formulario PPGR1'!#REF!) | F42: =IF('Formulario PPGR3 '!$G42="","",'[1]Formulario PPGR1'!#REF!) | H42: =IF(Tabla112[[#This Row],[Código_Actividad]]="","",_xlfn.XLOOKUP(Tabla112[[#This Row],[Código_Actividad]],[1]!Tabla2[Código],[1]!Tabla2[Actividades Programables Presupuestables],"",0)) | I42: =IFERROR(VLOOKUP('Formulario PPGR3 '!$G42,'[1]Formulario PPGR2'!$H$9:$V$272,15,FALSE),"") | J42: Viáticos dentro del país | K42: =IF(Tabla112[[#This Row],[Insumos]]="","",_xlfn.XLOOKUP(Tabla112[[#This Row],[Insumos]],[1]!Tabla10[Insumo],[1]!Tabla10[InsumoAbrev],"",0)) -> #REF! | L42: Viaticos Técnicos sin Hospedaje | M42: =IF(Tabla112[[#This Row],[Descripción]]="","",_xlfn.XLOOKUP(Tabla112[[#This Row],[Descripción]],[1]!Tabla10[Descripción],[1]!Tabla10[Unidad de Medida],"",0)) -> #REF! | N42: 4 | O42: =IF(Tabla112[[#This Row],[Descripción]]="","",_xlfn.XLOOKUP(Tabla112[[#This Row],[Descripción]],[1]!Tabla10[Descripción],[1]!Tabla10[Precio Unitario],0)) -> #REF! | P42: =IF(Tabla112[[#This Row],[Cantidad de Insumos]]="","",Tabla112[[#This Row],[Precio Unitario]]*Tabla112[[#This Row],[Cantidad de Insumos]]) -> #REF! | Q42: =IF(Tabla112[[#This Row],[Descripción]]="","",_xlfn.XLOOKUP(Tabla112[[#This Row],[Descripción]],[1]!Tabla10[Descripción],[1]!Tabla10[CODIGO PRESUPUESTARIO],0)) -> #REF!
B43: =IF('Formulario PPGR3 '!$G43="","",CONCATENATE('Formulario PPGR3 '!$C43,".",'Formulario PPGR3 '!$D43,".",'Formulario PPGR3 '!$E43,".",'Formulario PPGR3 '!$F43)) | C43: =IF('Formulario PPGR3 '!$G43="","",'[1]Formulario PPGR1'!#REF!) | D43: =IF('Formulario PPGR3 '!$G43="","",'[1]Formulario PPGR1'!#REF!) | E43: =IF('Formulario PPGR3 '!$G43="","",'[1]Formulario PPGR1'!#REF!) | F43: =IF('Formulario PPGR3 '!$G43="","",'[1]Formulario PPGR1'!#REF!) | H43: =IF(Tabla112[[#This Row],[Código_Actividad]]="","",_xlfn.XLOOKUP(Tabla112[[#This Row],[Código_Actividad]],[1]!Tabla2[Código],[1]!Tabla2[Actividades Programables Presupuestables],"",0)) | I43: =IFERROR(VLOOKUP('Formulario PPGR3 '!$G43,'[1]Formulario PPGR2'!$H$9:$V$272,15,FALSE),"") | J43: Alimentos y bebidas para personas | K43: =IF(Tabla112[[#This Row],[Insumos]]="","",_xlfn.XLOOKUP(Tabla112[[#This Row],[Insumos]],[1]!Tabla10[Insumo],[1]!Tabla10[InsumoAbrev],"",0)) -> #REF! | L43: Almuerzo tipo Buffet para 40 personas (Cristalería, Cuberteria, Mesas, Sillas, Manteles, Servilletas) | M43: =IF(Tabla112[[#This Row],[Descripción]]="","",_xlfn.XLOOKUP(Tabla112[[#This Row],[Descripción]],[1]!Tabla10[Descripción],[1]!Tabla10[Unidad de Medida],"",0)) -> #REF! | N43: 3 | O43: =IF(Tabla112[[#This Row],[Descripción]]="","",_xlfn.XLOOKUP(Tabla112[[#This Row],[Descripción]],[1]!Tabla10[Descripción],[1]!Tabla10[Precio Unitario],0)) -> #REF! | P43: =IF(Tabla112[[#This Row],[Cantidad de Insumos]]="","",Tabla112[[#This Row],[Precio Unitario]]*Tabla112[[#This Row],[Cantidad de Insumos]]) -> #REF! | Q43: =IF(Tabla112[[#This Row],[Descripción]]="","",_xlfn.XLOOKUP(Tabla112[[#This Row],[Descripción]],[1]!Tabla10[Descripción],[1]!Tabla10[CODIGO PRESUPUESTARIO],0)) -> #REF!
B44: =IF('Formulario PPGR3 '!$G44="","",CONCATENATE('Formulario PPGR3 '!$C44,".",'Formulario PPGR3 '!$D44,".",'Formulario PPGR3 '!$E44,".",'Formulario PPGR3 '!$F44)) -> #REF! | C44: =IF('Formulario PPGR3 '!$G44="","",'[1]Formulario PPGR1'!#REF!) -> #REF! | D44: =IF('Formulario PPGR3 '!$G44="","",'[1]Formulario PPGR1'!#REF!) -> #REF! | E44: =IF('Formulario PPGR3 '!$G44="","",'[1]Formulario PPGR1'!#REF!) -> #REF! | F44: =IF('Formulario PPGR3 '!$G44="","",'[1]Formulario PPGR1'!#REF!) -> #REF! | G44: 3.7.1.5.01 | H44: =IF(Tabla112[[#This Row],[Código_Actividad]]="","",_xlfn.XLOOKUP(Tabla112[[#This Row],[Código_Actividad]],[1]!Tabla2[Código],[1]!Tabla2[Actividades Programables Presupuestables],"",0)) -> #REF! | I44: =IFERROR(VLOOKUP('Formulario PPGR3 '!$G44,'[1]Formulario PPGR2'!$H$9:$V$272,15,FALSE),"") -> 4 | J44: Gasoil | K44: =IF(Tabla112[[#This Row],[Insumos]]="","",_xlfn.XLOOKUP(Tabla112[[#This Row],[Insumos]],[1]!Tabla10[Insumo],[1]!Tabla10[InsumoAbrev],"",0)) -> #REF! | L44: Galones de Gasoil Regular | M44: =IF(Tabla112[[#This Row],[Descripción]]="","",_xlfn.XLOOKUP(Tabla112[[#This Row],[Descripción]],[1]!Tabla10[Descripción],[1]!Tabla10[Unidad de Medida],"",0)) -> #REF! | N44: 180 | O44: =IF(Tabla112[[#This Row],[Descripción]]="","",_xlfn.XLOOKUP(Tabla112[[#This Row],[Descripción]],[1]!Tabla10[Descripción],[1]!Tabla10[Precio Unitario],0)) -> #REF! | P44: =IF(Tabla112[[#This Row],[Cantidad de Insumos]]="","",Tabla112[[#This Row],[Precio Unitario]]*Tabla112[[#This Row],[Cantidad de Insumos]]) -> #REF! | Q44: =IF(Tabla112[[#This Row],[Descripción]]="","",_xlfn.XLOOKUP(Tabla112[[#This Row],[Descripción]],[1]!Tabla10[Descripción],[1]!Tabla10[CODIGO PRESUPUESTARIO],0)) -> #REF!
